Workbook

Sheet Cool'emprunt
B3: COOL'EMPRUNT V21.2
B10: LOGICIEL AUTOMATISE DE
B11: BUSINESS PLAN FINANCIER
B15: (CONCOUR BANCAIRE)

Sheet Guide_d'utilisation
A1: GUIDE D'UTILISATION
A7: 1- RENSEIGNER SOIGNESEMENT LA BASE D'INFORMATION
A9: 2-MODIFIER la partie ETUDE et STRATEGIE et l'adapter à notre entreprise
A11: 3-MODIFIER les informations à l'ouverture et l'adapter à notre entreprise
A13: 4-MODIFIER les feuilles de couleur blue et l'adapter à notre entreprise
A15: 5-imprimer les differentes parties et ranger selon le sommaire

Sheet BASE_INFORMATION
A1: BASE D'INFORMATION | F1: COOL'EMPRUNT V21.2
A3: NOM DE L'ENTREPRISE | C3: MBC
A4: CONTACT
A5: ADDRESSE
A6: N°DE COMPTE BANCAIRE | F6: LOGICIEL AUTOMATISE DE
A7: MONTANT DE L'EMPRUNT : | C7: 10000000 | M7: 0 | S7: 0 | T7: 0
A8: TAUX D'INTERET (annuel) : | C8: 0.08
A9: DUREE (mois) : | C9: 24 | F9: BUSINESS PLAN FINANCIER
A10: ANNEES à renseigner | F10: (CONCOUR BANCAIRE)
A11: ANNEE actuelle ( N ) | D11: 2025
A12: ANNEES PREVISIONNELLES
A13: N+1 | B13: N+2 | C13: N+3 | D13: N+4 | E13: N+5
A14: 2026 | B14: 2027 | C14: 2028 | D14: 2029 | E14: 2030

Sheet TABL-AMORT-EMPR_-5ans
A1: TABLEAU D'AMORTISSEMENT DE L'EMPRUNT
C2: Periode en mois : | D2: =BASE_INFORMATION!C9 -> 24 | E2: Taux d'intérèt : | F2: =BASE_INFORMATION!C8 -> 0.08
A3: Année | B3: Mois | C3: Emprunt en debut période | D3: Amortissement | E3: Intérèt | F3: Mensualité
A4: TOTAL | C4: =BASE_INFORMATION!C7:E7 -> 10000000 | D4: - | E4: - | F4: -
A5: =+'TABl-Amort-Annuel-Emprt'!A6 -> 2026 | B5: Janvier | C5: =+C4 -> 10000000 | D5: =$C$4/$D$2 -> 416666.67 | E5: =+C5*$F$2/12 -> 66666.667 | F5: =+D5+E5 -> 483333.33
B6: Fevrier | C6: =C5-D5 -> 9583333.3 | D6: =$C$4/$D$2 -> 416666.67 | E6: =+C6*$F$2/12 -> 63888.889 | F6: =+D6+E6 -> 480555.56
B7: Mars | C7: =C6-D6 -> 9166666.7 | D7: =$C$4/$D$2 -> 416666.67 | E7: =+C7*$F$2/12 -> 61111.111 | F7: =+D7+E7 -> 477777.78
B8: Avril | C8: =C7-D7 -> 8750000 | D8: =$C$4/$D$2 -> 416666.67 | E8: =+C8*$F$2/12 -> 58333.333 | F8: =+D8+E8 -> 475000
B9: Mai | C9: =C8-D8 -> 8333333.3 | D9: =$C$4/$D$2 -> 416666.67 | E9: =+C9*$F$2/12 -> 55555.556 | F9: =+D9+E9 -> 472222.22
B10: Juin | C10: =C9-D9 -> 7916666.7 | D10: =$C$4/$D$2 -> 416666.67 | E10: =+C10*$F$2/12 -> 52777.778 | F10: =+D10+E10 -> 469444.44
B11: Juillet | C11: =C10-D10 -> 7500000 | D11: =$C$4/$D$2 -> 416666.67 | E11: =+C11*$F$2/12 -> 50000 | F11: =+D11+E11 -> 466666.67
B12: Aout | C12: =C11-D11 -> 7083333.3 | D12: =$C$4/$D$2 -> 416666.67 | E12: =+C12*$F$2/12 -> 47222.222 | F12: =+D12+E12 -> 463888.89
B13: Septembre | C13: =C12-D12 -> 6666666.7 | D13: =$C$4/$D$2 -> 416666.67 | E13: =+C13*$F$2/12 -> 44444.444 | F13: =+D13+E13 -> 461111.11
B14: Octobre | C14: =C13-D13 -> 6250000 | D14: =$C$4/$D$2 -> 416666.67 | E14: =+C14*$F$2/12 -> 41666.667 | F14: =+D14+E14 -> 458333.33
B15: Novembre | C15: =C14-D14 -> 5833333.3 | D15: =$C$4/$D$2 -> 416666.67 | E15: =+C15*$F$2/12 -> 38888.889 | F15: =+D15+E15 -> 455555.56
B16: Decembre | C16: =C15-D15 -> 5416666.7 | D16: =$C$4/$D$2 -> 416666.67 | E16: =+C16*$F$2/12 -> 36111.111 | F16: =+D16+E16 -> 452777.78
A17: TOTAL | C17: =+C16 -> 5416666.7 | D17: =SUM(D5:D16) -> 5000000 | E17: =SUM(E5:E16) -> 616666.67 | F17: =SUM(F4:F16) -> 5616666.7
A18: =+'TABl-Amort-Annuel-Emprt'!A7 -> 2027 | B18: Janvier | C18: =C16-D16 -> 5000000 | D18: =$C$4/$D$2 -> 416666.67 | E18: =+C18*$F$2/12 -> 33333.333 | F18: =+D18+E18 -> 450000
B19: Fevrier | C19: =+C18-D18 -> 4583333.3 | D19: =$C$4/$D$2 -> 416666.67 | E19: =+C19*$F$2/12 -> 30555.556 | F19: =+D19+E19 -> 447222.22
B20: Mars | C20: =+C19-D19 -> 4166666.7 | D20: =$C$4/$D$2 -> 416666.67 | E20: =+C20*$F$2/12 -> 27777.778 | F20: =+D20+E20 -> 444444.44
B21: Avril | C21: =+C20-D20 -> 3750000 | D21: =$C$4/$D$2 -> 416666.67 | E21: =+C21*$F$2/12 -> 25000 | F21: =+D21+E21 -> 441666.67
B22: Mai | C22: =+C21-D21 -> 3333333.3 | D22: =$C$4/$D$2 -> 416666.67 | E22: =+C22*$F$2/12 -> 22222.222 | F22: =+D22+E22 -> 438888.89
B23: Juin | C23: =+C22-D22 -> 2916666.7 | D23: =$C$4/$D$2 -> 416666.67 | E23: =+C23*$F$2/12 -> 19444.444 | F23: =+D23+E23 -> 436111.11
B24: Juillet | C24: =+C23-D23 -> 2500000 | D24: =$C$4/$D$2 -> 416666.67 | E24: =+C24*$F$2/12 -> 16666.667 | F24: =+D24+E24 -> 433333.33
B25: Aout | C25: =+C24-D24 -> 2083333.3 | D25: =$C$4/$D$2 -> 416666.67 | E25: =+C25*$F$2/12 -> 13888.889 | F25: =+D25+E25 -> 430555.56
B26: Septembre | C26: =+C25-D25 -> 1666666.7 | D26: =$C$4/$D$2 -> 416666.67 | E26: =+C26*$F$2/12 -> 11111.111 | F26: =+D26+E26 -> 427777.78
B27: Octobre | C27: =+C26-D26 -> 1250000 | D27: =$C$4/$D$2 -> 416666.67 | E27: =+C27*$F$2/12 -> 8333.3333 | F27: =+D27+E27 -> 425000
B28: Novembre | C28: =+C27-D27 -> 833333.33 | D28: =$C$4/$D$2 -> 416666.67 | E28: =+C28*$F$2/12 -> 5555.5556 | F28: =+D28+E28 -> 422222.22
B29: Decembre | C29: =+C28-D28 -> 416666.67 | D29: =$C$4/$D$2 -> 416666.67 | E29: =+C29*$F$2/12 -> 2777.7778 | F29: =+D29+E29 -> 419444.44
A30: TOTAL | C30: =+C29 -> 416666.67 | D30: =SUM(D18:D29) -> 5000000 | E30: =SUM(E18:E29) -> 216666.67 | F30: =+D30+E30 -> 5216666.7
A31: =+'TABl-Amort-Annuel-Emprt'!A8 -> 2028 | B31: Janvier | C31: =C29-D29 -> -8.1490725e-10 | D31: =$C$4/$D$2 -> 416666.67 | E31: =+C31*$F$2/12 -> -5.432715e-12 | F31: =+D31+E31 -> 416666.67
B32: Fevrier | C32: =+C31-D31 -> -416666.67 | D32: =$C$4/$D$2 -> 416666.67 | E32: =+C32*$F$2/12 -> -2777.7778 | F32: =+D32+E32 -> 413888.89
B33: Mars | C33: =+C32-D32 -> -833333.33 | D33: =$C$4/$D$2 -> 416666.67 | E33: =+C33*$F$2/12 -> -5555.5556 | F33: =+D33+E33 -> 411111.11
B34: Avril | C34: =+C33-D33 -> -1250000 | D34: =$C$4/$D$2 -> 416666.67 | E34: =+C34*$F$2/12 -> -8333.3333 | F34: =+D34+E34 -> 408333.33
B35: Mai | C35: =+C34-D34 -> -1666666.7 | D35: =$C$4/$D$2 -> 416666.67 | E35: =+C35*$F$2/12 -> -11111.111 | F35: =+D35+E35 -> 405555.56
B36: Juin | C36: =+C35-D35 -> -2083333.3 | D36: =$C$4/$D$2 -> 416666.67 | E36: =+C36*$F$2/12 -> -13888.889 | F36: =+D36+E36 -> 402777.78
B37: Juillet | C37: =+C36-D36 -> -2500000 | D37: =$C$4/$D$2 -> 416666.67 | E37: =+C37*$F$2/12 -> -16666.667 | F37: =+D37+E37 -> 400000
B38: Aout | C38: =+C37-D37 -> -2916666.7 | D38: =$C$4/$D$2 -> 416666.67 | E38: =+C38*$F$2/12 -> -19444.444 | F38: =+D38+E38 -> 397222.22
B39: Septembre | C39: =+C38-D38 -> -3333333.3 | D39: =$C$4/$D$2 -> 416666.67 | E39: =+C39*$F$2/12 -> -22222.222 | F39: =+D39+E39 -> 394444.44
B40: Octobre | C40: =+C39-D39 -> -3750000 | D40: =$C$4/$D$2 -> 416666.67 | E40: =+C40*$F$2/12 -> -25000 | F40: =+D40+E40 -> 391666.67
B41: Novembre | C41: =+C40-D40 -> -4166666.7 | D41: =$C$4/$D$2 -> 416666.67 | E41: =+C41*$F$2/12 -> -27777.778 | F41: =+D41+E41 -> 388888.89
B42: Decembre | C42: =+C41-D41 -> -4583333.3 | D42: =$C$4/$D$2 -> 416666.67 | E42: =+C42*$F$2/12 -> -30555.556 | F42: =+D42+E42 -> 386111.11
A43: TOTAL | C43: =+C42 -> -4583333.3 | D43: =SUM(D31:D42) -> 5000000 | E43: =SUM(E31:E42) -> -183333.33 | F43: =+D43+E43 -> 4816666.7
A44: =+'TABl-Amort-Annuel-Emprt'!A9 -> 2029 | B44: Janvier | C44: =C42-D42 -> -5000000 | D44: =$C$4/$D$2 -> 416666.67 | E44: =+C44*$F$2/12 -> -33333.333 | F44: =+D44+E44 -> 383333.33
B45: Fevrier | C45: =+C44-D44 -> -5416666.7 | D45: =$C$4/$D$2 -> 416666.67 | E45: =+C45*$F$2/12 -> -36111.111 | F45: =+D45+E45 -> 380555.56
B46: Mars | C46: =+C45-D45 -> -5833333.3 | D46: =$C$4/$D$2 -> 416666.67 | E46: =+C46*$F$2/12 -> -38888.889 | F46: =+D46+E46 -> 377777.78
B47: Avril | C47: =+C46-D46 -> -6250000 | D47: =$C$4/$D$2 -> 416666.67 | E47: =+C47*$F$2/12 -> -41666.667 | F47: =+D47+E47 -> 375000
B48: Mai | C48: =+C47-D47 -> -6666666.7 | D48: =$C$4/$D$2 -> 416666.67 | E48: =+C48*$F$2/12 -> -44444.444 | F48: =+D48+E48 -> 372222.22
B49: Juin | C49: =+C48-D48 -> -7083333.3 | D49: =$C$4/$D$2 -> 416666.67 | E49: =+C49*$F$2/12 -> -47222.222 | F49: =+D49+E49 -> 369444.44
B50: Juillet | C50: =+C49-D49 -> -7500000 | D50: =$C$4/$D$2 -> 416666.67 | E50: =+C50*$F$2/12 -> -50000 | F50: =+D50+E50 -> 366666.67
B51: Aout | C51: =+C50-D50 -> -7916666.7 | D51: =$C$4/$D$2 -> 416666.67 | E51: =+C51*$F$2/12 -> -52777.778 | F51: =+D51+E51 -> 363888.89
B52: Septembre | C52: =+C51-D51 -> -8333333.3 | D52: =$C$4/$D$2 -> 416666.67 | E52: =+C52*$F$2/12 -> -55555.556 | F52: =+D52+E52 -> 361111.11
B53: Octobre | C53: =+C52-D52 -> -8750000 | D53: =$C$4/$D$2 -> 416666.67 | E53: =+C53*$F$2/12 -> -58333.333 | F53: =+D53+E53 -> 358333.33
B54: Novembre | C54: =+C53-D53 -> -9166666.7 | D54: =$C$4/$D$2 -> 416666.67 | E54: =+C54*$F$2/12 -> -61111.111 | F54: =+D54+E54 -> 355555.56
B55: Decembre | C55: =+C54-D54 -> -9583333.3 | D55: =$C$4/$D$2 -> 416666.67 | E55: =+C55*$F$2/12 -> -63888.889 | F55: =+D55+E55 -> 352777.78
A56: TOTAL | C56: =+C55 -> -9583333.3 | D56: =SUM(D44:D55) -> 5000000 | E56: =SUM(E44:E55) -> -583333.33 | F56: =+D56+E56 -> 4416666.7
A57: =+'TABl-Amort-Annuel-Emprt'!A10 -> 2030 | B57: Janvier | C57: =C55-D55 -> -10000000 | D57: =$C$4/$D$2 -> 416666.67 | E57: =+C57*$F$2/12 -> -66666.667 | F57: =+D57+E57 -> 350000
B58: Fevrier | C58: =+C57-D57 -> -10416667 | D58: =$C$4/$D$2 -> 416666.67 | E58: =+C58*$F$2/12 -> -69444.444 | F58: =+D58+E58 -> 347222.22
B59: Mars | C59: =+C58-D58 -> -10833333 | D59: =$C$4/$D$2 -> 416666.67 | E59: =+C59*$F$2/12 -> -72222.222 | F59: =+D59+E59 -> 344444.44
B60: Avril | C60: =+C59-D59 -> -11250000 | D60: =$C$4/$D$2 -> 416666.67 | E60: =+C60*$F$2/12 -> -75000 | F60: =+D60+E60 -> 341666.67
B61: Mai | C61: =+C60-D60 -> -11666667 | D61: =$C$4/$D$2 -> 416666.67 | E61: =+C61*$F$2/12 -> -77777.778 | F61: =+D61+E61 -> 338888.89
B62: Juin | C62: =+C61-D61 -> -12083333 | D62: =$C$4/$D$2 -> 416666.67 | E62: =+C62*$F$2/12 -> -80555.556 | F62: =+D62+E62 -> 336111.11
B63: Juillet | C63: =+C62-D62 -> -12500000 | D63: =$C$4/$D$2 -> 416666.67 | E63: =+C63*$F$2/12 -> -83333.333 | F63: =+D63+E63 -> 333333.33
B64: Aout | C64: =+C63-D63 -> -12916667 | D64: =$C$4/$D$2 -> 416666.67 | E64: =+C64*$F$2/12 -> -86111.111 | F64: =+D64+E64 -> 330555.56
B65: Septembre | C65: =+C64-D64 -> -13333333 | D65: =$C$4/$D$2 -> 416666.67 | E65: =+C65*$F$2/12 -> -88888.889 | F65: =+D65+E65 -> 327777.78
B66: Octobre | C66: =+C65-D65 -> -13750000 | D66: =$C$4/$D$2 -> 416666.67 | E66: =+C66*$F$2/12 -> -91666.667 | F66: =+D66+E66 -> 325000
B67: Novembre | C67: =+C66-D66 -> -14166667 | D67: =$C$4/$D$2 -> 416666.67 | E67: =+C67*$F$2/12 -> -94444.444 | F67: =+D67+E67 -> 322222.22
B68: Decembre | C68: =+C67-D67 -> -14583333 | D68: =$C$4/$D$2 -> 416666.67 | E68: =+C68*$F$2/12 -> -97222.222 | F68: =+D68+E68 -> 319444.44
A69: TOTAL | C69: =+C68 -> -14583333 | D69: =SUM(D57:D68) -> 5000000 | E69: =SUM(E57:E68) -> -983333.33 | F69: =+D69+E69 -> 4016666.7
A70: TOTAUX | D70: =+D69+D56+D43+D30+D17 -> 25000000 | E70: =+E69+E56+E43+E30+E17 -> -916666.67 | F70: =+D70+E70 -> 24083333

Sheet TABl-Amort-Annuel-Emprt
A2: 1-TABLEAU D'AMORTISSEMENT ANNUEL DE L'EMPRUNT
D3: Taux d'intérèt(an) : | E3: =BASE_INFORMATION!C8 -> 0.08
A5: ANNEES | B5: Emprunt en debut de période | C5: Amortissement | D5: Intérèt | E5: ANNUITE
A6: =+BASE_INFORMATION!A14 -> 2026 | B6: =+'TABL-AMORT-EMPR_-5ans'!C4 -> 10000000 | C6: =+'TABL-AMORT-EMPR_-5ans'!D17 -> 5000000 | D6: =+'TABL-AMORT-EMPR_-5ans'!E17 -> 616666.67 | E6: =+C6+D6 -> 5616666.7
A7: =+BASE_INFORMATION!B14 -> 2027 | B7: =+'TABL-AMORT-EMPR_-5ans'!C18 -> 5000000 | C7: =+'TABL-AMORT-EMPR_-5ans'!D30 -> 5000000 | D7: =+'TABL-AMORT-EMPR_-5ans'!E30 -> 216666.67 | E7: =+C7+D7 -> 5216666.7
A8: =+BASE_INFORMATION!C14 -> 2028 | B8: =+'TABL-AMORT-EMPR_-5ans'!C31 -> -8.1490725e-10 | C8: =+'TABL-AMORT-EMPR_-5ans'!D43 -> 5000000 | D8: =+'TABL-AMORT-EMPR_-5ans'!E43 -> -183333.33 | E8: =+C8+D8 -> 4816666.7
A9: =+BASE_INFORMATION!D14 -> 2029 | B9: =+'TABL-AMORT-EMPR_-5ans'!C44 -> -5000000 | C9: =+'TABL-AMORT-EMPR_-5ans'!D56 -> 5000000 | D9: =+'TABL-AMORT-EMPR_-5ans'!E56 -> -583333.33 | E9: =+C9+D9 -> 4416666.7
A10: =+BASE_INFORMATION!E14 -> 2030 | B10: =+'TABL-AMORT-EMPR_-5ans'!C57 -> -10000000 | C10: =+'TABL-AMORT-EMPR_-5ans'!D69 -> 5000000 | D10: =+'TABL-AMORT-EMPR_-5ans'!E69 -> -983333.33 | E10: =+C10+D10 -> 4016666.7
A11: TOTAL | C11: =SUM(C6:C10) -> 25000000 | D11: =SUM(D6:D10) -> -916666.67 | E11: =SUM(E6:E10) -> 24083333

Sheet PARTIE_etude et strategie
A8: =BASE_INFORMATION!C3 -> MBC
A10: DOSSIER DE CONCOURS BANCAIRE
A26: Par MBC
A27: (+221) 775152872
A35: SOMMAIRE
A37: Demande de prêt
A38: I-PRESENTATION
A39: 1-Présentation du Promoteur
A40: 2-Présentation de l’entreprise
A41: II-EXPLOITATION N
A42: 1-Chiffre d’affaire
A43: 2-Charges d’exploitation
A44: 3-Compte d’exploitation
... A422: proposant 15% de réduction sur verres et montures aux destinanatires du mailing

Sheet Cout total Projet
C1: 3- ÉTUDE FINANCIÈRE DU PROJET
D3: 3-1 -COÛT TOTAL ESTIMATIF DU PROJET
A5: LES INVESTISSEMENTS
A7: Libellés | F7: Quantité | H7: Prix Unitaire (FCFA) | J7: Prix Total (FCFA) | K7: Apport personnel | M7: Montant sollicité
A8: Frais de création et autres frais d'enregistrement | F8: 1 | H8: 50000 | J8: =F8*H8 -> 50000 | M8: =J8-K8 -> 50000
A9: Caution pour le local (3 mois) | F9: 3 | H9: 150000 | J9: =F9*H9 -> 450000 | M9: =J9-K9 -> 450000
A10: Travaux et aménagement | F10: 1 | H10: 1500000 | J10: =F10*H10 -> 1500000 | M10: =J10-K10 -> 1500000
A11: Mobiliers de bureau | F11: 1 | H11: 1000000 | J11: =F11*H11 -> 1000000 | M11: =J11-K11 -> 1000000
A12: Meuble de rangement | F12: 2 | H12: 100000 | J12: =F12*H12 -> 200000 | M12: =J12-K12 -> 200000
A13: Ordinateurs de bureau | F13: 2 | H13: 150000 | J13: =F13*H13 -> 300000 | M13: =J13-K13 -> 300000
A14: Imprimante/Photocopieuse/Scanneur | F14: 2 | H14: 135000 | J14: =F14*H14 -> 270000 | M14: =J14-K14 -> 270000
A15: Routeur WIFI | F15: 1 | H15: 25000 | J15: =F15*H15 -> 25000 | M15: =J15-K15 -> 25000
A16: Groupe électrogène 5 KVA | J16: =F16*H16 -> 0 | M16: =J16-K16 -> 0
A17: Tableau à marqueur | F17: 1 | H17: 25000 | J17: =F17*H17 -> 25000 | M17: =J17-K17 -> 25000
A18: Onduleur | F18: 2 | H18: 30000 | J18: =F18*H18 -> 60000 | M18: =J18-K18 -> 60000
A19: Téléphones Smartphones | F19: 2 | H19: 75000 | J19: =F19*H19 -> 150000 | M19: =J19-K19 -> 150000
A20: Vidéoprojecteur | F20: 1 | H20: 75000 | J20: =F20*H20 -> 75000 | M20: =J20-K20 -> 75000
A21: Cachets | F21: 2 | H21: 10000 | J21: =F21*H21 -> 20000 | M21: =J21-K21 -> 20000
A22: Boite à outils du Technicien informaticien | J22: =F22*H22 -> 0 | M22: =J22-K22 -> 0
J23: =F23*H23 -> 0 | M23: =J23-K23 -> 0
A24: Total INVESTISSEMENTS | F24: xxx | H24: xxx | J24: =SUM(J8:J23) -> 4125000 | K24: =SUM(K8:L23) -> 0 | M24: =SUM(M8:N23) -> 4125000
A26: NB: Les immobilisations seront amorties de façon linéaire sur 5 ans
A28: LES BESOINS EN FONDS DE ROULEMENT (BFR)
A30: Libellés | F30: Quantité | H30: Prix Unitaire (FCFA) | J30: Prix Total (FCFA) | K30: Apport personnel | M30: Montant sollicité
A31: Rames de papiers | F31: 10 | H31: 2500 | J31: =F31*H31 -> 25000 | M31: =J31-K31 -> 25000
A32: Cartouches d'encre | F32: 10 | H32: 15000 | J32: =F32*H32 -> 150000 | M32: =J32-K32 -> 150000
A33: Petits outillages de bureau | F33: 1 | H33: 100000 | J33: =F33*H33 -> 100000 | M33: =J33-K33 -> 100000
A34: Besoin en frais de gestion (30 jrs de fonctionnement) | F34: 1 | H34: 100000 | J34: =F34*H34 -> 100000 | M34: =J34-K34 -> 100000
J35: =F35*H35 -> 0 | M35: =J35-K35 -> 0
A36: Total BFR | F36: xxx | H36: xxx | J36: =SUM(J31:J35) -> 375000 | K36: =SUM(K31:L35) -> 0 | M36: =SUM(M31:N35) -> 375000
A38: TOTAL GENERAL | J38: =J24+J36 -> 4500000 | K38: =K24+K36 -> 0 | M38: =M24+M36 -> 4500000
B40: COÛT TOTAL ESTIMATIF DU PROJET = | H40: INVESTISSEMENTS + | K40: BFR | L40: =J24+J36 -> 4500000

Sheet Amorts_5ans_immobilisations
B1: 3-3 - PLAN D'AMORTISSEMENT DES IMMOBILISATIONS
A4: Plan d'amortissement sur 5 ans
A5: Désignations | D5: 0 | F5: =+BASE_INFORMATION!A14 -> 2026 | H5: =+BASE_INFORMATION!B14 -> 2027 | I5: =+BASE_INFORMATION!C14 -> 2028 | J5: =+BASE_INFORMATION!D14 -> 2029 | K5: =+BASE_INFORMATION!E14 -> 2030
A6: =+'Cout total Projet'!A8 -> Frais de création et autres frais d'enregistrement | D6: =+'Cout total Projet'!J8 -> 50000 | F6: =D6/5 -> 10000 | H6: =F6/5 -> 2000 | I6: =G6/5 -> 0 | J6: =H6/5 -> 400 | K6: =I6/5 -> 0
A7: =+'Cout total Projet'!A9 -> Caution pour le local (3 mois) | D7: =+'Cout total Projet'!J9 -> 450000 | F7: =D7/5 -> 90000 | H7: =F7/5 -> 18000 | I7: =G7/5 -> 0 | J7: =H7/5 -> 3600 | K7: =I7/5 -> 0
A8: =+'Cout total Projet'!A10 -> Travaux et aménagement | D8: =+'Cout total Projet'!J10 -> 1500000 | F8: =D8/5 -> 300000 | H8: =F8/5 -> 60000 | I8: =G8/5 -> 0 | J8: =H8/5 -> 12000 | K8: =I8/5 -> 0
A9: =+'Cout total Projet'!A11 -> Mobiliers de bureau | D9: =+'Cout total Projet'!J11 -> 1000000 | F9: =D9/5 -> 200000 | H9: =F9/5 -> 40000 | I9: =G9/5 -> 0 | J9: =H9/5 -> 8000 | K9: =I9/5 -> 0
A10: =+'Cout total Projet'!A12 -> Meuble de rangement | D10: =+'Cout total Projet'!J12 -> 200000 | F10: =D10/5 -> 40000 | H10: =F10/5 -> 8000 | I10: =G10/5 -> 0 | J10: =H10/5 -> 1600 | K10: =I10/5 -> 0
A11: =+'Cout total Projet'!A13 -> Ordinateurs de bureau | D11: =+'Cout total Projet'!J13 -> 300000 | F11: =D11/5 -> 60000 | H11: =F11/5 -> 12000 | I11: =G11/5 -> 0 | J11: =H11/5 -> 2400 | K11: =I11/5 -> 0
A12: =+'Cout total Projet'!A14 -> Imprimante/Photocopieuse/Scanneur | D12: =+'Cout total Projet'!J14 -> 270000 | F12: =D12/5 -> 54000 | H12: =F12/5 -> 10800 | I12: =G12/5 -> 0 | J12: =H12/5 -> 2160 | K12: =I12/5 -> 0
A13: =+'Cout total Projet'!A15 -> Routeur WIFI | D13: =+'Cout total Projet'!J15 -> 25000 | F13: =D13/5 -> 5000 | H13: =F13/5 -> 1000 | I13: =G13/5 -> 0 | J13: =H13/5 -> 200 | K13: =I13/5 -> 0
A14: =+'Cout total Projet'!A16 -> Groupe électrogène 5 KVA | D14: =+'Cout total Projet'!J16 -> 0 | F14: =D14/5 -> 0 | H14: =F14/5 -> 0 | I14: =G14/5 -> 0 | J14: =H14/5 -> 0 | K14: =I14/5 -> 0
A15: =+'Cout total Projet'!A17 -> Tableau à marqueur | D15: =+'Cout total Projet'!J17 -> 25000 | F15: =D15/5 -> 5000 | H15: =F15/5 -> 1000 | I15: =G15/5 -> 0 | J15: =H15/5 -> 200 | K15: =I15/5 -> 0
A16: =+'Cout total Projet'!A18 -> Onduleur | D16: =+'Cout total Projet'!J18 -> 60000 | F16: =D16/5 -> 12000 | H16: =F16/5 -> 2400 | I16: =G16/5 -> 0 | J16: =H16/5 -> 480 | K16: =I16/5 -> 0
A17: =+'Cout total Projet'!A19 -> Téléphones Smartphones | D17: =+'Cout total Projet'!J19 -> 150000 | F17: =D17/5 -> 30000 | H17: =F17/5 -> 6000 | I17: =G17/5 -> 0 | J17: =H17/5 -> 1200 | K17: =I17/5 -> 0
... A20: =+'Cout total Projet'!A22 -> Boite à outils du Technicien informaticien | D20: =+'Cout total Projet'!J22 -> 0 | F20: =D20/5 -> 0 | H20: =F20/5 -> 0 | I20: =G20/5 -> 0 | J20: =H20/5 -> 0 | K20: =I20/5 -> 0
A21: Total Général | D21: =SUM(D6:E20) -> 4125000 | F21: =SUM(F6:G20) -> 825000 | H21: =SUM(H6:I20) -> 165000 | J21: =SUM(J6:K20) -> 33000

Sheet Page de garde_Exploitation
A19: EXPLOITATION | B19: =+BASE_INFORMATION!D11 -> 2025

Sheet Page de garde_Chiffre_d'affaire
A18: CHIFFRE D'AFFAIRE | B18: =+'Page de garde_Exploitation'!B19 -> 2025

Sheet Chifre d'affaire-mens_anné_N
B3: 1-CHIFFRE D'AFFAIRE
G5: Periode : | I5: =+BASE_INFORMATION!D11 -> 2025
A7: LIBELLE | B7: JANVIER | C7: FEVRIER | D7: MARS | E7: AVRIL | F7: MAI | G7: JUIN | H7: JUILLET | I7: AOUT | J7: SEPTEMBRE | K7: OCTOBRE | L7: NOVEMBRE | M7: DECEMBRE | N7: TOTAL 2
A8: Activité principal du chiffre d'affaire | B8: 2000000 | C8: =+B8*1.15 -> 2300000 | D8: =+C8*1.15 -> 2645000 | E8: =+D8*1.15 -> 3041750 | F8: =+E8*1.15 -> 3498012.5 | G8: =+F8*1.15 -> 4022714.4 | H8: =+G8*1.15 -> 4626121.5 | I8: =+H8*1.15 -> 5320039.8 | J8: =+I8*1.15 -> 6118045.7 | ... M8: =+L8*1.15 -> 9304782.8 | N8: =SUM(B8:M8) -> 58003335
A9: Activité secondaire du chiffre d'affaire | B9: 1000000 | C9: =+B9*1.15 -> 1150000 | D9: =+C9*1.15 -> 1322500 | E9: =+D9*1.15 -> 1520875 | F9: =+E9*1.15 -> 1749006.2 | G9: =+F9*1.15 -> 2011357.2 | H9: =+G9*1.15 -> 2313060.8 | I9: =+H9*1.15 -> 2660019.9 | J9: =+I9*1.15 -> 3059022.9 | ... M9: =+L9*1.15 -> 4652391.4 | N9: =SUM(B9:M9) -> 29001667
A10: Activité 3 du chiffre d'affaire | B10: 500000 | C10: =+B10*1.15 -> 575000 | D10: =+C10*1.15 -> 661250 | E10: =+D10*1.15 -> 760437.5 | F10: =+E10*1.15 -> 874503.12 | G10: =+F10*1.15 -> 1005678.6 | H10: =+G10*1.15 -> 1156530.4 | I10: =+H10*1.15 -> 1330009.9 | J10: =+I10*1.15 -> 1529511.4 | ... M10: =+L10*1.15 -> 2326195.7 | N10: =SUM(B10:M10) -> 14500834
A11: TOTAUX | B11: =SUM(B8:B10) -> 3500000 | C11: =SUM(C8:C10) -> 4025000 | D11: =SUM(D8:D10) -> 4628750 | E11: =SUM(E8:E10) -> 5323062.5 | F11: =SUM(F8:F10) -> 6121521.9 | G11: =SUM(G8:G10) -> 7039750.2 | H11: =SUM(H8:H10) -> 8095712.7 | I11: =SUM(I8:I10) -> 9310069.6 | ... M11: =SUM(M8:M10) -> 16283370 | N11: =SUM(B11:M11) -> 1.0150584e+08

Sheet page de garde Charge_d'expl
A18: CHARGE D'EXLOITATION | C18: =+BASE_INFORMATION!D11 -> 2025

Sheet Charge d'exploit_anné N
C2: 1-CHARGES D'EXPLOITATION
G4: Periode :
A6: LIBELLE | B6: JANVIER | C6: FEVRIER | D6: MARS | E6: AVRIL | F6: MAI | G6: JUIN | H6: JUILLET | I6: AOUT | J6: SEPTEMBRE | K6: OCTOBRE | L6: NOVEMBRE | M6: DECEMBRE | N6: TOTAL
A7: ACHATS
A8: Achats de materiels | B8: 50000 | C8: =+B8*1.15 -> 57500 | D8: =+C8*1.15 -> 66125 | E8: =+D8*1.15 -> 76043.75 | F8: =+E8*1.15 -> 87450.312 | G8: =+F8*1.15 -> 100567.86 | H8: =+G8*1.15 -> 115653.04 | I8: =+H8*1.15 -> 133000.99 | J8: =+I8*1.15 -> 152951.14 | ... M8: =+L8*1.15 -> 232619.57 | N8: =SUM(B8:M8) -> 1450083.4 | O8: 235000
A9: Achat de fourniture de bureau | B9: 15000 | C9: =+B9*1.15 -> 17250 | D9: =+C9*1.15 -> 19837.5 | E9: =+D9*1.15 -> 22813.125 | F9: =+E9*1.15 -> 26235.094 | G9: =+F9*1.15 -> 30170.358 | H9: =+G9*1.15 -> 34695.911 | I9: =+H9*1.15 -> 39900.298 | J9: =+I9*1.15 -> 45885.343 | ... M9: =+L9*1.15 -> 69785.871 | N9: =SUM(B9:M9) -> 435025.01 | O9: 70000
A10: Consommation en Eau | B10: 10000 | C10: =+B10*1.15 -> 11500 | D10: =+C10*1.15 -> 13225 | E10: =+D10*1.15 -> 15208.75 | F10: =+E10*1.15 -> 17490.062 | G10: =+F10*1.15 -> 20113.572 | H10: =+G10*1.15 -> 23130.608 | I10: =+H10*1.15 -> 26600.199 | J10: =+I10*1.15 -> 30590.229 | ... M10: =+L10*1.15 -> 46523.914 | N10: =SUM(B10:M10) -> 290016.67 | O10: 47000
A11: Consommation en Electricité | B11: 20000 | C11: =+B11*1.15 -> 23000 | D11: =+C11*1.15 -> 26450 | E11: =+D11*1.15 -> 30417.5 | F11: =+E11*1.15 -> 34980.125 | G11: =+F11*1.15 -> 40227.144 | H11: =+G11*1.15 -> 46261.215 | I11: =+H11*1.15 -> 53200.398 | J11: =+I11*1.15 -> 61180.457 | ... M11: =+L11*1.15 -> 93047.828 | N11: =SUM(B11:M11) -> 580033.35 | O11: 94000
A12: Produits d'entretien | B12: 5000 | C12: =+B12*1.15 -> 5750 | D12: =+C12*1.15 -> 6612.5 | E12: =+D12*1.15 -> 7604.375 | F12: =+E12*1.15 -> 8745.0312 | G12: =+F12*1.15 -> 10056.786 | H12: =+G12*1.15 -> 11565.304 | I12: =+H12*1.15 -> 13300.099 | J12: =+I12*1.15 -> 15295.114 | ... M12: =+L12*1.15 -> 23261.957 | N12: =SUM(B12:M12) -> 145008.34 | O12: 24000
A13: Carburant | B13: 15000 | C13: =+B13*1.15 -> 17250 | D13: =+C13*1.15 -> 19837.5 | E13: =+D13*1.15 -> 22813.125 | F13: =+E13*1.15 -> 26235.094 | G13: =+F13*1.15 -> 30170.358 | H13: =+G13*1.15 -> 34695.911 | I13: =+H13*1.15 -> 39900.298 | J13: =+I13*1.15 -> 45885.343 | ... M13: =+L13*1.15 -> 69785.871 | N13: =SUM(B13:M13) -> 435025.01 | O13: 70000
A14: TOTAL ACHATS | B14: =SUM(B8:B13) -> 115000 | C14: =SUM(C8:C13) -> 132250 | D14: =SUM(D8:D13) -> 152087.5 | E14: =SUM(E8:E13) -> 174900.62 | F14: =SUM(F8:F13) -> 201135.72 | G14: =SUM(G8:G13) -> 231306.08 | H14: =SUM(H8:H13) -> 266001.99 | I14: =SUM(I8:I13) -> 305902.29 | ... M14: =SUM(M8:M13) -> 535025.01 | N14: =SUM(B14:M14) -> 3335191.7
A15: CHARGES EXTERNES
A16: Loyer | B16: 125000 | C16: =+B16*1.15 -> 143750 | D16: =+C16*1.15 -> 165312.5 | E16: =+D16*1.15 -> 190109.37 | F16: =+E16*1.15 -> 218625.78 | G16: =+F16*1.15 -> 251419.65 | H16: =+G16*1.15 -> 289132.6 | I16: =+H16*1.15 -> 332502.49 | J16: =+I16*1.15 -> 382377.86 | ... M16: =+L16*1.15 -> 581548.92 | N16: =SUM(B16:M16) -> 3625208.4 | O16: 582000
A17: Frais de télécommunication | B17: 25000 | C17: =+B17*1.15 -> 28750 | D17: =+C17*1.15 -> 33062.5 | E17: =+D17*1.15 -> 38021.875 | F17: =+E17*1.15 -> 43725.156 | G17: =+F17*1.15 -> 50283.93 | H17: =+G17*1.15 -> 57826.519 | I17: =+H17*1.15 -> 66500.497 | J17: =+I17*1.15 -> 76475.572 | ... M17: =+L17*1.15 -> 116309.78 | N17: =SUM(B17:M17) -> 725041.68 | O17: 117000
A18: Voyages et Déplacements | B18: 45000 | C18: =+B18*1.15 -> 51750 | D18: =+C18*1.15 -> 59512.5 | E18: =+D18*1.15 -> 68439.375 | F18: =+E18*1.15 -> 78705.281 | G18: =+F18*1.15 -> 90511.073 | H18: =+G18*1.15 -> 104087.73 | I18: =+H18*1.15 -> 119700.89 | J18: =+I18*1.15 -> 137656.03 | ... M18: =+L18*1.15 -> 209357.61 | N18: =SUM(B18:M18) -> 1305075 | O18: 210000
A19: Pétits materiels et outillages | B19: 15000 | C19: =+B19*1.15 -> 17250 | D19: =+C19*1.15 -> 19837.5 | E19: =+D19*1.15 -> 22813.125 | F19: =+E19*1.15 -> 26235.094 | G19: =+F19*1.15 -> 30170.358 | H19: =+G19*1.15 -> 34695.911 | I19: =+H19*1.15 -> 39900.298 | J19: =+I19*1.15 -> 45885.343 | ... M19: =+L19*1.15 -> 69785.871 | N19: =SUM(B19:M19) -> 435025.01 | O19: 70000
A20: TOTAL CHARGES EXTERNES | B20: =SUM(B16:B19) -> 210000 | C20: =SUM(C16:C19) -> 241500 | D20: =SUM(D16:D19) -> 277725 | E20: =SUM(E16:E19) -> 319383.75 | F20: =SUM(F16:F19) -> 367291.31 | G20: =SUM(G16:G19) -> 422385.01 | H20: =SUM(H16:H19) -> 485742.76 | I20: =SUM(I16:I19) -> 558604.17 | ... M20: =SUM(M16:M19) -> 977002.19 | N20: =SUM(B20:M20) -> 6090350.1
A21: SALAIRES ET CHARGES
A22: Rémunération de personnel | B22: 400000 | C22: =+B22*1.15 -> 460000 | D22: =+C22*1.15 -> 529000 | E22: =+D22*1.15 -> 608350 | F22: =+E22*1.15 -> 699602.5 | G22: =+F22*1.15 -> 804542.87 | H22: =+G22*1.15 -> 925224.31 | I22: =+H22*1.15 -> 1064008 | J22: =+I22*1.15 -> 1223609.1 | ... M22: =+L22*1.15 -> 1860956.6 | N22: =SUM(B22:M22) -> 11600667 | O22: 1970000
A23: Transport de personnel | B23: 15000 | C23: =+B23*1.15 -> 17250 | D23: =+C23*1.15 -> 19837.5 | E23: =+D23*1.15 -> 22813.125 | F23: =+E23*1.15 -> 26235.094 | G23: =+F23*1.15 -> 30170.358 | H23: =+G23*1.15 -> 34695.911 | I23: =+H23*1.15 -> 39900.298 | J23: =+I23*1.15 -> 45885.343 | ... M23: =+L23*1.15 -> 69785.871 | N23: =SUM(B23:M23) -> 435025.01 | O23: 70000
A24: Charges sociales | B24: 25000 | C24: =+B24*1.15 -> 28750 | D24: =+C24*1.15 -> 33062.5 | E24: =+D24*1.15 -> 38021.875 | F24: =+E24*1.15 -> 43725.156 | G24: =+F24*1.15 -> 50283.93 | H24: =+G24*1.15 -> 57826.519 | I24: =+H24*1.15 -> 66500.497 | J24: =+I24*1.15 -> 76475.572 | ... M24: =+L24*1.15 -> 116309.78 | N24: =SUM(B24:M24) -> 725041.68 | O24: 117000
A25: TOTAL SALAIRES ET CHARGES | B25: =SUM(B22:B24) -> 440000 | C25: =SUM(C22:C24) -> 506000 | D25: =SUM(D22:D24) -> 581900 | E25: =SUM(E22:E24) -> 669185 | F25: =SUM(F22:F24) -> 769562.75 | G25: =SUM(G22:G24) -> 884997.16 | H25: =SUM(H22:H24) -> 1017746.7 | I25: =SUM(I22:I24) -> 1170408.7 | ... M25: =SUM(M22:M24) -> 2047052.2 | N25: =SUM(B25:M25) -> 12760734
A26: IMPOTS ET TAXES | N26: =SUM(B26:M26) -> 0
A27: Taxe sur les salaires | B27: 20000 | C27: =+B27*1.15 -> 23000 | D27: =+C27*1.15 -> 26450 | E27: =+D27*1.15 -> 30417.5 | F27: =+E27*1.15 -> 34980.125 | G27: =+F27*1.15 -> 40227.144 | H27: =+G27*1.15 -> 46261.215 | I27: =+H27*1.15 -> 53200.398 | J27: =+I27*1.15 -> 61180.457 | ... M27: =+L27*1.15 -> 93047.828 | N27: =SUM(B27:M27) -> 580033.35 | O27: 94000
A28: Autres taxes | B28: 15000 | C28: =+B28*1.15 -> 17250 | D28: =+C28*1.15 -> 19837.5 | E28: =+D28*1.15 -> 22813.125 | F28: =+E28*1.15 -> 26235.094 | G28: =+F28*1.15 -> 30170.358 | H28: =+G28*1.15 -> 34695.911 | I28: =+H28*1.15 -> 39900.298 | J28: =+I28*1.15 -> 45885.343 | ... M28: =+L28*1.15 -> 69785.871 | N28: =SUM(B28:M28) -> 435025.01 | O28: 70000
A29: TOTAL IMPOTS ET TAXES | B29: =SUM(B27:B28) -> 35000 | C29: =SUM(C27:C28) -> 40250 | D29: =SUM(D27:D28) -> 46287.5 | E29: =SUM(E27:E28) -> 53230.625 | F29: =SUM(F27:F28) -> 61215.219 | G29: =SUM(G27:G28) -> 70397.502 | H29: =SUM(H27:H28) -> 80957.127 | I29: =SUM(I27:I28) -> 93100.696 | ... M29: =SUM(M27:M28) -> 162833.7 | N29: =SUM(B29:M29) -> 1015058.4
A30: TOTAL DES CHARGES D'EXPLOITATION | B30: =+B29+B25+B20+B14 -> 800000 | C30: =+C29+C25+C20+C14 -> 920000 | D30: =+D29+D25+D20+D14 -> 1058000 | E30: =+E29+E25+E20+E14 -> 1216700 | F30: =+F29+F25+F20+F14 -> 1399205 | G30: =+G29+G25+G20+G14 -> 1609085.7 | H30: =H29+H25+H20+H14 -> 1850448.6 | I30: =I29+I25+I20+I14 -> 2128015.9 | J30: =J29+J25+J20+J14 -> 2447218.3 | K30: =K29+K25+K20+K14 -> 2814301 | L30: =L29+L25+L20+L14 -> 3236446.2 | M30: =M29+M25+M20+M14 -> 3721913.1 | N30: =SUM(B30:M30) -> 23201334

Sheet page de garde_Compte_d'expl
A18: COMPTE D'EXPLOITATION | D18: =+BASE_INFORMATION!D11 -> 2025

Sheet Compte-d'exploitat-anné_N
C2: 1-COMPTE D'EXPLOITATION
G3: Periode :
A5: LIBELLE | B5: JANVIER | C5: FEVRIER | D5: MARS | E5: AVRIL | F5: MAI | G5: JUIN | H5: JUILLET | I5: AOUT | J5: SEPTEMBRE | K5: OCTOBRE | L5: NOVEMBRE | M5: DECEMBRE | N5: TOTAL
A6: CHIFFRE D'AFFAIRE
A7: Chiffre d'affaire | B7: =+'Chifre d''affaire-mens_anné_N'!B8 -> 2000000 | C7: =+'Chifre d''affaire-mens_anné_N'!C8 -> 2300000 | D7: =+'Chifre d''affaire-mens_anné_N'!D8 -> 2645000 | E7: =+'Chifre d''affaire-mens_anné_N'!E8 -> 3041750 | F7: =+'Chifre d''affaire-mens_anné_N'!F8 -> 3498012.5 | G7: =+'Chifre d''affaire-mens_anné_N'!G8 -> 4022714.4 | H7: =+'Chifre d''affaire-mens_anné_N'!H8 -> 4626121.5 | I7: =+'Chifre d''affaire-mens_anné_N'!I8 -> 5320039.8 | ... M7: =+'Chifre d''affaire-mens_anné_N'!M8 -> 9304782.8 | N7: =SUM(B7:M7) -> 58003335
N8: =SUM(B8:M8) -> 0
A9: CHIFFRE D'AFFAIRE | B9: =+B7 -> 2000000 | C9: =+C7 -> 2300000 | D9: =+D7 -> 2645000 | E9: =+E7 -> 3041750 | F9: =+F7 -> 3498012.5 | G9: =+G7 -> 4022714.4 | H9: =+H7 -> 4626121.5 | I9: =+I7 -> 5320039.8 | ... M9: =+M7 -> 9304782.8 | N9: =SUM(B9:M9) -> 58003335
A10: CHARGES D'EXPLOITATION
A11: Achat marchandise | B11: =+'Charge d''exploit_anné N'!B14 -> 115000 | C11: =+'Charge d''exploit_anné N'!C14 -> 132250 | D11: =+'Charge d''exploit_anné N'!D14 -> 152087.5 | E11: =+'Charge d''exploit_anné N'!E14 -> 174900.62 | F11: =+'Charge d''exploit_anné N'!F14 -> 201135.72 | G11: =+'Charge d''exploit_anné N'!G14 -> 231306.08 | H11: =+'Charge d''exploit_anné N'!H14 -> 266001.99 | I11: =+'Charge d''exploit_anné N'!I14 -> 305902.29 | ... M11: =+'Charge d''exploit_anné N'!M14 -> 535025.01 | N11: =SUM(B11:M11) -> 3335191.7
A12: Charges externes | B12: =+'Charge d''exploit_anné N'!B20 -> 210000 | C12: =+'Charge d''exploit_anné N'!C20 -> 241500 | D12: =+'Charge d''exploit_anné N'!D20 -> 277725 | E12: =+'Charge d''exploit_anné N'!E20 -> 319383.75 | F12: =+'Charge d''exploit_anné N'!F20 -> 367291.31 | G12: =+'Charge d''exploit_anné N'!G20 -> 422385.01 | H12: =+'Charge d''exploit_anné N'!H20 -> 485742.76 | I12: =+'Charge d''exploit_anné N'!I20 -> 558604.17 | ... M12: =+'Charge d''exploit_anné N'!M20 -> 977002.19 | N12: =SUM(B12:M12) -> 6090350.1
A13: Salaires et charges | B13: =+'Charge d''exploit_anné N'!B25 -> 440000 | C13: =+'Charge d''exploit_anné N'!C25 -> 506000 | D13: =+'Charge d''exploit_anné N'!D25 -> 581900 | E13: =+'Charge d''exploit_anné N'!E25 -> 669185 | F13: =+'Charge d''exploit_anné N'!F25 -> 769562.75 | G13: =+'Charge d''exploit_anné N'!G25 -> 884997.16 | H13: =+'Charge d''exploit_anné N'!H25 -> 1017746.7 | I13: =+'Charge d''exploit_anné N'!I25 -> 1170408.7 | ... M13: =+'Charge d''exploit_anné N'!M25 -> 2047052.2 | N13: =SUM(B13:M13) -> 12760734
A14: Impots et charges | B14: =+'Charge d''exploit_anné N'!B29 -> 35000 | C14: =+'Charge d''exploit_anné N'!C29 -> 40250 | D14: =+'Charge d''exploit_anné N'!D29 -> 46287.5 | E14: =+'Charge d''exploit_anné N'!E29 -> 53230.625 | F14: =+'Charge d''exploit_anné N'!F29 -> 61215.219 | G14: =+'Charge d''exploit_anné N'!G29 -> 70397.502 | H14: =+'Charge d''exploit_anné N'!H29 -> 80957.127 | I14: =+'Charge d''exploit_anné N'!I29 -> 93100.696 | ... M14: =+'Charge d''exploit_anné N'!M29 -> 162833.7 | N14: =SUM(B14:M14) -> 1015058.4
A15: TOTAL CHARGES | B15: =SUM(B11:B14) -> 800000 | C15: =SUM(C11:C14) -> 920000 | D15: =SUM(D11:D14) -> 1058000 | E15: =SUM(E11:E14) -> 1216700 | F15: =SUM(F11:F14) -> 1399205 | G15: =SUM(G11:G14) -> 1609085.7 | H15: =+SUM(H11:H14) -> 1850448.6 | I15: =+SUM(I11:I14) -> 2128015.9 | J15: =+SUM(J11:J14) -> 2447218.3 | K15: =+SUM(K11:K14) -> 2814301 | L15: =+SUM(L11:L14) -> 3236446.2 | M15: =+SUM(M11:M14) -> 3721913.1 | N15: =SUM(B15:M15) -> 23201334
A16: RESULTAT | B16: =B9-B15 -> 1200000 | C16: =C9-C15 -> 1380000 | D16: =D9-D15 -> 1587000 | E16: =E9-E15 -> 1825050 | F16: =F9-F15 -> 2098807.5 | G16: =G9-G15 -> 2413628.6 | H16: =H9-H15 -> 2775672.9 | I16: =I9-I15 -> 3192023.9 | ... M16: =M9-M15 -> 5582869.7 | N16: =SUM(B16:M16) -> 34802001
A17: TRESORERIE NET | B17: =B16 -> 1200000 | C17: =C16+B17 -> 2580000 | D17: =D16+C17 -> 4167000 | E17: =E16+D17 -> 5992050 | F17: =F16+E17 -> 8090857.5 | G17: =G16+F17 -> 10504486 | H17: =H16+G17 -> 13280159 | I17: =I16+H17 -> 16472183 | J17: =J16+I17 -> 20143010 | ... M17: =M16+L17 -> 34802001 | N17: =SUM(B17:M17) -> 1.7081534e+08

Sheet page de garde_Prevision_d'expl
A19: PREVISION D'EXPLOITATION
A20: =+CA_annuel_PREVISL!B6 -> 2026 | B20: =+CA_annuel_PREVISL!F6 -> 2030

Sheet Avant_propos_Previs
A13: AVANT PROPOS SUR LES PREVISIONS
A15: Tous ces previsions ci-après sont réalisés avec
A16: le financement souhaité.

Sheet Detail_Chiffr d'affair-Previsl
D3: 1-1-CHIFFRE D'AFFAIRE
G5: Periode : | H5: =+BASE_INFORMATION!A14 -> 2026
A7: LIBELLE | B7: JANVIER | C7: FEVRIER | D7: MARS | E7: AVRIL | F7: MAI | G7: JUIN | H7: JUILLET | I7: AOUT | J7: SEPTEMBRE | K7: OCTOBRE | L7: NOVEMBRE | M7: DECEMBRE | N7: TOTAL
A8: Activité principal du chiffre d'affaire | B8: 2043000 | C8: =+B8*1.15 -> 2349450 | D8: =+C8*1.15 -> 2701867.5 | E8: =+D8*1.15 -> 3107147.6 | F8: =+E8*1.15 -> 3573219.8 | G8: =+F8*1.15 -> 4109202.7 | H8: =+G8*1.15 -> 4725583.1 | I8: =+H8*1.15 -> 5434420.6 | J8: =+I8*1.15 -> 6249583.7 | ... M8: =+L8*1.15 -> 9504835.6 | N8: =SUM(B8:M8) -> 59250406
A9: Activité secondaire du chiffre d'affaire | B9: 1075000 | C9: =+B9*1.15 -> 1236250 | D9: =+C9*1.15 -> 1421687.5 | E9: =+D9*1.15 -> 1634940.6 | F9: =+E9*1.15 -> 1880181.7 | G9: =+F9*1.15 -> 2162209 | H9: =+G9*1.15 -> 2486540.3 | I9: =+H9*1.15 -> 2859521.4 | J9: =+I9*1.15 -> 3288449.6 | ... M9: =+L9*1.15 -> 5001320.8 | N9: =SUM(B9:M9) -> 31176792
A10: Activité 3 du chiffre d'affaire | B10: 538000 | C10: =+B10*1.15 -> 618700 | D10: =+C10*1.15 -> 711505 | E10: =+D10*1.15 -> 818230.75 | F10: =+E10*1.15 -> 940965.36 | G10: =+F10*1.15 -> 1082110.2 | H10: =+G10*1.15 -> 1244426.7 | I10: =+H10*1.15 -> 1431090.7 | J10: =+I10*1.15 -> 1645754.3 | ... M10: =+L10*1.15 -> 2502986.6 | N10: =SUM(B10:M10) -> 15602897
A11: TOTAUX | B11: =SUM(B8:B10) -> 3656000 | C11: =SUM(C8:C10) -> 4204400 | D11: =SUM(D8:D10) -> 4835060 | E11: =SUM(E8:E10) -> 5560319 | F11: =SUM(F8:F10) -> 6394366.8 | G11: =SUM(G8:G10) -> 7353521.9 | H11: =SUM(H8:H10) -> 8456550.2 | I11: =SUM(I8:I10) -> 9725032.7 | ... M11: =SUM(M8:M10) -> 17009143 | N11: =SUM(B11:M11) -> 1.060301e+08
D14: 1-2-CHIFFRE D'AFFAIRE
G16: Periode : | H16: =+BASE_INFORMATION!B14 -> 2027
A18: LIBELLE | B18: JANVIER | C18: FEVRIER | D18: MARS | E18: AVRIL | F18: MAI | G18: JUIN | H18: JUILLET | I18: AOUT | J18: SEPTEMBRE | K18: OCTOBRE | L18: NOVEMBRE | M18: DECEMBRE | N18: TOTAL
A19: Activité principal du chiffre d'affaire | B19: 9500000 | C19: =+B19*1.15 -> 10925000 | D19: =+C19*1.15 -> 12563750 | E19: =+D19*1.15 -> 14448312 | F19: =+E19*1.15 -> 16615559 | G19: =+F19*1.15 -> 19107893 | H19: =+G19*1.15 -> 21974077 | I19: =+H19*1.15 -> 25270189 | J19: =+I19*1.15 -> 29060717 | ... M19: =+L19*1.15 -> 44197718 | N19: =SUM(B19:M19) -> 2.7551584e+08
A20: Activité secondaire du chiffre d'affaire | B20: 5000000 | C20: =+B20*1.15 -> 5750000 | D20: =+C20*1.15 -> 6612500 | E20: =+D20*1.15 -> 7604375 | F20: =+E20*1.15 -> 8745031.2 | G20: =+F20*1.15 -> 10056786 | H20: =+G20*1.15 -> 11565304 | I20: =+H20*1.15 -> 13300099 | J20: =+I20*1.15 -> 15295114 | ... M20: =+L20*1.15 -> 23261957 | N20: =SUM(B20:M20) -> 1.4500834e+08
A21: Activité 3 du chiffre d'affaire | B21: 2500000 | C21: =+B21*1.15 -> 2875000 | D21: =+C21*1.15 -> 3306250 | E21: =+D21*1.15 -> 3802187.5 | F21: =+E21*1.15 -> 4372515.6 | G21: =+F21*1.15 -> 5028393 | H21: =+G21*1.15 -> 5782651.9 | I21: =+H21*1.15 -> 6650049.7 | J21: =+I21*1.15 -> 7647557.2 | ... M21: =+L21*1.15 -> 11630978 | N21: =SUM(B21:M21) -> 72504168
A22: TOTAUX | B22: =SUM(B19:B21) -> 17000000 | C22: =SUM(C19:C21) -> 19550000 | D22: =SUM(D19:D21) -> 22482500 | E22: =SUM(E19:E21) -> 25854875 | F22: =SUM(F19:F21) -> 29733106 | G22: =SUM(G19:G21) -> 34193072 | H22: =SUM(H19:H21) -> 39322033 | I22: =SUM(I19:I21) -> 45220338 | ... M22: =SUM(M19:M21) -> 79090654 | N22: =SUM(B22:M22) -> 4.9302835e+08
D26: 1-3-CHIFFRE D'AFFAIRE
G28: Periode : | H28: =+BASE_INFORMATION!C14 -> 2028
A30: LIBELLE | B30: JANVIER | C30: FEVRIER | D30: MARS | E30: AVRIL | F30: MAI | G30: JUIN | H30: JUILLET | I30: AOUT | J30: SEPTEMBRE | K30: OCTOBRE | L30: NOVEMBRE | M30: DECEMBRE | N30: TOTAL
A31: Activité principal du chiffre d'affaire | B31: 45000000 | C31: =+B31*1.15 -> 51750000 | D31: =+C31*1.15 -> 59512500 | E31: =+D31*1.15 -> 68439375 | F31: =+E31*1.15 -> 78705281 | G31: =+F31*1.15 -> 90511073 | H31: =+G31*1.15 -> 1.0408773e+08 | I31: =+H31*1.15 -> 1.1970089e+08 | J31: =+I31*1.15 -> 1.3765603e+08 | ... M31: =+L31*1.15 -> 2.0935761e+08 | N31: =SUM(B31:M31) -> 1.305075e+09
A32: Activité secondaire du chiffre d'affaire | B32: 25000000 | C32: =+B32*1.15 -> 28750000 | D32: =+C32*1.15 -> 33062500 | E32: =+D32*1.15 -> 38021875 | F32: =+E32*1.15 -> 43725156 | G32: =+F32*1.15 -> 50283930 | H32: =+G32*1.15 -> 57826519 | I32: =+H32*1.15 -> 66500497 | J32: =+I32*1.15 -> 76475572 | ... M32: =+L32*1.15 -> 1.1630978e+08 | N32: =SUM(B32:M32) -> 7.2504168e+08
A33: Activité 3 du chiffre d'affaire | B33: 12000000 | C33: =+B33*1.15 -> 13800000 | D33: =+C33*1.15 -> 15870000 | E33: =+D33*1.15 -> 18250500 | F33: =+E33*1.15 -> 20988075 | G33: =+F33*1.15 -> 24136286 | H33: =+G33*1.15 -> 27756729 | I33: =+H33*1.15 -> 31920239 | J33: =+I33*1.15 -> 36708274 | ... M33: =+L33*1.15 -> 55828697 | N33: =SUM(B33:M33) -> 3.4802001e+08
A34: TOTAUX | B34: =SUM(B31:B33) -> 82000000 | C34: =SUM(C31:C33) -> 94300000 | D34: =SUM(D31:D33) -> 1.08445e+08 | E34: =SUM(E31:E33) -> 1.2471175e+08 | F34: =SUM(F31:F33) -> 1.4341851e+08 | G34: =SUM(G31:G33) -> 1.6493129e+08 | H34: =SUM(H31:H33) -> 1.8967098e+08 | I34: =SUM(I31:I33) -> 2.1812163e+08 | ... M34: =SUM(M31:M33) -> 3.8149609e+08 | N34: =SUM(B34:M34) -> 2.3781367e+09
D38: 1-4-CHIFFRE D'AFFAIRE
G40: Periode : | H40: =+BASE_INFORMATION!D14 -> 2029
A42: LIBELLE | B42: JANVIER | C42: FEVRIER | D42: MARS | E42: AVRIL | F42: MAI | G42: JUIN | H42: JUILLET | I42: AOUT | J42: SEPTEMBRE | K42: OCTOBRE | L42: NOVEMBRE | M42: DECEMBRE | N42: TOTAL
A43: Activité principal du chiffre d'affaire | B43: 210000000 | C43: =+B43*1.15 -> 2.415e+08 | D43: =+C43*1.15 -> 2.77725e+08 | E43: =+D43*1.15 -> 3.1938375e+08 | F43: =+E43*1.15 -> 3.6729131e+08 | G43: =+F43*1.15 -> 4.2238501e+08 | H43: =+G43*1.15 -> 4.8574276e+08 | I43: =+H43*1.15 -> 5.5860417e+08 | J43: =+I43*1.15 -> 6.423948e+08 | ... M43: =+L43*1.15 -> 9.7700219e+08 | N43: =SUM(B43:M43) -> 6.0903501e+09
A44: Activité secondaire du chiffre d'affaire | B44: 117000000 | C44: =+B44*1.15 -> 134550000 | D44: =+C44*1.15 -> 154732500 | E44: =+D44*1.15 -> 177942375 | F44: =+E44*1.15 -> 2.0463373e+08 | G44: =+F44*1.15 -> 2.3532879e+08 | H44: =+G44*1.15 -> 2.7062811e+08 | I44: =+H44*1.15 -> 3.1122233e+08 | J44: =+I44*1.15 -> 3.5790567e+08 | ... M44: =+L44*1.15 -> 5.4432979e+08 | N44: =SUM(B44:M44) -> 3.3931951e+09
A45: Activité 3 du chiffre d'affaire | B45: 56000000 | C45: =+B45*1.15 -> 64400000 | D45: =+C45*1.15 -> 74060000 | E45: =+D45*1.15 -> 85169000 | F45: =+E45*1.15 -> 97944350 | G45: =+F45*1.15 -> 1.12636e+08 | H45: =+G45*1.15 -> 1.295314e+08 | I45: =+H45*1.15 -> 1.4896111e+08 | J45: =+I45*1.15 -> 1.7130528e+08 | ... M45: =+L45*1.15 -> 2.6053392e+08 | N45: =SUM(B45:M45) -> 1.6240934e+09
A46: TOTAUX | B46: =SUM(B43:B45) -> 383000000 | C46: =SUM(C43:C45) -> 440450000 | D46: =SUM(D43:D45) -> 5.065175e+08 | E46: =SUM(E43:E45) -> 5.8249512e+08 | F46: =SUM(F43:F45) -> 6.6986939e+08 | G46: =SUM(G43:G45) -> 7.703498e+08 | H46: =SUM(H43:H45) -> 8.8590227e+08 | I46: =SUM(I43:I45) -> 1.0187876e+09 | ... M46: =SUM(M43:M45) -> 1.7818659e+09 | N46: =SUM(B46:M46) -> 1.1107639e+10
D50: 1-5-CHIFFRE D'AFFAIRE
G52: Periode : | H52: =+BASE_INFORMATION!E14 -> 2030
A54: LIBELLE | B54: JANVIER | C54: FEVRIER | D54: MARS | E54: AVRIL | F54: MAI | G54: JUIN | H54: JUILLET | I54: AOUT | J54: SEPTEMBRE | K54: OCTOBRE | L54: NOVEMBRE | M54: DECEMBRE | N54: TOTAL
A55: Activité principal du chiffre d'affaire | B55: 978000000 | C55: =+B55*1.15 -> 1124700000 | D55: =+C55*1.15 -> 1293405000 | E55: =+D55*1.15 -> 1487415750 | F55: =+E55*1.15 -> 1.7105281e+09 | G55: =+F55*1.15 -> 1.9671073e+09 | H55: =+G55*1.15 -> 2.2621734e+09 | I55: =+H55*1.15 -> 2.6014994e+09 | J55: =+I55*1.15 -> 2.9917244e+09 | ... M55: =+L55*1.15 -> 4.5500388e+09 | N55: =SUM(B55:M55) -> 2.8363631e+10
A56: Activité secondaire du chiffre d'affaire | B56: 545000000 | C56: =+B56*1.15 -> 626750000 | D56: =+C56*1.15 -> 720762500 | E56: =+D56*1.15 -> 8.2887687e+08 | F56: =+E56*1.15 -> 9.5320841e+08 | G56: =+F56*1.15 -> 1.0961897e+09 | H56: =+G56*1.15 -> 1.2606181e+09 | I56: =+H56*1.15 -> 1.4497108e+09 | J56: =+I56*1.15 -> 1.6671675e+09 | ... M56: =+L56*1.15 -> 2.5355533e+09 | N56: =SUM(B56:M56) -> 1.5805909e+10
A57: Activité 3 du chiffre d'affaire | B57: 261000000 | C57: =+B57*1.15 -> 300150000 | D57: =+C57*1.15 -> 345172500 | E57: =+D57*1.15 -> 3.9694837e+08 | F57: =+E57*1.15 -> 4.5649063e+08 | G57: =+F57*1.15 -> 5.2496423e+08 | H57: =+G57*1.15 -> 6.0370886e+08 | I57: =+H57*1.15 -> 6.9426519e+08 | J57: =+I57*1.15 -> 7.9840497e+08 | ... M57: =+L57*1.15 -> 1.2142742e+09 | N57: =SUM(B57:M57) -> 7.5694352e+09
A58: TOTAUX | B58: =SUM(B55:B57) -> 1784000000 | C58: =SUM(C55:C57) -> 2051600000 | D58: =SUM(D55:D57) -> 2359340000 | E58: =SUM(E55:E57) -> 2713241000 | F58: =SUM(F55:F57) -> 3.1202271e+09 | G58: =SUM(G55:G57) -> 3.5882612e+09 | H58: =SUM(H55:H57) -> 4.1265004e+09 | I58: =SUM(I55:I57) -> 4.7454755e+09 | ... M58: =SUM(M55:M57) -> 8.2998663e+09 | N58: =SUM(B58:M58) -> 5.1738975e+10

Sheet Detail charge d'exploit_previsl
C2: 1-1-CHARGES D'EXPLOITATION
G4: Periode : | H4: =+BASE_INFORMATION!A14 -> 2026
A6: LIBELLE | B6: JANVIER | C6: FEVRIER | D6: MARS | E6: AVRIL | F6: MAI | G6: JUIN | H6: JUILLET | I6: AOUT | J6: SEPTEMBRE | K6: OCTOBRE | L6: NOVEMBRE | M6: DECEMBRE | N6: TOTAUX
A7: ACHATS
A8: Achats de ,,, | B8: 235000 | C8: =+B8*1.15 -> 270250 | D8: =+C8*1.15 -> 310787.5 | E8: =+D8*1.15 -> 357405.62 | F8: =+E8*1.15 -> 411016.47 | G8: =+F8*1.15 -> 472668.94 | H8: =+G8*1.15 -> 543569.28 | I8: =+H8*1.15 -> 625104.67 | J8: =+I8*1.15 -> 718870.37 | ... M8: =+L8*1.15 -> 1093312 | N8: =+SUM(B8:M8) -> 6815391.8 | O8: 1010000
A9: Achat de fourniture de bureau | B9: 70000 | C9: =+B9*1.15 -> 80500 | D9: =+C9*1.15 -> 92575 | E9: =+D9*1.15 -> 106461.25 | F9: =+E9*1.15 -> 122430.44 | G9: =+F9*1.15 -> 140795 | H9: =+G9*1.15 -> 161914.25 | I9: =+H9*1.15 -> 186201.39 | J9: =+I9*1.15 -> 214131.6 | ... M9: =+L9*1.15 -> 325667.4 | N9: =+SUM(B9:M9) -> 2030116.7 | O9: 326000
A10: Consommation en Eau | B10: 47000 | C10: =+B10*1.15 -> 54050 | D10: =+C10*1.15 -> 62157.5 | E10: =+D10*1.15 -> 71481.125 | F10: =+E10*1.15 -> 82203.294 | G10: =+F10*1.15 -> 94533.788 | H10: =+G10*1.15 -> 108713.86 | I10: =+H10*1.15 -> 125020.93 | J10: =+I10*1.15 -> 143774.07 | ... M10: =+L10*1.15 -> 218662.4 | N10: =+SUM(B10:M10) -> 1363078.4 | O10: 219000
A11: Consommation en Electricité | B11: 94000 | C11: =+B11*1.15 -> 108100 | D11: =+C11*1.15 -> 124315 | E11: =+D11*1.15 -> 142962.25 | F11: =+E11*1.15 -> 164406.59 | G11: =+F11*1.15 -> 189067.58 | H11: =+G11*1.15 -> 217427.71 | I11: =+H11*1.15 -> 250041.87 | J11: =+I11*1.15 -> 287548.15 | ... M11: =+L11*1.15 -> 437324.79 | N11: =+SUM(B11:M11) -> 2726156.7 | O11: 438000
A12: Produits d'entretien | B12: 24000 | C12: =+B12*1.15 -> 27600 | D12: =+C12*1.15 -> 31740 | E12: =+D12*1.15 -> 36501 | F12: =+E12*1.15 -> 41976.15 | G12: =+F12*1.15 -> 48272.572 | H12: =+G12*1.15 -> 55513.458 | I12: =+H12*1.15 -> 63840.477 | J12: =+I12*1.15 -> 73416.549 | ... M12: =+L12*1.15 -> 111657.39 | N12: =+SUM(B12:M12) -> 696040.02 | O12: 112000
A13: Carburant | B13: 70000 | C13: =+B13*1.15 -> 80500 | D13: =+C13*1.15 -> 92575 | E13: =+D13*1.15 -> 106461.25 | F13: =+E13*1.15 -> 122430.44 | G13: =+F13*1.15 -> 140795 | H13: =+G13*1.15 -> 161914.25 | I13: =+H13*1.15 -> 186201.39 | J13: =+I13*1.15 -> 214131.6 | ... M13: =+L13*1.15 -> 325667.4 | N13: =+SUM(B13:M13) -> 2030116.7 | O13: 326000
A14: TOTAL ACHATS | B14: =SUM(B8:B13) -> 540000 | C14: =SUM(C8:C13) -> 621000 | D14: =SUM(D8:D13) -> 714150 | E14: =SUM(E8:E13) -> 821272.5 | F14: =SUM(F8:F13) -> 944463.37 | G14: =SUM(G8:G13) -> 1086132.9 | H14: =SUM(H8:H13) -> 1249052.8 | I14: =SUM(I8:I13) -> 1436410.7 | ... M14: =SUM(M8:M13) -> 2512291.4 | N14: =+SUM(B14:M14) -> 15660900
A15: CHARGES EXTERNES
A16: Loyer | B16: 582000 | C16: =+B16*1.15 -> 669300 | D16: =+C16*1.15 -> 769695 | E16: =+D16*1.15 -> 885149.25 | F16: =+E16*1.15 -> 1017921.6 | G16: =+F16*1.15 -> 1170609.9 | H16: =+G16*1.15 -> 1346201.4 | I16: =+H16*1.15 -> 1548131.6 | J16: =+I16*1.15 -> 1780351.3 | ... M16: =+L16*1.15 -> 2707691.8 | N16: =+SUM(B16:M16) -> 16878970 | O16: 2708000
A17: Frais de télécommunication | B17: 117000 | C17: =+B17*1.15 -> 134550 | D17: =+C17*1.15 -> 154732.5 | E17: =+D17*1.15 -> 177942.38 | F17: =+E17*1.15 -> 204633.73 | G17: =+F17*1.15 -> 235328.79 | H17: =+G17*1.15 -> 270628.11 | I17: =+H17*1.15 -> 311222.33 | J17: =+I17*1.15 -> 357905.67 | ... M17: =+L17*1.15 -> 544329.79 | N17: =+SUM(B17:M17) -> 3393195.1 | O17: 545000
A18: Voyages et Déplacements | B18: 210000 | C18: =+B18*1.15 -> 241500 | D18: =+C18*1.15 -> 277725 | E18: =+D18*1.15 -> 319383.75 | F18: =+E18*1.15 -> 367291.31 | G18: =+F18*1.15 -> 422385.01 | H18: =+G18*1.15 -> 485742.76 | I18: =+H18*1.15 -> 558604.17 | J18: =+I18*1.15 -> 642394.8 | ... M18: =+L18*1.15 -> 977002.19 | N18: =+SUM(B18:M18) -> 6090350.1 | O18: 978000
A19: Pétits materiels et outillages | B19: 70000 | C19: =+B19*1.15 -> 80500 | D19: =+C19*1.15 -> 92575 | E19: =+D19*1.15 -> 106461.25 | F19: =+E19*1.15 -> 122430.44 | G19: =+F19*1.15 -> 140795 | H19: =+G19*1.15 -> 161914.25 | I19: =+H19*1.15 -> 186201.39 | J19: =+I19*1.15 -> 214131.6 | ... M19: =+L19*1.15 -> 325667.4 | N19: =+SUM(B19:M19) -> 2030116.7 | O19: 326000
A20: TOTAL CHARGES EXTERNES | B20: =SUM(B16:B19) -> 979000 | C20: =SUM(C16:C19) -> 1125850 | D20: =SUM(D16:D19) -> 1294727.5 | E20: =SUM(E16:E19) -> 1488936.6 | F20: =SUM(F16:F19) -> 1712277.1 | G20: =SUM(G16:G19) -> 1969118.7 | H20: =SUM(H16:H19) -> 2264486.5 | I20: =SUM(I16:I19) -> 2604159.5 | ... M20: =SUM(M16:M19) -> 4554691.2 | N20: =+SUM(B20:M20) -> 28392632
A21: SALAIRES ET CHARGES
A22: Rémunération de personnel | B22: 1970000 | C22: =+B22*1.15 -> 2265500 | D22: =+C22*1.15 -> 2605325 | E22: =+D22*1.15 -> 2996123.8 | F22: =+E22*1.15 -> 3445542.3 | G22: =+F22*1.15 -> 3962373.7 | H22: =+G22*1.15 -> 4556729.7 | I22: =+H22*1.15 -> 5240239.2 | J22: =+I22*1.15 -> 6026275 | ... M22: =+L22*1.15 -> 9165211.1 | N22: =+SUM(B22:M22) -> 57133285 | O22: 9166000
A23: Transport de personnel | B23: 70000 | C23: =+B23*1.15 -> 80500 | D23: =+C23*1.15 -> 92575 | E23: =+D23*1.15 -> 106461.25 | F23: =+E23*1.15 -> 122430.44 | G23: =+F23*1.15 -> 140795 | H23: =+G23*1.15 -> 161914.25 | I23: =+H23*1.15 -> 186201.39 | J23: =+I23*1.15 -> 214131.6 | ... M23: =+L23*1.15 -> 325667.4 | N23: =+SUM(B23:M23) -> 2030116.7 | O23: 326000
A24: Charges sociales | B24: 117000 | C24: =+B24*1.15 -> 134550 | D24: =+C24*1.15 -> 154732.5 | E24: =+D24*1.15 -> 177942.38 | F24: =+E24*1.15 -> 204633.73 | G24: =+F24*1.15 -> 235328.79 | H24: =+G24*1.15 -> 270628.11 | I24: =+H24*1.15 -> 311222.33 | J24: =+I24*1.15 -> 357905.67 | ... M24: =+L24*1.15 -> 544329.79 | N24: =+SUM(B24:M24) -> 3393195.1 | O24: 545000
A25: TOTAL SALAIRES ET CHARGES | B25: =SUM(B22:B24) -> 2157000 | C25: =SUM(C22:C24) -> 2480550 | D25: =SUM(D22:D24) -> 2852632.5 | E25: =SUM(E22:E24) -> 3280527.4 | F25: =SUM(F22:F24) -> 3772606.5 | G25: =SUM(G22:G24) -> 4338497.5 | H25: =SUM(H22:H24) -> 4989272.1 | I25: =SUM(I22:I24) -> 5737662.9 | ... M25: =SUM(M22:M24) -> 10035208 | N25: =+SUM(B25:M25) -> 62556597
A26: IMPOTS ET TAXES
A27: Taxe sur les salaires | B27: 94000 | C27: =+B27*1.15 -> 108100 | D27: =+C27*1.15 -> 124315 | E27: =+D27*1.15 -> 142962.25 | F27: =+E27*1.15 -> 164406.59 | G27: =+F27*1.15 -> 189067.58 | H27: =+G27*1.15 -> 217427.71 | I27: =+H27*1.15 -> 250041.87 | J27: =+I27*1.15 -> 287548.15 | ... M27: =+L27*1.15 -> 437324.79 | N27: =+SUM(B27:M27) -> 2726156.7 | O27: 438000
A28: Autres taxes | B28: 70000 | C28: =+B28*1.15 -> 80500 | D28: =+C28*1.15 -> 92575 | E28: =+D28*1.15 -> 106461.25 | F28: =+E28*1.15 -> 122430.44 | G28: =+F28*1.15 -> 140795 | H28: =+G28*1.15 -> 161914.25 | I28: =+H28*1.15 -> 186201.39 | J28: =+I28*1.15 -> 214131.6 | ... M28: =+L28*1.15 -> 325667.4 | N28: =+SUM(B28:M28) -> 2030116.7 | O28: 326000
A29: TOTAL IMPOTS ET TAXES | B29: =SUM(B27:B28) -> 164000 | C29: =SUM(C27:C28) -> 188600 | D29: =SUM(D27:D28) -> 216890 | E29: =SUM(E27:E28) -> 249423.5 | F29: =SUM(F27:F28) -> 286837.02 | G29: =SUM(G27:G28) -> 329862.58 | H29: =SUM(H27:H28) -> 379341.97 | I29: =SUM(I27:I28) -> 436243.26 | ... M29: =SUM(M27:M28) -> 762992.19 | N29: =+SUM(B29:M29) -> 4756273.4
A30: TOTAL CHARGES D'EXPLOITATIONS | B30: =+B29+B25+B20+B14 -> 3840000 | C30: =+C29+C25+C20+C14 -> 4416000 | D30: =+D29+D25+D20+D14 -> 5078400 | E30: =+E29+E25+E20+E14 -> 5840160 | F30: =+F29+F25+F20+F14 -> 6716184 | G30: =+G29+G25+G20+G14 -> 7723611.6 | H30: =H29+H25+H20+H14 -> 8882153.3 | I30: =I29+I25+I20+I14 -> 10214476 | J30: =J29+J25+J20+J14 -> 11746648 | K30: =K29+K25+K20+K14 -> 13508645 | L30: =L29+L25+L20+L14 -> 15534942 | M30: =M29+M25+M20+M14 -> 17865183 | N30: =+SUM(B30:M30) -> 1.113664e+08
C33: 1-2-CHARGES D'EXPLOITATION
G35: Periode : | H35: =+BASE_INFORMATION!B14 -> 2027
A37: =+A6 -> LIBELLE | B37: =+B6 -> JANVIER | C37: =+C6 -> FEVRIER | D37: =+D6 -> MARS | E37: =+E6 -> AVRIL | F37: =+F6 -> MAI | G37: =+G6 -> JUIN | H37: =+H6 -> JUILLET | ... M37: =+M6 -> DECEMBRE | N37: TOTAL
A38: =+A7 -> ACHATS
A39: =+A8 -> Achats de ,,, | B39: =+M8 -> 1093312 | C39: =+B39*1.15 -> 1257308.8 | D39: =+C39*1.15 -> 1445905.1 | E39: =+D39*1.15 -> 1662790.9 | F39: =+E39*1.15 -> 1912209.5 | G39: =+F39*1.15 -> 2199040.9 | H39: =+G39*1.15 -> 2528897 | I39: =+H39*1.15 -> 2908231.6 | J39: =+I39*1.15 -> 3344466.3 | ... M39: =+L39*1.15 -> 5086515.2 | N39: =+SUM(B39:M39) -> 31707870
A40: =+A9 -> Achat de fourniture de bureau | B40: =+M9 -> 325667.4 | C40: =+B40*1.15 -> 374517.51 | D40: =+C40*1.15 -> 430695.13 | E40: =+D40*1.15 -> 495299.4 | F40: =+E40*1.15 -> 569594.31 | G40: =+F40*1.15 -> 655033.46 | H40: =+G40*1.15 -> 753288.48 | I40: =+H40*1.15 -> 866281.75 | J40: =+I40*1.15 -> 996224.02 | ... M40: =+L40*1.15 -> 1515132.2 | N40: =+SUM(B40:M40) -> 9444897.5
A41: =+A10 -> Consommation en Eau | B41: =+M10 -> 218662.4 | C41: =+B41*1.15 -> 251461.75 | D41: =+C41*1.15 -> 289181.02 | E41: =+D41*1.15 -> 332558.17 | F41: =+E41*1.15 -> 382441.9 | G41: =+F41*1.15 -> 439808.18 | H41: =+G41*1.15 -> 505779.41 | I41: =+H41*1.15 -> 581646.32 | J41: =+I41*1.15 -> 668893.27 | ... M41: =+L41*1.15 -> 1017303 | N41: =+SUM(B41:M41) -> 6341574.1
A42: =+A11 -> Consommation en Electricité | B42: =+M11 -> 437324.79 | C42: =+B42*1.15 -> 502923.51 | D42: =+C42*1.15 -> 578362.04 | E42: =+D42*1.15 -> 665116.34 | F42: =+E42*1.15 -> 764883.79 | G42: =+F42*1.15 -> 879616.36 | H42: =+G42*1.15 -> 1011558.8 | I42: =+H42*1.15 -> 1163292.6 | J42: =+I42*1.15 -> 1337786.5 | ... M42: =+L42*1.15 -> 2034606.1 | N42: =+SUM(B42:M42) -> 12683148
A43: =+A12 -> Produits d'entretien | B43: =+M12 -> 111657.39 | C43: =+B43*1.15 -> 128406 | D43: =+C43*1.15 -> 147666.9 | E43: =+D43*1.15 -> 169816.94 | F43: =+E43*1.15 -> 195289.48 | G43: =+F43*1.15 -> 224582.9 | H43: =+G43*1.15 -> 258270.34 | I43: =+H43*1.15 -> 297010.89 | J43: =+I43*1.15 -> 341562.52 | ... M43: =+L43*1.15 -> 519473.9 | N43: =+SUM(B43:M43) -> 3238250.6
A44: =+A13 -> Carburant | B44: =+M13 -> 325667.4 | C44: =+B44*1.15 -> 374517.51 | D44: =+C44*1.15 -> 430695.13 | E44: =+D44*1.15 -> 495299.4 | F44: =+E44*1.15 -> 569594.31 | G44: =+F44*1.15 -> 655033.46 | H44: =+G44*1.15 -> 753288.48 | I44: =+H44*1.15 -> 866281.75 | J44: =+I44*1.15 -> 996224.02 | ... M44: =+L44*1.15 -> 1515132.2 | N44: =+SUM(B44:M44) -> 9444897.5
A45: =+A14 -> TOTAL ACHATS | B45: =SUM(B39:B44) -> 2512291.4 | C45: =SUM(C39:C44) -> 2889135.1 | D45: =SUM(D39:D44) -> 3322505.3 | E45: =SUM(E39:E44) -> 3820881.1 | F45: =SUM(F39:F44) -> 4394013.3 | G45: =SUM(G39:G44) -> 5053115.3 | H45: =SUM(H39:H44) -> 5811082.6 | I45: =SUM(I39:I44) -> 6682744.9 | ... M45: =SUM(M39:M44) -> 11688163 | N45: =+SUM(B45:M45) -> 72860638
A46: =+A15 -> CHARGES EXTERNES
A47: =+A16 -> Loyer | B47: =+M16 -> 2707691.8 | C47: =+B47*1.15 -> 3113845.6 | D47: =+C47*1.15 -> 3580922.4 | E47: =+D47*1.15 -> 4118060.8 | F47: =+E47*1.15 -> 4735769.9 | G47: =+F47*1.15 -> 5446135.3 | H47: =+G47*1.15 -> 6263055.7 | I47: =+H47*1.15 -> 7202514 | J47: =+I47*1.15 -> 8282891.1 | ... M47: =+L47*1.15 -> 12597242 | N47: =+SUM(B47:M47) -> 78527577
A48: =+A17 -> Frais de télécommunication | B48: =+M17 -> 544329.79 | C48: =+B48*1.15 -> 625979.26 | D48: =+C48*1.15 -> 719876.15 | E48: =+D48*1.15 -> 827857.57 | F48: =+E48*1.15 -> 952036.21 | G48: =+F48*1.15 -> 1094841.6 | H48: =+G48*1.15 -> 1259067.9 | I48: =+H48*1.15 -> 1447928.1 | J48: =+I48*1.15 -> 1665117.3 | ... M48: =+L48*1.15 -> 2532435.2 | N48: =+SUM(B48:M48) -> 15786472
A49: =+A18 -> Voyages et Déplacements | B49: =+M18 -> 977002.19 | C49: =+B49*1.15 -> 1123552.5 | D49: =+C49*1.15 -> 1292085.4 | E49: =+D49*1.15 -> 1485898.2 | F49: =+E49*1.15 -> 1708782.9 | G49: =+F49*1.15 -> 1965100.4 | H49: =+G49*1.15 -> 2259865.4 | I49: =+H49*1.15 -> 2598845.3 | J49: =+I49*1.15 -> 2988672 | ... M49: =+L49*1.15 -> 4545396.6 | N49: =+SUM(B49:M49) -> 28334693
A50: =+A19 -> Pétits materiels et outillages | B50: =+M19 -> 325667.4 | C50: =+B50*1.15 -> 374517.51 | D50: =+C50*1.15 -> 430695.13 | E50: =+D50*1.15 -> 495299.4 | F50: =+E50*1.15 -> 569594.31 | G50: =+F50*1.15 -> 655033.46 | H50: =+G50*1.15 -> 753288.48 | I50: =+H50*1.15 -> 866281.75 | J50: =+I50*1.15 -> 996224.02 | ... M50: =+L50*1.15 -> 1515132.2 | N50: =+SUM(B50:M50) -> 9444897.5
A51: =+A20 -> TOTAL CHARGES EXTERNES | B51: =SUM(B47:B50) -> 4554691.2 | C51: =SUM(C47:C50) -> 5237894.9 | D51: =SUM(D47:D50) -> 6023579.1 | E51: =SUM(E47:E50) -> 6927115.9 | F51: =SUM(F47:F50) -> 7966183.3 | G51: =SUM(G47:G50) -> 9161110.8 | H51: =SUM(H47:H50) -> 10535277 | I51: =SUM(I47:I50) -> 12115569 | ... M51: =SUM(M47:M50) -> 21190206 | N51: =+SUM(B51:M51) -> 1.3209364e+08
A52: =+A21 -> SALAIRES ET CHARGES
A53: =+A22 -> Rémunération de personnel | B53: =+M22 -> 9165211.1 | C53: =+B53*1.15 -> 10539993 | D53: =+C53*1.15 -> 12120992 | E53: =+D53*1.15 -> 13939140 | F53: =+E53*1.15 -> 16030011 | G53: =+F53*1.15 -> 18434513 | H53: =+G53*1.15 -> 21199690 | I53: =+H53*1.15 -> 24379644 | J53: =+I53*1.15 -> 28036590 | ... M53: =+L53*1.15 -> 42640149 | N53: =+SUM(B53:M53) -> 2.658064e+08
A54: =+A23 -> Transport de personnel | B54: =+M23 -> 325667.4 | C54: =+B54*1.15 -> 374517.51 | D54: =+C54*1.15 -> 430695.13 | E54: =+D54*1.15 -> 495299.4 | F54: =+E54*1.15 -> 569594.31 | G54: =+F54*1.15 -> 655033.46 | H54: =+G54*1.15 -> 753288.48 | I54: =+H54*1.15 -> 866281.75 | J54: =+I54*1.15 -> 996224.02 | ... M54: =+L54*1.15 -> 1515132.2 | N54: =+SUM(B54:M54) -> 9444897.5
A55: =+A24 -> Charges sociales | B55: =+M24 -> 544329.79 | C55: =+B55*1.15 -> 625979.26 | D55: =+C55*1.15 -> 719876.15 | E55: =+D55*1.15 -> 827857.57 | F55: =+E55*1.15 -> 952036.21 | G55: =+F55*1.15 -> 1094841.6 | H55: =+G55*1.15 -> 1259067.9 | I55: =+H55*1.15 -> 1447928.1 | J55: =+I55*1.15 -> 1665117.3 | ... M55: =+L55*1.15 -> 2532435.2 | N55: =+SUM(B55:M55) -> 15786472
A56: =+A25 -> TOTAL SALAIRES ET CHARGES | B56: =SUM(B53:B55) -> 10035208 | C56: =SUM(C53:C55) -> 11540489 | D56: =SUM(D53:D55) -> 13271563 | E56: =SUM(E53:E55) -> 15262297 | F56: =SUM(F53:F55) -> 17551642 | G56: =SUM(G53:G55) -> 20184388 | H56: =SUM(H53:H55) -> 23212046 | I56: =SUM(I53:I55) -> 26693853 | ... M56: =SUM(M53:M55) -> 46687716 | N56: =+SUM(B56:M56) -> 2.9103777e+08
A57: =+A26 -> IMPOTS ET TAXES
A58: =+A27 -> Taxe sur les salaires | B58: =+M27 -> 437324.79 | C58: =+B58*1.15 -> 502923.51 | D58: =+C58*1.15 -> 578362.04 | E58: =+D58*1.15 -> 665116.34 | F58: =+E58*1.15 -> 764883.79 | G58: =+F58*1.15 -> 879616.36 | H58: =+G58*1.15 -> 1011558.8 | I58: =+H58*1.15 -> 1163292.6 | J58: =+I58*1.15 -> 1337786.5 | ... M58: =+L58*1.15 -> 2034606.1 | N58: =+SUM(B58:M58) -> 12683148
A59: =+A28 -> Autres taxes | B59: =+M28 -> 325667.4 | C59: =+B59*1.15 -> 374517.51 | D59: =+C59*1.15 -> 430695.13 | E59: =+D59*1.15 -> 495299.4 | F59: =+E59*1.15 -> 569594.31 | G59: =+F59*1.15 -> 655033.46 | H59: =+G59*1.15 -> 753288.48 | I59: =+H59*1.15 -> 866281.75 | J59: =+I59*1.15 -> 996224.02 | ... M59: =+L59*1.15 -> 1515132.2 | N59: =+SUM(B59:M59) -> 9444897.5
A60: =+A29 -> TOTAL IMPOTS ET TAXES | B60: =SUM(B58:B59) -> 762992.19 | C60: =SUM(C58:C59) -> 877441.02 | D60: =SUM(D58:D59) -> 1009057.2 | E60: =SUM(E58:E59) -> 1160415.7 | F60: =SUM(F58:F59) -> 1334478.1 | G60: =SUM(G58:G59) -> 1534649.8 | H60: =SUM(H58:H59) -> 1764847.3 | I60: =SUM(I58:I59) -> 2029574.4 | ... M60: =SUM(M58:M59) -> 3549738.3 | N60: =+SUM(B60:M60) -> 22128046
A61: =+A30 -> TOTAL CHARGES D'EXPLOITATIONS | B61: =+B60+B56+B51+B45 -> 17865183 | C61: =+C60+C56+C51+C45 -> 20544960 | D61: =+D60+D56+D51+D45 -> 23626704 | E61: =+E60+E56+E51+E45 -> 27170710 | F61: =+F60+F56+F51+F45 -> 31246317 | G61: =+G60+G56+G51+G45 -> 35933264 | H61: =H60+H56+H51+H45 -> 41323254 | I61: =I60+I56+I51+I45 -> 47521742 | J61: =J60+J56+J51+J45 -> 54650003 | K61: =K60+K56+K51+K45 -> 62847504 | L61: =L60+L56+L51+L45 -> 72274629 | M61: =M60+M56+M51+M45 -> 83115823 | N61: =+SUM(B61:M61) -> 5.1812009e+08
C64: 1-3-CHARGES D'EXPLOITATION
G66: Periode : | H66: =+BASE_INFORMATION!C14 -> 2028
A68: =+A37 -> LIBELLE | B68: =+B37 -> JANVIER | C68: =+C37 -> FEVRIER | D68: =+D37 -> MARS | E68: =+E37 -> AVRIL | F68: =+F37 -> MAI | G68: =+G37 -> JUIN | H68: =+H37 -> JUILLET | ... M68: =+M37 -> DECEMBRE | N68: TOTAL
A69: =+A38 -> ACHATS
A70: =+A39 -> Achats de ,,, | B70: =+M39 -> 5086515.2 | C70: =+B70*1.15 -> 5849492.5 | D70: =+C70*1.15 -> 6726916.4 | E70: =+D70*1.15 -> 7735953.9 | F70: =+E70*1.15 -> 8896346.9 | G70: =+F70*1.15 -> 10230799 | H70: =+G70*1.15 -> 11765419 | I70: =+H70*1.15 -> 13530232 | J70: =+I70*1.15 -> 15559766 | ... M70: =+L70*1.15 -> 23664460 | N70: =+SUM(B70:M70) -> 1.4751742e+08
A71: =+A40 -> Achat de fourniture de bureau | B71: =+M40 -> 1515132.2 | C71: =+B71*1.15 -> 1742402 | D71: =+C71*1.15 -> 2003762.3 | E71: =+D71*1.15 -> 2304326.7 | F71: =+E71*1.15 -> 2649975.7 | G71: =+F71*1.15 -> 3047472 | H71: =+G71*1.15 -> 3504592.8 | I71: =+H71*1.15 -> 4030281.8 | J71: =+I71*1.15 -> 4634824 | ... M71: =+L71*1.15 -> 7048988 | N71: =+SUM(B71:M71) -> 43941360
A72: =+A41 -> Consommation en Eau | B72: =+M41 -> 1017303 | C72: =+B72*1.15 -> 1169898.5 | D72: =+C72*1.15 -> 1345383.3 | E72: =+D72*1.15 -> 1547190.8 | F72: =+E72*1.15 -> 1779269.4 | G72: =+F72*1.15 -> 2046159.8 | H72: =+G72*1.15 -> 2353083.8 | I72: =+H72*1.15 -> 2706046.3 | J72: =+I72*1.15 -> 3111953.3 | ... M72: =+L72*1.15 -> 4732891.9 | N72: =+SUM(B72:M72) -> 29503485
A73: =+A42 -> Consommation en Electricité | B73: =+M42 -> 2034606.1 | C73: =+B73*1.15 -> 2339797 | D73: =+C73*1.15 -> 2690766.6 | E73: =+D73*1.15 -> 3094381.5 | F73: =+E73*1.15 -> 3558538.8 | G73: =+F73*1.15 -> 4092319.6 | H73: =+G73*1.15 -> 4706167.5 | I73: =+H73*1.15 -> 5412092.7 | J73: =+I73*1.15 -> 6223906.6 | ... M73: =+L73*1.15 -> 9465783.9 | N73: =+SUM(B73:M73) -> 59006969
A74: =+A43 -> Produits d'entretien | B74: =+M43 -> 519473.9 | C74: =+B74*1.15 -> 597394.98 | D74: =+C74*1.15 -> 687004.23 | E74: =+D74*1.15 -> 790054.86 | F74: =+E74*1.15 -> 908563.09 | G74: =+F74*1.15 -> 1044847.6 | H74: =+G74*1.15 -> 1201574.7 | I74: =+H74*1.15 -> 1381810.9 | J74: =+I74*1.15 -> 1589082.5 | ... M74: =+L74*1.15 -> 2416795.9 | N74: =+SUM(B74:M74) -> 15065609
A75: =+A44 -> Carburant | B75: =+M44 -> 1515132.2 | C75: =+B75*1.15 -> 1742402 | D75: =+C75*1.15 -> 2003762.3 | E75: =+D75*1.15 -> 2304326.7 | F75: =+E75*1.15 -> 2649975.7 | G75: =+F75*1.15 -> 3047472 | H75: =+G75*1.15 -> 3504592.8 | I75: =+H75*1.15 -> 4030281.8 | J75: =+I75*1.15 -> 4634824 | ... M75: =+L75*1.15 -> 7048988 | N75: =+SUM(B75:M75) -> 43941360
A76: =+A45 -> TOTAL ACHATS | B76: =SUM(B70:B75) -> 11688163 | C76: =SUM(C70:C75) -> 13441387 | D76: =SUM(D70:D75) -> 15457595 | E76: =SUM(E70:E75) -> 17776234 | F76: =SUM(F70:F75) -> 20442670 | G76: =SUM(G70:G75) -> 23509070 | H76: =SUM(H70:H75) -> 27035431 | I76: =SUM(I70:I75) -> 31090745 | ... M76: =SUM(M70:M75) -> 54377907 | N76: =+SUM(B76:M76) -> 3.3897621e+08
A77: =+A46 -> CHARGES EXTERNES
A78: =+A47 -> Loyer | B78: =+M47 -> 12597242 | C78: =+B78*1.15 -> 14486828 | D78: =+C78*1.15 -> 16659853 | E78: =+D78*1.15 -> 19158830 | F78: =+E78*1.15 -> 22032655 | G78: =+F78*1.15 -> 25337553 | H78: =+G78*1.15 -> 29138186 | I78: =+H78*1.15 -> 33508914 | J78: =+I78*1.15 -> 38535251 | ... M78: =+L78*1.15 -> 58607300 | N78: =+SUM(B78:M78) -> 3.6534102e+08
A79: =+A48 -> Frais de télécommunication | B79: =+M48 -> 2532435.2 | C79: =+B79*1.15 -> 2912300.5 | D79: =+C79*1.15 -> 3349145.6 | E79: =+D79*1.15 -> 3851517.5 | F79: =+E79*1.15 -> 4429245.1 | G79: =+F79*1.15 -> 5093631.8 | H79: =+G79*1.15 -> 5857676.6 | I79: =+H79*1.15 -> 6736328.1 | J79: =+I79*1.15 -> 7746777.3 | ... M79: =+L79*1.15 -> 11781880 | N79: =+SUM(B79:M79) -> 73444845
A80: =+A49 -> Voyages et Déplacements | B80: =+M49 -> 4545396.6 | C80: =+B80*1.15 -> 5227206.1 | D80: =+C80*1.15 -> 6011287 | E80: =+D80*1.15 -> 6912980.1 | F80: =+E80*1.15 -> 7949927.1 | G80: =+F80*1.15 -> 9142416.1 | H80: =+G80*1.15 -> 10513779 | I80: =+H80*1.15 -> 12090845 | J80: =+I80*1.15 -> 13904472 | ... M80: =+L80*1.15 -> 21146964 | N80: =+SUM(B80:M80) -> 1.3182408e+08
A81: =+A50 -> Pétits materiels et outillages | B81: =+M50 -> 1515132.2 | C81: =+B81*1.15 -> 1742402 | D81: =+C81*1.15 -> 2003762.3 | E81: =+D81*1.15 -> 2304326.7 | F81: =+E81*1.15 -> 2649975.7 | G81: =+F81*1.15 -> 3047472 | H81: =+G81*1.15 -> 3504592.8 | I81: =+H81*1.15 -> 4030281.8 | J81: =+I81*1.15 -> 4634824 | ... M81: =+L81*1.15 -> 7048988 | N81: =+SUM(B81:M81) -> 43941360
A82: =+A51 -> TOTAL CHARGES EXTERNES | B82: =SUM(B78:B81) -> 21190206 | C82: =SUM(C78:C81) -> 24368737 | D82: =SUM(D78:D81) -> 28024047 | E82: =SUM(E78:E81) -> 32227655 | F82: =SUM(F78:F81) -> 37061803 | G82: =SUM(G78:G81) -> 42621073 | H82: =SUM(H78:H81) -> 49014234 | I82: =SUM(I78:I81) -> 56366369 | ... M82: =SUM(M78:M81) -> 98585132 | N82: =+SUM(B82:M82) -> 6.1455131e+08
A83: =+A52 -> SALAIRES ET CHARGES
A84: =+A53 -> Rémunération de personnel | B84: =+M53 -> 42640149 | C84: =+B84*1.15 -> 49036171 | D84: =+C84*1.15 -> 56391597 | E84: =+D84*1.15 -> 64850337 | F84: =+E84*1.15 -> 74577887 | G84: =+F84*1.15 -> 85764570 | H84: =+G84*1.15 -> 98629256 | I84: =+H84*1.15 -> 1.1342364e+08 | J84: =+I84*1.15 -> 1.3043719e+08 | ... M84: =+L84*1.15 -> 1.9837866e+08 | N84: =+SUM(B84:M84) -> 1.2366354e+09
A85: =+A54 -> Transport de personnel | B85: =+M54 -> 1515132.2 | C85: =+B85*1.15 -> 1742402 | D85: =+C85*1.15 -> 2003762.3 | E85: =+D85*1.15 -> 2304326.7 | F85: =+E85*1.15 -> 2649975.7 | G85: =+F85*1.15 -> 3047472 | H85: =+G85*1.15 -> 3504592.8 | I85: =+H85*1.15 -> 4030281.8 | J85: =+I85*1.15 -> 4634824 | ... M85: =+L85*1.15 -> 7048988 | N85: =+SUM(B85:M85) -> 43941360
A86: =+A55 -> Charges sociales | B86: =+M55 -> 2532435.2 | C86: =+B86*1.15 -> 2912300.5 | D86: =+C86*1.15 -> 3349145.6 | E86: =+D86*1.15 -> 3851517.5 | F86: =+E86*1.15 -> 4429245.1 | G86: =+F86*1.15 -> 5093631.8 | H86: =+G86*1.15 -> 5857676.6 | I86: =+H86*1.15 -> 6736328.1 | J86: =+I86*1.15 -> 7746777.3 | ... M86: =+L86*1.15 -> 11781880 | N86: =+SUM(B86:M86) -> 73444845
A87: =+A56 -> TOTAL SALAIRES ET CHARGES | B87: =SUM(B84:B86) -> 46687716 | C87: =SUM(C84:C86) -> 53690874 | D87: =SUM(D84:D86) -> 61744505 | E87: =SUM(E84:E86) -> 71006181 | F87: =SUM(F84:F86) -> 81657108 | G87: =SUM(G84:G86) -> 93905674 | H87: =SUM(H84:H86) -> 1.0799153e+08 | I87: =SUM(I84:I86) -> 1.2419025e+08 | ... M87: =SUM(M84:M86) -> 2.1720953e+08 | N87: =+SUM(B87:M87) -> 1.3540216e+09
A88: =+A57 -> IMPOTS ET TAXES
A89: =+A58 -> Taxe sur les salaires | B89: =+M58 -> 2034606.1 | C89: =+B89*1.15 -> 2339797 | D89: =+C89*1.15 -> 2690766.6 | E89: =+D89*1.15 -> 3094381.5 | F89: =+E89*1.15 -> 3558538.8 | G89: =+F89*1.15 -> 4092319.6 | H89: =+G89*1.15 -> 4706167.5 | I89: =+H89*1.15 -> 5412092.7 | J89: =+I89*1.15 -> 6223906.6 | ... M89: =+L89*1.15 -> 9465783.9 | N89: =+SUM(B89:M89) -> 59006969
A90: =+A59 -> Autres taxes | B90: =+M59 -> 1515132.2 | C90: =+B90*1.15 -> 1742402 | D90: =+C90*1.15 -> 2003762.3 | E90: =+D90*1.15 -> 2304326.7 | F90: =+E90*1.15 -> 2649975.7 | G90: =+F90*1.15 -> 3047472 | H90: =+G90*1.15 -> 3504592.8 | I90: =+H90*1.15 -> 4030281.8 | J90: =+I90*1.15 -> 4634824 | ... M90: =+L90*1.15 -> 7048988 | N90: =+SUM(B90:M90) -> 43941360
A91: =+A60 -> TOTAL IMPOTS ET TAXES | B91: =SUM(B89:B90) -> 3549738.3 | C91: =SUM(C89:C90) -> 4082199 | D91: =SUM(D89:D90) -> 4694528.9 | E91: =SUM(E89:E90) -> 5398708.2 | F91: =SUM(F89:F90) -> 6208514.5 | G91: =SUM(G89:G90) -> 7139791.6 | H91: =SUM(H89:H90) -> 8210760.4 | I91: =SUM(I89:I90) -> 9442374.4 | ... M91: =SUM(M89:M90) -> 16514772 | N91: =+SUM(B91:M91) -> 1.0294833e+08
A92: =+A61 -> TOTAL CHARGES D'EXPLOITATIONS | B92: =+B91+B87+B82+B76 -> 83115823 | C92: =+C91+C87+C82+C76 -> 95583197 | D92: =+D91+D87+D82+D76 -> 1.0992068e+08 | E92: =+E91+E87+E82+E76 -> 1.2640878e+08 | F92: =+F91+F87+F82+F76 -> 1.4537009e+08 | G92: =+G91+G87+G82+G76 -> 1.6717561e+08 | H92: =H91+H87+H82+H76 -> 1.9225195e+08 | I92: =I91+I87+I82+I76 -> 2.2108974e+08 | J92: =J91+J87+J82+J76 -> 2.542532e+08 | K92: =K91+K87+K82+K76 -> 2.9239118e+08 | L92: =L91+L87+L82+L76 -> 3.3624986e+08 | M92: =M91+M87+M82+M76 -> 3.8668734e+08 | N92: =+SUM(B92:M92) -> 2.4104975e+09
C95: 1-4-CHARGES D'EXPLOITATION
G97: Periode : | H97: =+BASE_INFORMATION!D14 -> 2029
A99: =+A68 -> LIBELLE | B99: =+B68 -> JANVIER | C99: =+C68 -> FEVRIER | D99: =+D68 -> MARS | E99: =+E68 -> AVRIL | F99: =+F68 -> MAI | G99: =+G68 -> JUIN | H99: =+H68 -> JUILLET | ... M99: =+M68 -> DECEMBRE | N99: TOTAL
A100: =+A69 -> ACHATS
A101: =+A70 -> Achats de ,,, | B101: =+M70 -> 23664460 | C101: =+B101*1.15 -> 27214129 | D101: =+C101*1.15 -> 31296248 | E101: =+D101*1.15 -> 35990685 | F101: =+E101*1.15 -> 41389288 | G101: =+F101*1.15 -> 47597681 | H101: =+G101*1.15 -> 54737333 | I101: =+H101*1.15 -> 62947933 | J101: =+I101*1.15 -> 72390123 | ... M101: =+L101*1.15 -> 1.1009633e+08 | N101: =+SUM(B101:M101) -> 6.8630879e+08
A102: =+A71 -> Achat de fourniture de bureau | B102: =+M71 -> 7048988 | C102: =+B102*1.15 -> 8106336.2 | D102: =+C102*1.15 -> 9322286.6 | E102: =+D102*1.15 -> 10720630 | F102: =+E102*1.15 -> 12328724 | G102: =+F102*1.15 -> 14178033 | H102: =+G102*1.15 -> 16304738 | I102: =+H102*1.15 -> 18750448 | J102: =+I102*1.15 -> 21563015 | ... M102: =+L102*1.15 -> 32794651 | N102: =+SUM(B102:M102) -> 2.0443241e+08
A103: =+A72 -> Consommation en Eau | B103: =+M72 -> 4732891.9 | C103: =+B103*1.15 -> 5442825.7 | D103: =+C103*1.15 -> 6259249.6 | E103: =+D103*1.15 -> 7198137 | F103: =+E103*1.15 -> 8277857.6 | G103: =+F103*1.15 -> 9519536.2 | H103: =+G103*1.15 -> 10947467 | I103: =+H103*1.15 -> 12589587 | J103: =+I103*1.15 -> 14478025 | ... M103: =+L103*1.15 -> 22019266 | N103: =+SUM(B103:M103) -> 1.3726176e+08
A104: =+A73 -> Consommation en Electricité | B104: =+M73 -> 9465783.9 | C104: =+B104*1.15 -> 10885651 | D104: =+C104*1.15 -> 12518499 | E104: =+D104*1.15 -> 14396274 | F104: =+E104*1.15 -> 16555715 | G104: =+F104*1.15 -> 19039072 | H104: =+G104*1.15 -> 21894933 | I104: =+H104*1.15 -> 25179173 | J104: =+I104*1.15 -> 28956049 | ... M104: =+L104*1.15 -> 44038532 | N104: =+SUM(B104:M104) -> 2.7452352e+08
A105: =+A74 -> Produits d'entretien | B105: =+M74 -> 2416795.9 | C105: =+B105*1.15 -> 2779315.3 | D105: =+C105*1.15 -> 3196212.6 | E105: =+D105*1.15 -> 3675644.4 | F105: =+E105*1.15 -> 4226991.1 | G105: =+F105*1.15 -> 4861039.8 | H105: =+G105*1.15 -> 5590195.7 | I105: =+H105*1.15 -> 6428725.1 | J105: =+I105*1.15 -> 7393033.9 | ... M105: =+L105*1.15 -> 11243880 | N105: =+SUM(B105:M105) -> 70091110
A106: =+A75 -> Carburant | B106: =+M75 -> 7048988 | C106: =+B106*1.15 -> 8106336.2 | D106: =+C106*1.15 -> 9322286.6 | E106: =+D106*1.15 -> 10720630 | F106: =+E106*1.15 -> 12328724 | G106: =+F106*1.15 -> 14178033 | H106: =+G106*1.15 -> 16304738 | I106: =+H106*1.15 -> 18750448 | J106: =+I106*1.15 -> 21563015 | ... M106: =+L106*1.15 -> 32794651 | N106: =+SUM(B106:M106) -> 2.0443241e+08
A107: =+A76 -> TOTAL ACHATS | B107: =SUM(B101:B106) -> 54377907 | C107: =SUM(C101:C106) -> 62534594 | D107: =SUM(D101:D106) -> 71914783 | E107: =SUM(E101:E106) -> 82702000 | F107: =SUM(F101:F106) -> 95107300 | G107: =SUM(G101:G106) -> 1.093734e+08 | H107: =SUM(H101:H106) -> 1.257794e+08 | I107: =SUM(I101:I106) -> 1.4464631e+08 | ... M107: =SUM(M101:M106) -> 2.5298731e+08 | N107: =+SUM(B107:M107) -> 1.57705e+09
A108: =+A77 -> CHARGES EXTERNES
A109: =+A78 -> Loyer | B109: =+M78 -> 58607300 | C109: =+B109*1.15 -> 67398395 | D109: =+C109*1.15 -> 77508155 | E109: =+D109*1.15 -> 89134378 | F109: =+E109*1.15 -> 1.0250453e+08 | G109: =+F109*1.15 -> 1.1788021e+08 | H109: =+G109*1.15 -> 1.3556225e+08 | I109: =+H109*1.15 -> 1.5589658e+08 | J109: =+I109*1.15 -> 1.7928107e+08 | ... M109: =+L109*1.15 -> 2.726641e+08 | N109: =+SUM(B109:M109) -> 1.6997094e+09
A110: =+A79 -> Frais de télécommunication | B110: =+M79 -> 11781880 | C110: =+B110*1.15 -> 13549162 | D110: =+C110*1.15 -> 15581536 | E110: =+D110*1.15 -> 17918767 | F110: =+E110*1.15 -> 20606582 | G110: =+F110*1.15 -> 23697569 | H110: =+G110*1.15 -> 27252204 | I110: =+H110*1.15 -> 31340035 | J110: =+I110*1.15 -> 36041040 | ... M110: =+L110*1.15 -> 54813917 | N110: =+SUM(B110:M110) -> 3.4169416e+08
A111: =+A80 -> Voyages et Déplacements | B111: =+M80 -> 21146964 | C111: =+B111*1.15 -> 24319009 | D111: =+C111*1.15 -> 27966860 | E111: =+D111*1.15 -> 32161889 | F111: =+E111*1.15 -> 36986172 | G111: =+F111*1.15 -> 42534098 | H111: =+G111*1.15 -> 48914213 | I111: =+H111*1.15 -> 56251345 | J111: =+I111*1.15 -> 64689046 | ... M111: =+L111*1.15 -> 98383953 | N111: =+SUM(B111:M111) -> 6.1329722e+08
A112: =+A81 -> Pétits materiels et outillages | B112: =+M81 -> 7048988 | C112: =+B112*1.15 -> 8106336.2 | D112: =+C112*1.15 -> 9322286.6 | E112: =+D112*1.15 -> 10720630 | F112: =+E112*1.15 -> 12328724 | G112: =+F112*1.15 -> 14178033 | H112: =+G112*1.15 -> 16304738 | I112: =+H112*1.15 -> 18750448 | J112: =+I112*1.15 -> 21563015 | ... M112: =+L112*1.15 -> 32794651 | N112: =+SUM(B112:M112) -> 2.0443241e+08
A113: =+A82 -> TOTAL CHARGES EXTERNES | B113: =SUM(B109:B112) -> 98585132 | C113: =SUM(C109:C112) -> 1.133729e+08 | D113: =SUM(D109:D112) -> 1.3037884e+08 | E113: =SUM(E109:E112) -> 1.4993566e+08 | F113: =SUM(F109:F112) -> 1.7242601e+08 | G113: =SUM(G109:G112) -> 1.9828991e+08 | H113: =SUM(H109:H112) -> 2.280334e+08 | I113: =SUM(I109:I112) -> 2.6223841e+08 | ... M113: =SUM(M109:M112) -> 4.5865662e+08 | N113: =+SUM(B113:M113) -> 2.8591332e+09
A114: =+A83 -> SALAIRES ET CHARGES
A115: =+A84 -> Rémunération de personnel | B115: =+M84 -> 1.9837866e+08 | C115: =+B115*1.15 -> 2.2813546e+08 | D115: =+C115*1.15 -> 2.6235578e+08 | E115: =+D115*1.15 -> 3.0170915e+08 | F115: =+E115*1.15 -> 3.4696552e+08 | G115: =+F115*1.15 -> 3.9901035e+08 | H115: =+G115*1.15 -> 4.588619e+08 | I115: =+H115*1.15 -> 5.2769119e+08 | J115: =+I115*1.15 -> 6.0684486e+08 | ... M115: =+L115*1.15 -> 9.2293518e+08 | N115: =+SUM(B115:M115) -> 5.753312e+09
...

Sheet CA_annuel_PREVISL
A2: 1-CHIFFRE D'AFFAIRE PREVISIONNEL
A6: LIBELLE | B6: =BASE_INFORMATION!A14 -> 2026 | C6: =BASE_INFORMATION!B14 -> 2027 | D6: =BASE_INFORMATION!C14 -> 2028 | E6: =BASE_INFORMATION!D14 -> 2029 | F6: =BASE_INFORMATION!E14 -> 2030 | G6: TOTAL
A7: =+'Chifre d''affaire-mens_anné_N'!A8 -> Activité principal du chiffre d'affaire | B7: =+'Detail_Chiffr d''affair-Previsl'!N8 -> 59250406 | C7: =+'Detail_Chiffr d''affair-Previsl'!N19 -> 2.7551584e+08 | D7: =+'Detail_Chiffr d''affair-Previsl'!N31 -> 1.305075e+09 | E7: =+'Detail_Chiffr d''affair-Previsl'!N43 -> 6.0903501e+09 | F7: =+'Detail_Chiffr d''affair-Previsl'!N55 -> 2.8363631e+10 | G7: =SUM(B7:F7) -> 3.6093822e+10
A8: =+'Chifre d''affaire-mens_anné_N'!A9 -> Activité secondaire du chiffre d'affaire | B8: =+'Detail_Chiffr d''affair-Previsl'!N9 -> 31176792 | C8: =+'Detail_Chiffr d''affair-Previsl'!N20 -> 1.4500834e+08 | D8: =+'Detail_Chiffr d''affair-Previsl'!N32 -> 7.2504168e+08 | E8: =+'Detail_Chiffr d''affair-Previsl'!N44 -> 3.3931951e+09 | F8: =+'Detail_Chiffr d''affair-Previsl'!N56 -> 1.5805909e+10 | G8: =SUM(B8:F8) -> 2.0100331e+10
A9: =+'Chifre d''affaire-mens_anné_N'!A10 -> Activité 3 du chiffre d'affaire | B9: =+'Detail_Chiffr d''affair-Previsl'!N10 -> 15602897 | C9: =+'Detail_Chiffr d''affair-Previsl'!N21 -> 72504168 | D9: =+'Detail_Chiffr d''affair-Previsl'!N33 -> 3.4802001e+08 | E9: =+'Detail_Chiffr d''affair-Previsl'!N45 -> 1.6240934e+09 | F9: =+'Detail_Chiffr d''affair-Previsl'!N57 -> 7.5694352e+09 | G9: =SUM(B9:F9) -> 9.6296556e+09
A10: TOTAUX | B10: =+SUM(B7:B9) -> 1.060301e+08 | C10: =+SUM(C7:C9) -> 4.9302835e+08 | D10: =+SUM(D7:D9) -> 2.3781367e+09 | E10: =+SUM(E7:E9) -> 1.1107639e+10 | F10: =+SUM(F7:F9) -> 5.1738975e+10 | G10: =+SUM(G7:G9) -> 6.5823808e+10

Sheet Feuil5

Sheet Charg-annuel_EXPL-PREVSL
A1: 2-CHARGES D'EXPLOITATION PREVISIONNEL
A3: LIBELLE | B3: =BASE_INFORMATION!A14 -> 2026 | C3: =BASE_INFORMATION!B14 -> 2027 | D3: =BASE_INFORMATION!C14 -> 2028 | E3: =BASE_INFORMATION!D14 -> 2029 | F3: =BASE_INFORMATION!E14 -> 2030 | G3: TOTAL
A4: =+'Detail charge d''exploit_previsl'!A7 -> #REF!
A5: =+'Detail charge d''exploit_previsl'!A8 -> Achats de ,,, | B5: =+'Detail charge d''exploit_previsl'!N8 -> 6815391.8 | C5: =+'Detail charge d''exploit_previsl'!N39 -> 31707870 | D5: =+'Detail charge d''exploit_previsl'!N70 -> 1.4751742e+08 | E5: =+'Detail charge d''exploit_previsl'!N101 -> 6.8630879e+08 | F5: =+'Detail charge d''exploit_previsl'!N132 -> 3.1929771e+09 | G5: =SUM(B5:F5) -> 4.0653266e+09
A6: =+'Detail charge d''exploit_previsl'!A9 -> Achat de fourniture de bureau | B6: =+'Detail charge d''exploit_previsl'!N9 -> 2030116.7 | C6: =+'Detail charge d''exploit_previsl'!N40 -> 9444897.5 | D6: =+'Detail charge d''exploit_previsl'!N71 -> 43941360 | E6: =+'Detail charge d''exploit_previsl'!N102 -> 2.0443241e+08 | F6: =+'Detail charge d''exploit_previsl'!N133 -> 9.5109956e+08 | G6: =SUM(B6:F6) -> 1.2109483e+09
A7: =+'Detail charge d''exploit_previsl'!A10 -> Consommation en Eau | B7: =+'Detail charge d''exploit_previsl'!N10 -> 1363078.4 | C7: =+'Detail charge d''exploit_previsl'!N41 -> 6341574.1 | D7: =+'Detail charge d''exploit_previsl'!N72 -> 29503485 | E7: =+'Detail charge d''exploit_previsl'!N103 -> 1.3726176e+08 | F7: =+'Detail charge d''exploit_previsl'!N134 -> 6.3859542e+08 | G7: =SUM(B7:F7) -> 8.1306532e+08
A8: =+'Detail charge d''exploit_previsl'!A11 -> Consommation en Electricité | B8: =+'Detail charge d''exploit_previsl'!N11 -> 2726156.7 | C8: =+'Detail charge d''exploit_previsl'!N42 -> 12683148 | D8: =+'Detail charge d''exploit_previsl'!N73 -> 59006969 | E8: =+'Detail charge d''exploit_previsl'!N104 -> 2.7452352e+08 | F8: =+'Detail charge d''exploit_previsl'!N135 -> 1.2771908e+09 | G8: =SUM(B8:F8) -> 1.6261306e+09
A9: =+'Detail charge d''exploit_previsl'!A12 -> Produits d'entretien | B9: =+'Detail charge d''exploit_previsl'!N12 -> 696040.02 | C9: =+'Detail charge d''exploit_previsl'!N43 -> 3238250.6 | D9: =+'Detail charge d''exploit_previsl'!N74 -> 15065609 | E9: =+'Detail charge d''exploit_previsl'!N105 -> 70091110 | F9: =+'Detail charge d''exploit_previsl'!N136 -> 3.2609128e+08 | G9: =SUM(B9:F9) -> 4.1518229e+08
A10: =+'Detail charge d''exploit_previsl'!A13 -> Carburant | B10: =+'Detail charge d''exploit_previsl'!N13 -> 2030116.7 | C10: =+'Detail charge d''exploit_previsl'!N44 -> 9444897.5 | D10: =+'Detail charge d''exploit_previsl'!N75 -> 43941360 | E10: =+'Detail charge d''exploit_previsl'!N106 -> 2.0443241e+08 | F10: =+'Detail charge d''exploit_previsl'!N137 -> 9.5109956e+08 | G10: =SUM(B10:F10) -> 1.2109483e+09
A11: =+'Detail charge d''exploit_previsl'!A14 -> TOTAL ACHATS | B11: =+'Detail charge d''exploit_previsl'!N14 -> 15660900 | C11: =+'Detail charge d''exploit_previsl'!N45 -> 72860638 | D11: =+'Detail charge d''exploit_previsl'!N76 -> 3.3897621e+08 | E11: =+'Detail charge d''exploit_previsl'!N107 -> 1.57705e+09 | F11: =+'Detail charge d''exploit_previsl'!N138 -> 7.3370538e+09 | G11: =SUM(B11:F11) -> 9.3416015e+09
A12: =+'Detail charge d''exploit_previsl'!A15:M15 -> CHARGES EXTERNES
A13: =+'Detail charge d''exploit_previsl'!A16 -> Loyer | B13: =+'Detail charge d''exploit_previsl'!N16 -> 16878970 | C13: =+'Detail charge d''exploit_previsl'!N47 -> 78527577 | D13: =+'Detail charge d''exploit_previsl'!N78 -> 3.6534102e+08 | E13: =+'Detail charge d''exploit_previsl'!N109 -> 1.6997094e+09 | F13: =+'Detail charge d''exploit_previsl'!N140 -> 7.9077135e+09 | G13: =SUM(B13:F13) -> 1.0068171e+10
A14: =+'Detail charge d''exploit_previsl'!A17 -> Frais de télécommunication | B14: =+'Detail charge d''exploit_previsl'!N17 -> 3393195.1 | C14: =+'Detail charge d''exploit_previsl'!N48 -> 15786472 | D14: =+'Detail charge d''exploit_previsl'!N79 -> 73444845 | E14: =+'Detail charge d''exploit_previsl'!N110 -> 3.4169416e+08 | F14: =+'Detail charge d''exploit_previsl'!N141 -> 1.589695e+09 | G14: =SUM(B14:F14) -> 2.0240137e+09
A15: =+'Detail charge d''exploit_previsl'!A18 -> Voyages et Déplacements | B15: =+'Detail charge d''exploit_previsl'!N18 -> 6090350.1 | C15: =+'Detail charge d''exploit_previsl'!N49 -> 28334693 | D15: =+'Detail charge d''exploit_previsl'!N80 -> 1.3182408e+08 | E15: =+'Detail charge d''exploit_previsl'!N111 -> 6.1329722e+08 | F15: =+'Detail charge d''exploit_previsl'!N142 -> 2.8532987e+09 | G15: =SUM(B15:F15) -> 3.632845e+09
A16: =+'Detail charge d''exploit_previsl'!A19 -> Pétits materiels et outillages | B16: =+'Detail charge d''exploit_previsl'!N19 -> 2030116.7 | C16: =+'Detail charge d''exploit_previsl'!N50 -> 9444897.5 | D16: =+'Detail charge d''exploit_previsl'!N81 -> 43941360 | E16: =+'Detail charge d''exploit_previsl'!N112 -> 2.0443241e+08 | F16: =+'Detail charge d''exploit_previsl'!N143 -> 9.5109956e+08 | G16: =SUM(B16:F16) -> 1.2109483e+09
A17: =+'Detail charge d''exploit_previsl'!A20 -> TOTAL CHARGES EXTERNES | B17: =+'Detail charge d''exploit_previsl'!N20 -> 28392632 | C17: =+'Detail charge d''exploit_previsl'!N51 -> 1.3209364e+08 | D17: =+'Detail charge d''exploit_previsl'!N82 -> 6.1455131e+08 | E17: =+'Detail charge d''exploit_previsl'!N113 -> 2.8591332e+09 | F17: =+'Detail charge d''exploit_previsl'!N144 -> 1.3301807e+10 | G17: =SUM(B17:F17) -> 1.6935978e+10
A18: =+'Detail charge d''exploit_previsl'!A21:M21 -> SALAIRES ET CHARGES
A19: =+'Detail charge d''exploit_previsl'!A22 -> Rémunération de personnel | B19: =+'Detail charge d''exploit_previsl'!N22 -> 57133285 | C19: =+'Detail charge d''exploit_previsl'!N53 -> 2.658064e+08 | D19: =+'Detail charge d''exploit_previsl'!N84 -> 1.2366354e+09 | E19: =+'Detail charge d''exploit_previsl'!N115 -> 5.753312e+09 | F19: =+'Detail charge d''exploit_previsl'!N146 -> 2.6766659e+10 | G19: =SUM(B19:F19) -> 3.4079546e+10
A20: =+'Detail charge d''exploit_previsl'!A23 -> Transport de personnel | B20: =+'Detail charge d''exploit_previsl'!N23 -> 2030116.7 | C20: =+'Detail charge d''exploit_previsl'!N54 -> 9444897.5 | D20: =+'Detail charge d''exploit_previsl'!N85 -> 43941360 | E20: =+'Detail charge d''exploit_previsl'!N116 -> 2.0443241e+08 | F20: =+'Detail charge d''exploit_previsl'!N147 -> 9.5109956e+08 | G20: =SUM(B20:F20) -> 1.2109483e+09
A21: =+'Detail charge d''exploit_previsl'!A24 -> Charges sociales | B21: =+'Detail charge d''exploit_previsl'!N24 -> 3393195.1 | C21: =+'Detail charge d''exploit_previsl'!N55 -> 15786472 | D21: =+'Detail charge d''exploit_previsl'!N86 -> 73444845 | E21: =+'Detail charge d''exploit_previsl'!N117 -> 3.4169416e+08 | F21: =+'Detail charge d''exploit_previsl'!N148 -> 1.589695e+09 | G21: =SUM(B21:F21) -> 2.0240137e+09
A22: =+'Detail charge d''exploit_previsl'!A25 -> TOTAL SALAIRES ET CHARGES | B22: =+'Detail charge d''exploit_previsl'!N25 -> 62556597 | C22: =+'Detail charge d''exploit_previsl'!N56 -> 2.9103777e+08 | D22: =+'Detail charge d''exploit_previsl'!N87 -> 1.3540216e+09 | E22: =+'Detail charge d''exploit_previsl'!N118 -> 6.2994386e+09 | F22: =+'Detail charge d''exploit_previsl'!N149 -> 2.9307454e+10 | G22: =SUM(B22:F22) -> 3.7314508e+10
A23: =+'Detail charge d''exploit_previsl'!A26:M26 -> IMPOTS ET TAXES
A24: =+'Detail charge d''exploit_previsl'!A27 -> Taxe sur les salaires | B24: =+'Detail charge d''exploit_previsl'!N27 -> 2726156.7 | C24: =+'Detail charge d''exploit_previsl'!N58 -> 12683148 | D24: =+'Detail charge d''exploit_previsl'!N89 -> 59006969 | E24: =+'Detail charge d''exploit_previsl'!N120 -> 2.7452352e+08 | F24: =+'Detail charge d''exploit_previsl'!N151 -> 1.2771908e+09 | G24: =SUM(B24:F24) -> 1.6261306e+09
A25: =+'Detail charge d''exploit_previsl'!A28 -> Autres taxes | B25: =+'Detail charge d''exploit_previsl'!N28 -> 2030116.7 | C25: =+'Detail charge d''exploit_previsl'!N59 -> 9444897.5 | D25: =+'Detail charge d''exploit_previsl'!N90 -> 43941360 | E25: =+'Detail charge d''exploit_previsl'!N121 -> 2.0443241e+08 | F25: =+'Detail charge d''exploit_previsl'!N152 -> 9.5109956e+08 | G25: =SUM(B25:F25) -> 1.2109483e+09
A26: =+'Detail charge d''exploit_previsl'!A29 -> TOTAL IMPOTS ET TAXES | B26: =+'Detail charge d''exploit_previsl'!N29 -> 4756273.4 | C26: =+'Detail charge d''exploit_previsl'!N60 -> 22128046 | D26: =+'Detail charge d''exploit_previsl'!N91 -> 1.0294833e+08 | E26: =+'Detail charge d''exploit_previsl'!N122 -> 4.7895592e+08 | F26: =+'Detail charge d''exploit_previsl'!N153 -> 2.2282904e+09 | G26: =SUM(B26:F26) -> 2.837079e+09
A27: =+'Detail charge d''exploit_previsl'!A30 -> TOTAL CHARGES D'EXPLOITATIONS | B27: =+'Detail charge d''exploit_previsl'!N30 -> 1.113664e+08 | C27: =+'Detail charge d''exploit_previsl'!N61 -> 5.1812009e+08 | D27: =+'Detail charge d''exploit_previsl'!N92 -> 2.4104975e+09 | E27: =+'Detail charge d''exploit_previsl'!N123 -> 1.1214578e+10 | F27: =+'Detail charge d''exploit_previsl'!N154 -> 5.2174605e+10 | G27: =+G26+G22+G17+G11 -> 6.6429166e+10

Sheet Compte-annuel_EXPL-PREVSL
A2: 3- COMPTE D'EXPLOITATION
A5: LIBELLE | B5: ='Charg-annuel_EXPL-PREVSL'!B3 -> 2026 | C5: ='Charg-annuel_EXPL-PREVSL'!C3 -> 2027 | D5: ='Charg-annuel_EXPL-PREVSL'!D3 -> 2028 | E5: ='Charg-annuel_EXPL-PREVSL'!E3 -> 2029 | F5: ='Charg-annuel_EXPL-PREVSL'!F3 -> 2030 | G5: TOTAL
A6: CHIFFRE D'AFFAIRE
A7: Chiffre d'affaire | B7: =+CA_annuel_PREVISL!B7 -> 59250406 | C7: =+CA_annuel_PREVISL!C7 -> 2.7551584e+08 | D7: =+CA_annuel_PREVISL!D7 -> 1.305075e+09 | E7: =+CA_annuel_PREVISL!E7 -> 6.0903501e+09 | F7: =+CA_annuel_PREVISL!F7 -> 2.8363631e+10 | G7: =SUM(B7:F7) -> 3.6093822e+10
G8: =SUM(B8:F8) -> 0
A9: CHIFFRE D'AFFAIRE | B9: =+B7 -> 59250406 | C9: =+C7 -> 2.7551584e+08 | D9: =+D7 -> 1.305075e+09 | E9: =+E7 -> 6.0903501e+09 | F9: =+F7 -> 2.8363631e+10 | G9: =SUM(B9:F9) -> 3.6093822e+10
A10: CHARGES D'EXPLOITATION
A11: Achats | B11: =+'Charg-annuel_EXPL-PREVSL'!B11 -> 15660900 | C11: =+'Charg-annuel_EXPL-PREVSL'!C11 -> 72860638 | D11: =+'Charg-annuel_EXPL-PREVSL'!D11 -> 3.3897621e+08 | E11: =+'Charg-annuel_EXPL-PREVSL'!E11 -> 1.57705e+09 | F11: =+'Charg-annuel_EXPL-PREVSL'!F11 -> 7.3370538e+09 | G11: =SUM(B11:F11) -> 9.3416015e+09
A12: Charges externes | B12: =+'Charg-annuel_EXPL-PREVSL'!B17 -> 28392632 | C12: =+'Charg-annuel_EXPL-PREVSL'!C17 -> 1.3209364e+08 | D12: =+'Charg-annuel_EXPL-PREVSL'!D17 -> 6.1455131e+08 | E12: =+'Charg-annuel_EXPL-PREVSL'!E17 -> 2.8591332e+09 | F12: =+'Charg-annuel_EXPL-PREVSL'!F17 -> 1.3301807e+10 | G12: =SUM(B12:F12) -> 1.6935978e+10
A13: Salaires et charges | B13: =+'Charg-annuel_EXPL-PREVSL'!B22 -> 62556597 | C13: =+'Charg-annuel_EXPL-PREVSL'!C22 -> 2.9103777e+08 | D13: =+'Charg-annuel_EXPL-PREVSL'!D22 -> 1.3540216e+09 | E13: =+'Charg-annuel_EXPL-PREVSL'!E22 -> 6.2994386e+09 | F13: =+'Charg-annuel_EXPL-PREVSL'!F22 -> 2.9307454e+10 | G13: =SUM(B13:F13) -> 3.7314508e+10
A14: Impots et charges | B14: =+'Charg-annuel_EXPL-PREVSL'!B26 -> 4756273.4 | C14: =+'Charg-annuel_EXPL-PREVSL'!C26 -> 22128046 | D14: =+'Charg-annuel_EXPL-PREVSL'!D26 -> 1.0294833e+08 | E14: =+'Charg-annuel_EXPL-PREVSL'!E26 -> 4.7895592e+08 | F14: =+'Charg-annuel_EXPL-PREVSL'!F26 -> 2.2282904e+09 | G14: =SUM(B14:F14) -> 2.837079e+09
A15: TOTAL EXPLOITATIONS | B15: =SUM(B11:B14) -> 1.113664e+08 | C15: =SUM(C11:C14) -> 5.1812009e+08 | D15: =SUM(D11:D14) -> 2.4104975e+09 | E15: =SUM(E11:E14) -> 1.1214578e+10 | F15: =SUM(F11:F14) -> 5.2174605e+10 | G15: =SUM(G11:G14) -> 6.6429166e+10
A16: RESULTAT | B16: =B9-B15 -> -52115996 | C16: =C9-C15 -> -2.4260425e+08 | D16: =D9-D15 -> -1.1054224e+09 | E16: =E9-E15 -> -5.1242275e+09 | F16: =F9-F15 -> -2.3810974e+10 | G16: =G9-G15 -> -3.0335344e+10
A18: TRESORERIE NET | B18: =+B16 -> -52115996 | C18: =+B18+C16 -> -2.9472025e+08 | D18: =+C18+D16 -> -1.4001427e+09 | E18: =+D18+E16 -> -6.5243702e+09 | F18: =+D18+F16 -> -2.5211117e+10

Sheet Prevision_financière
A17: PREVISION FINANCIERES

Sheet Rapport_important
B3: RAPPORT IMPORTANT
A5: Compte d'exploitation prévisionnel (1) | F5: ='Compte-annuel_EXPL-PREVSL'!G7 -> 3.6093822e+10
A6: Durée du prèt (année) | F6: =+BASE_INFORMATION!C9/12 -> 2
A7: Rapport (1) / (2) | F7: =F5/F6 -> 1.8046911e+10
A8: Chiffre d'affaire Previsionnel (Rapport (1) /(2) ) | F8: =+F7 -> 1.8046911e+10
A9: Total des rembourssements | F9: =+'TABl-Amort-Annuel-Emprt'!E11 -> 24083333
B11: CONCLUSION
A13: Notre rapport du compte d'exploitation previsionnel
A14: sur la durée du prèt nous donne un chiffre d'affaire
A15: previsionnel annuel supérieur au total des
A16: rembourssements.

Sheet PLAN_DE_TRESORERIE_mensuel
A17: PLAN DE TRESORERIE MENSUEL

Sheet Plan de tresorerie mensuel_5ans
A1: 1-1-PLAN DE TRESORERIE MENSUEL
H2: PERIODE : | I2: =+BASE_INFORMATION!A14 -> 2026
B4: 0 | C4: JANVIER | D4: FEVRIER | E4: MARS | F4: AVRIL | G4: MAI | H4: JUIN | I4: JUILLET | J4: AOUT | K4: SEPTEMBRE | L4: OCTOBRE | M4: NOVEMBRE | N4: DECEMBRE | O4: TOTAL
A5: SOLDE
A6: CHIFFRE D'AFFAIRE
A7: Chiffre d'affaire | C7: =+'Detail_Chiffr d''affair-Previsl'!B11 -> 3656000 | D7: =+'Detail_Chiffr d''affair-Previsl'!C11 -> 4204400 | E7: =+'Detail_Chiffr d''affair-Previsl'!D11 -> 4835060 | F7: =+'Detail_Chiffr d''affair-Previsl'!E11 -> 5560319 | G7: =+'Detail_Chiffr d''affair-Previsl'!F11 -> 6394366.8 | H7: =+'Detail_Chiffr d''affair-Previsl'!G11 -> 7353521.9 | I7: =+'Detail_Chiffr d''affair-Previsl'!H11 -> 8456550.2 | J7: =+'Detail_Chiffr d''affair-Previsl'!I11 -> 9725032.7 | ... N7: =+'Detail_Chiffr d''affair-Previsl'!M11 -> 17009143 | O7: =SUM(B7:N7) -> 1.060301e+08
A8: Emprunt | B8: =+BASE_INFORMATION!C7 -> 10000000
A9: TOTAL ENCAISSEMENT | B9: =+B8 -> 10000000 | C9: =+C7+B8 -> 13656000 | D9: =+D7 -> 4204400 | E9: =+E7 -> 4835060 | F9: =F7 -> 5560319 | G9: =G7 -> 6394366.8 | H9: =H7 -> 7353521.9 | I9: =I7 -> 8456550.2 | J9: =J7 -> 9725032.7 | K9: =K7 -> 11183788 | L9: =L7 -> 12861356 | M9: =M7 -> 14790559 | N9: =N7 -> 17009143 | O9: =SUM(B9:N9) -> 1.260301e+08
A10: CHARGES D'EXPLOITATION
A11: Achat marchandise | C11: =+'Detail charge d''exploit_previsl'!B14 -> 540000 | D11: =+'Detail charge d''exploit_previsl'!C14 -> 621000 | E11: =+'Detail charge d''exploit_previsl'!D14 -> 714150 | F11: =+'Detail charge d''exploit_previsl'!E14 -> 821272.5 | G11: =+'Detail charge d''exploit_previsl'!F14 -> 944463.37 | H11: =+'Detail charge d''exploit_previsl'!G14 -> 1086132.9 | I11: =+'Detail charge d''exploit_previsl'!H14 -> 1249052.8 | J11: =+'Detail charge d''exploit_previsl'!I14 -> 1436410.7 | ... N11: =+'Detail charge d''exploit_previsl'!M14 -> 2512291.4 | O11: =SUM(B11:N11) -> 15660900
A12: Charges externes | C12: =+'Detail charge d''exploit_previsl'!B20 -> 979000 | D12: =+'Detail charge d''exploit_previsl'!C20 -> 1125850 | E12: =+'Detail charge d''exploit_previsl'!D20 -> 1294727.5 | F12: =+'Detail charge d''exploit_previsl'!E20 -> 1488936.6 | G12: =+'Detail charge d''exploit_previsl'!F20 -> 1712277.1 | H12: =+'Detail charge d''exploit_previsl'!G20 -> 1969118.7 | I12: =+'Detail charge d''exploit_previsl'!H20 -> 2264486.5 | J12: =+'Detail charge d''exploit_previsl'!I20 -> 2604159.5 | ... N12: =+'Detail charge d''exploit_previsl'!M20 -> 4554691.2 | O12: =SUM(B12:N12) -> 28392632
A13: Salaires et charges | C13: =+'Detail charge d''exploit_previsl'!B25 -> 2157000 | D13: =+'Detail charge d''exploit_previsl'!C25 -> 2480550 | E13: =+'Detail charge d''exploit_previsl'!D25 -> 2852632.5 | F13: =+'Detail charge d''exploit_previsl'!E25 -> 3280527.4 | G13: =+'Detail charge d''exploit_previsl'!F25 -> 3772606.5 | H13: =+'Detail charge d''exploit_previsl'!G25 -> 4338497.5 | I13: =+'Detail charge d''exploit_previsl'!H25 -> 4989272.1 | J13: =+'Detail charge d''exploit_previsl'!I25 -> 5737662.9 | ... N13: =+'Detail charge d''exploit_previsl'!M25 -> 10035208 | O13: =SUM(B13:N13) -> 62556597
A14: Impots et charges | O14: =SUM(B14:N14) -> 0
A15: Frais financiers (intérèt) | C15: =+'TABL-AMORT-EMPR_-5ans'!E5 -> 66666.667 | D15: =+'TABL-AMORT-EMPR_-5ans'!E6 -> 63888.889 | E15: =+'TABL-AMORT-EMPR_-5ans'!E7 -> 61111.111 | F15: =+'TABL-AMORT-EMPR_-5ans'!E8 -> 58333.333 | G15: =+'TABL-AMORT-EMPR_-5ans'!E9 -> 55555.556 | H15: =+'TABL-AMORT-EMPR_-5ans'!E10 -> 52777.778 | I15: =+'TABL-AMORT-EMPR_-5ans'!E11 -> 50000 | J15: =+'TABL-AMORT-EMPR_-5ans'!E12 -> 47222.222 | K15: =+'TABL-AMORT-EMPR_-5ans'!E13 -> 44444.444 | L15: =+'TABL-AMORT-EMPR_-5ans'!E14 -> 41666.667 | M15: =+'TABL-AMORT-EMPR_-5ans'!E15 -> 38888.889 | N15: =+'TABL-AMORT-EMPR_-5ans'!E16 -> 36111.111 | O15: =SUM(B15:N15) -> 616666.67
A16: HORS EXPLOITATION
A17: Rembourssement de l'emprunt | C17: =+'TABL-AMORT-EMPR_-5ans'!D5 -> 416666.67 | D17: =+'TABL-AMORT-EMPR_-5ans'!D6 -> 416666.67 | E17: =+'TABL-AMORT-EMPR_-5ans'!D7 -> 416666.67 | F17: =+'TABL-AMORT-EMPR_-5ans'!D8 -> 416666.67 | G17: =+'TABL-AMORT-EMPR_-5ans'!D9 -> 416666.67 | H17: =+'TABL-AMORT-EMPR_-5ans'!D10 -> 416666.67 | I17: =+'TABL-AMORT-EMPR_-5ans'!D11 -> 416666.67 | J17: =+'TABL-AMORT-EMPR_-5ans'!D12 -> 416666.67 | K17: =+'TABL-AMORT-EMPR_-5ans'!D13 -> 416666.67 | L17: =+'TABL-AMORT-EMPR_-5ans'!D14 -> 416666.67 | M17: =+'TABL-AMORT-EMPR_-5ans'!D15 -> 416666.67 | N17: =+'TABL-AMORT-EMPR_-5ans'!D16 -> 416666.67 | O17: =SUM(B17:N17) -> 5000000
A18: Investissement | B18: =+'Cout total Projet'!J38 -> 4500000 | O18: =SUM(B18:N18) -> 4500000
A19: TOTAL DECAISSEMENT | C19: =SUM(C11:C18) -> 4159333.3 | D19: =SUM(D11:D18) -> 4707955.6 | E19: =SUM(E11:E18) -> 5339287.8 | F19: =SUM(F11:F18) -> 6065736.5 | G19: =SUM(G11:G18) -> 6901569.2 | H19: =SUM(H11:H18) -> 7863193.5 | I19: =SUM(I11:I18) -> 8969478 | J19: =SUM(J11:J18) -> 10242122 | ... N19: =SUM(N11:N18) -> 17554969 | O19: =SUM(B19:N19) -> 1.122268e+08
A20: SOLDE | B20: =+'Cout total Projet'!J36 -> 375000 | C20: =C9-C19 -> 9496666.7 | D20: =D9-D19 -> -503555.56 | E20: =E9-E19 -> -504227.78 | F20: =F9-F19 -> -505417.5 | G20: =G9-G19 -> -507202.35 | H20: =H9-H19 -> -509671.59 | I20: =I9-I19 -> -512927.88 | J20: =J9-J19 -> -517089.29 | ... N20: =N9-N19 -> -545825.61 | O20: =SUM(B20:N20) -> 4178300
A21: SOLDE CUMULE | B21: =+B20 -> 375000 | C21: =B21+C20 -> 9871666.7 | D21: =C21+D20 -> 9368111.1 | E21: =D21+E20 -> 8863883.3 | F21: =+E21+F20 -> 8358465.8 | G21: =+F21+G20 -> 7851263.5 | H21: =+G21+H20 -> 7341591.9 | I21: =+H21+I20 -> 6828664 | J21: =+I21+J20 -> 6311574.7 | K21: =+J21+K20 -> 5789283.2 | L21: =+K21+L20 -> 5260592.3 | M21: =+L21+M20 -> 4724125.6 | N21: =+M21+N20 -> 4178300
A23: 1-1-PLAN DE TRESORERIE MENSUEL
G24: PERIODE : | H24: =+BASE_INFORMATION!B14 -> 2027
B26: JANVIER | C26: FEVRIER | D26: MARS | E26: AVRIL | F26: MAI | G26: JUIN | H26: JUILLET | I26: AOUT | J26: SEPTEMBRE | K26: OCTOBRE | L26: NOVEMBRE | M26: DECEMBRE | N26: TOTAL
A27: SOLDE
A28: CHIFFRE D'AFFAIRE
A29: Chiffre d'affaire | B29: =+'Detail_Chiffr d''affair-Previsl'!B22 -> 17000000 | C29: =+'Detail_Chiffr d''affair-Previsl'!C22 -> 19550000 | D29: =+'Detail_Chiffr d''affair-Previsl'!D22 -> 22482500 | E29: =+'Detail_Chiffr d''affair-Previsl'!E22 -> 25854875 | F29: =+'Detail_Chiffr d''affair-Previsl'!F22 -> 29733106 | G29: =+'Detail_Chiffr d''affair-Previsl'!G22 -> 34193072 | H29: =+'Detail_Chiffr d''affair-Previsl'!H22 -> 39322033 | I29: =+'Detail_Chiffr d''affair-Previsl'!I22 -> 45220338 | ... M29: =+'Detail_Chiffr d''affair-Previsl'!M22 -> 79090654 | N29: =SUM(B29:M29) -> 4.9302835e+08
A30: Emprunt
A31: TOTAL ENCAISSEMENT | B31: =+B29+B30 -> 17000000 | C31: =+C29 -> 19550000 | D31: =+D29 -> 22482500 | E31: =E29 -> 25854875 | F31: =F29 -> 29733106 | G31: =G29 -> 34193072 | H31: =H29 -> 39322033 | I31: =I29 -> 45220338 | J31: =J29 -> 52003389 | K31: =K29 -> 59803897 | L31: =L29 -> 68774482 | M31: =M29 -> 79090654 | N31: =SUM(B31:M31) -> 4.9302835e+08
A32: CHARGES D'EXPLOITATION
A33: Achat marchandise | B33: =+'Detail charge d''exploit_previsl'!B45 -> 2512291.4 | C33: =+'Detail charge d''exploit_previsl'!C45 -> 2889135.1 | D33: =+'Detail charge d''exploit_previsl'!D45 -> 3322505.3 | E33: =+'Detail charge d''exploit_previsl'!E45 -> 3820881.1 | F33: =+'Detail charge d''exploit_previsl'!F45 -> 4394013.3 | G33: =+'Detail charge d''exploit_previsl'!G45 -> 5053115.3 | H33: =+'Detail charge d''exploit_previsl'!H45 -> 5811082.6 | I33: =+'Detail charge d''exploit_previsl'!I45 -> 6682744.9 | ... M33: =+'Detail charge d''exploit_previsl'!M45 -> 11688163 | N33: =SUM(B33:M33) -> 72860638
A34: Charges externes | B34: =+'Detail charge d''exploit_previsl'!B51 -> 4554691.2 | C34: =+'Detail charge d''exploit_previsl'!C51 -> 5237894.9 | D34: =+'Detail charge d''exploit_previsl'!D51 -> 6023579.1 | E34: =+'Detail charge d''exploit_previsl'!E51 -> 6927115.9 | F34: =+'Detail charge d''exploit_previsl'!F51 -> 7966183.3 | G34: =+'Detail charge d''exploit_previsl'!G51 -> 9161110.8 | H34: =+'Detail charge d''exploit_previsl'!H51 -> 10535277 | I34: =+'Detail charge d''exploit_previsl'!I51 -> 12115569 | ... M34: =+'Detail charge d''exploit_previsl'!M51 -> 21190206 | N34: =SUM(B34:M34) -> 1.3209364e+08
A35: Salaires et charges | B35: =+'Detail charge d''exploit_previsl'!B56 -> 10035208 | C35: =+'Detail charge d''exploit_previsl'!C56 -> 11540489 | D35: =+'Detail charge d''exploit_previsl'!D56 -> 13271563 | E35: =+'Detail charge d''exploit_previsl'!E56 -> 15262297 | F35: =+'Detail charge d''exploit_previsl'!F56 -> 17551642 | G35: =+'Detail charge d''exploit_previsl'!G56 -> 20184388 | H35: =+'Detail charge d''exploit_previsl'!H56 -> 23212046 | I35: =+'Detail charge d''exploit_previsl'!I56 -> 26693853 | ... M35: =+'Detail charge d''exploit_previsl'!M56 -> 46687716 | N35: =SUM(B35:M35) -> 2.9103777e+08
A36: Impots et charges | B36: =+'Detail charge d''exploit_previsl'!B60 -> 762992.19 | C36: =+'Detail charge d''exploit_previsl'!C60 -> 877441.02 | D36: =+'Detail charge d''exploit_previsl'!D60 -> 1009057.2 | E36: =+'Detail charge d''exploit_previsl'!E60 -> 1160415.7 | F36: =+'Detail charge d''exploit_previsl'!F60 -> 1334478.1 | G36: =+'Detail charge d''exploit_previsl'!G60 -> 1534649.8 | H36: =+'Detail charge d''exploit_previsl'!H60 -> 1764847.3 | I36: =+'Detail charge d''exploit_previsl'!I60 -> 2029574.4 | ... M36: =+'Detail charge d''exploit_previsl'!M60 -> 3549738.3 | N36: =SUM(B36:M36) -> 22128046
A37: Frais financiers (intérèt) | B37: =+'TABL-AMORT-EMPR_-5ans'!E18 -> 33333.333 | C37: =+'TABL-AMORT-EMPR_-5ans'!E19 -> 30555.556 | D37: =+'TABL-AMORT-EMPR_-5ans'!E20 -> 27777.778 | E37: =+'TABL-AMORT-EMPR_-5ans'!E21 -> 25000 | F37: =+'TABL-AMORT-EMPR_-5ans'!E22 -> 22222.222 | G37: =+'TABL-AMORT-EMPR_-5ans'!E23 -> 19444.444 | H37: =+'TABL-AMORT-EMPR_-5ans'!E24 -> 16666.667 | I37: =+'TABL-AMORT-EMPR_-5ans'!E25 -> 13888.889 | J37: =+'TABL-AMORT-EMPR_-5ans'!E26 -> 11111.111 | K37: =+'TABL-AMORT-EMPR_-5ans'!E27 -> 8333.3333 | L37: =+'TABL-AMORT-EMPR_-5ans'!E28 -> 5555.5556 | M37: =+'TABL-AMORT-EMPR_-5ans'!E29 -> 2777.7778 | N37: =SUM(B37:M37) -> 216666.67
A38: HORS EXPLOITATION
A39: Rembourssement de l'emprunt | B39: =+'TABL-AMORT-EMPR_-5ans'!D18 -> 416666.67 | C39: =+'TABL-AMORT-EMPR_-5ans'!D19 -> 416666.67 | D39: =+'TABL-AMORT-EMPR_-5ans'!D20 -> 416666.67 | E39: =+'TABL-AMORT-EMPR_-5ans'!D21 -> 416666.67 | F39: =+'TABL-AMORT-EMPR_-5ans'!D22 -> 416666.67 | G39: =+'TABL-AMORT-EMPR_-5ans'!D23 -> 416666.67 | H39: =+'TABL-AMORT-EMPR_-5ans'!D24 -> 416666.67 | I39: =+'TABL-AMORT-EMPR_-5ans'!D25 -> 416666.67 | J39: =+'TABL-AMORT-EMPR_-5ans'!D26 -> 416666.67 | K39: =+'TABL-AMORT-EMPR_-5ans'!D27 -> 416666.67 | L39: =+'TABL-AMORT-EMPR_-5ans'!D28 -> 416666.67 | M39: =+'TABL-AMORT-EMPR_-5ans'!D29 -> 416666.67 | N39: =SUM(B39:M39) -> 5000000
A40: Investissement | N40: =SUM(B40:M40) -> 0
A41: TOTAL DECAISSEMENT | B41: =SUM(B33:B40) -> 18315183 | C41: =SUM(C33:C40) -> 20992183 | D41: =SUM(D33:D40) -> 24071149 | E41: =SUM(E33:E40) -> 27612377 | F41: =SUM(F33:F40) -> 31685206 | G41: =SUM(G33:G40) -> 36369375 | H41: =SUM(H33:H40) -> 41756587 | I41: =SUM(I33:I40) -> 47952297 | ... M41: =SUM(M33:M40) -> 83535268 | N41: =SUM(B41:M41) -> 5.2333676e+08
A42: SOLDE | B42: =B31-B41 -> -1315183 | C42: =C31-C41 -> -1442182.6 | D42: =D31-D41 -> -1588648.9 | E42: =E31-E41 -> -1757501.8 | F42: =F31-F41 -> -1952099.3 | G42: =G31-G41 -> -2176303.1 | H42: =H31-H41 -> -2434554.1 | I42: =I31-I41 -> -2731959.4 | ... M42: =M31-M41 -> -4444614.2 | N42: =SUM(B42:M42) -> -30308415
A43: SOLDE CUMULE | B43: =N21+B42 -> 2863117 | C43: =B43+C42 -> 1420934.4 | D43: =C43+D42 -> -167714.51 | E43: =+D43+E42 -> -1925216.3 | F43: =+E43+F42 -> -3877315.6 | G43: =+F43+G42 -> -6053618.7 | H43: =+G43+H42 -> -8488172.8 | I43: =+H43+I42 -> -11220132 | J43: =+I43+J42 -> -14294524 | K43: =+J43+K42 -> -17763131 | L43: =+K43+L42 -> -21685501 | M43: =+L43+M42 -> -26130115
A45: 1-1-PLAN DE TRESORERIE MENSUEL
G46: PERIODE : | H46: =+BASE_INFORMATION!C14 -> 2028
B48: JANVIER | C48: FEVRIER | D48: MARS | E48: AVRIL | F48: MAI | G48: JUIN | H48: JUILLET | I48: AOUT | J48: SEPTEMBRE | K48: OCTOBRE | L48: NOVEMBRE | M48: DECEMBRE | N48: TOTAL
A49: SOLDE
A50: CHIFFRE D'AFFAIRE
A51: Chiffre d'affaire | B51: =+'Detail_Chiffr d''affair-Previsl'!B34 -> 82000000 | C51: =+'Detail_Chiffr d''affair-Previsl'!C34 -> 94300000 | D51: =+'Detail_Chiffr d''affair-Previsl'!D34 -> 1.08445e+08 | E51: =+'Detail_Chiffr d''affair-Previsl'!E34 -> 1.2471175e+08 | F51: =+'Detail_Chiffr d''affair-Previsl'!F34 -> 1.4341851e+08 | G51: =+'Detail_Chiffr d''affair-Previsl'!G34 -> 1.6493129e+08 | H51: =+'Detail_Chiffr d''affair-Previsl'!H34 -> 1.8967098e+08 | I51: =+'Detail_Chiffr d''affair-Previsl'!I34 -> 2.1812163e+08 | ... M51: =+'Detail_Chiffr d''affair-Previsl'!M34 -> 3.8149609e+08 | N51: =SUM(H51:M51) -> 1.6603302e+09
A52: Emprunt | B52: =+BASE_INFORMATION!C51 -> 0
A53: TOTAL ENCAISSEMENT | B53: =+B51+B52 -> 82000000 | C53: =+C51 -> 94300000 | D53: =+D51 -> 1.08445e+08 | E53: =E51 -> 1.2471175e+08 | F53: =F51 -> 1.4341851e+08 | G53: =G51 -> 1.6493129e+08 | H53: =H51 -> 1.8967098e+08 | I53: =I51 -> 2.1812163e+08 | J53: =J51 -> 2.5083987e+08 | K53: =K51 -> 2.8846586e+08 | L53: =L51 -> 3.3173573e+08 | M53: =M51 -> 3.8149609e+08 | N53: =SUM(B53:M53) -> 2.3781367e+09
A54: CHARGES D'EXPLOITATION
A55: Achat marchandise | B55: =+'Detail charge d''exploit_previsl'!B76 -> 11688163 | C55: =+'Detail charge d''exploit_previsl'!C76 -> 13441387 | D55: =+'Detail charge d''exploit_previsl'!D76 -> 15457595 | E55: =+'Detail charge d''exploit_previsl'!E76 -> 17776234 | F55: =+'Detail charge d''exploit_previsl'!F76 -> 20442670 | G55: =+'Detail charge d''exploit_previsl'!G76 -> 23509070 | H55: =+'Detail charge d''exploit_previsl'!H76 -> 27035431 | I55: =+'Detail charge d''exploit_previsl'!I76 -> 31090745 | ... M55: =+'Detail charge d''exploit_previsl'!M76 -> 54377907 | N55: =SUM(B55:M55) -> 3.3897621e+08
A56: Charges externes | B56: =+'Detail charge d''exploit_previsl'!B82 -> 21190206 | C56: =+'Detail charge d''exploit_previsl'!C82 -> 24368737 | D56: =+'Detail charge d''exploit_previsl'!D82 -> 28024047 | E56: =+'Detail charge d''exploit_previsl'!E82 -> 32227655 | F56: =+'Detail charge d''exploit_previsl'!F82 -> 37061803 | G56: =+'Detail charge d''exploit_previsl'!G82 -> 42621073 | H56: =+'Detail charge d''exploit_previsl'!H82 -> 49014234 | I56: =+'Detail charge d''exploit_previsl'!I82 -> 56366369 | ... M56: =+'Detail charge d''exploit_previsl'!M82 -> 98585132 | N56: =SUM(B56:M56) -> 6.1455131e+08
A57: Salaires et charges | B57: =+'Detail charge d''exploit_previsl'!B87 -> 46687716 | C57: =+'Detail charge d''exploit_previsl'!C87 -> 53690874 | D57: =+'Detail charge d''exploit_previsl'!D87 -> 61744505 | E57: =+'Detail charge d''exploit_previsl'!E87 -> 71006181 | F57: =+'Detail charge d''exploit_previsl'!F87 -> 81657108 | G57: =+'Detail charge d''exploit_previsl'!G87 -> 93905674 | H57: =+'Detail charge d''exploit_previsl'!H87 -> 1.0799153e+08 | I57: =+'Detail charge d''exploit_previsl'!I87 -> 1.2419025e+08 | ... M57: =+'Detail charge d''exploit_previsl'!M87 -> 2.1720953e+08 | N57: =SUM(B57:M57) -> 1.3540216e+09
A58: Impots et charges | B58: =+'Detail charge d''exploit_previsl'!B91 -> 3549738.3 | C58: =+'Detail charge d''exploit_previsl'!C91 -> 4082199 | D58: =+'Detail charge d''exploit_previsl'!D91 -> 4694528.9 | E58: =+'Detail charge d''exploit_previsl'!E91 -> 5398708.2 | F58: =+'Detail charge d''exploit_previsl'!F91 -> 6208514.5 | G58: =+'Detail charge d''exploit_previsl'!G91 -> 7139791.6 | H58: =+'Detail charge d''exploit_previsl'!H91 -> 8210760.4 | I58: =+'Detail charge d''exploit_previsl'!I91 -> 9442374.4 | ... M58: =+'Detail charge d''exploit_previsl'!M91 -> 16514772 | N58: =SUM(B58:M58) -> 1.0294833e+08
A59: Frais financiers (intérèt) | B59: =+'TABL-AMORT-EMPR_-5ans'!E31 -> -5.432715e-12 | C59: =+'TABL-AMORT-EMPR_-5ans'!E32 -> -2777.7778 | D59: =+'TABL-AMORT-EMPR_-5ans'!E33 -> -5555.5556 | E59: =+'TABL-AMORT-EMPR_-5ans'!E34 -> -8333.3333 | F59: =+'TABL-AMORT-EMPR_-5ans'!E35 -> -11111.111 | G59: =+'TABL-AMORT-EMPR_-5ans'!E36 -> -13888.889 | H59: =+'TABL-AMORT-EMPR_-5ans'!E37 -> -16666.667 | I59: =+'TABL-AMORT-EMPR_-5ans'!E38 -> -19444.444 | J59: =+'TABL-AMORT-EMPR_-5ans'!E39 -> -22222.222 | K59: =+'TABL-AMORT-EMPR_-5ans'!E40 -> -25000 | L59: =+'TABL-AMORT-EMPR_-5ans'!E41 -> -27777.778 | M59: =+'TABL-AMORT-EMPR_-5ans'!E42 -> -30555.556 | N59: =SUM(B59:M59) -> -183333.33
A60: HORS EXPLOITATION
A61: Rembourssement de l'emprunt | B61: =+'TABL-AMORT-EMPR_-5ans'!D31 -> 416666.67 | C61: =+'TABL-AMORT-EMPR_-5ans'!D32 -> 416666.67 | D61: =+'TABL-AMORT-EMPR_-5ans'!D33 -> 416666.67 | E61: =+'TABL-AMORT-EMPR_-5ans'!D34 -> 416666.67 | F61: =+'TABL-AMORT-EMPR_-5ans'!D35 -> 416666.67 | G61: =+'TABL-AMORT-EMPR_-5ans'!D36 -> 416666.67 | H61: =+'TABL-AMORT-EMPR_-5ans'!D37 -> 416666.67 | I61: =+'TABL-AMORT-EMPR_-5ans'!D38 -> 416666.67 | J61: =+'TABL-AMORT-EMPR_-5ans'!D39 -> 416666.67 | K61: =+'TABL-AMORT-EMPR_-5ans'!D40 -> 416666.67 | L61: =+'TABL-AMORT-EMPR_-5ans'!D41 -> 416666.67 | M61: =+'TABL-AMORT-EMPR_-5ans'!D42 -> 416666.67 | N61: =SUM(B61:M61) -> 5000000
A62: Investissement | N62: =SUM(B62:M62) -> 0
A63: TOTAL DECAISSEMENT | B63: =SUM(B55:B62) -> 83532490 | C63: =SUM(C55:C62) -> 95997086 | D63: =SUM(D55:D62) -> 1.1033179e+08 | E63: =SUM(E55:E62) -> 1.2681711e+08 | F63: =SUM(F55:F62) -> 1.4577565e+08 | G63: =SUM(G55:G62) -> 1.6757839e+08 | H63: =SUM(H55:H62) -> 1.9265195e+08 | I63: =SUM(I55:I62) -> 2.2148697e+08 | ... M63: =SUM(M55:M62) -> 3.8707345e+08 | N63: =SUM(B63:M63) -> 2.4153141e+09
A64: SOLDE | B64: =B53-B63 -> -1532490.2 | C64: =C53-C63 -> -1697085.9 | D64: =D53-D63 -> -1886787.7 | E64: =E53-E63 -> -2105361.4 | F64: =F53-F63 -> -2357137.8 | G64: =G53-G63 -> -2647097.4 | H64: =H53-H63 -> -2980967.6 | I64: =I53-I63 -> -3365334.9 | ... M64: =M53-M63 -> -5577358.7 | N64: =SUM(B64:M64) -> -37177409
A65: SOLDE CUMULE | B65: =M43+B64 -> -27662605 | C65: =B65+C64 -> -29359691 | D65: =C65+D64 -> -31246479 | E65: =+D65+E64 -> -33351840 | F65: =+E65+F64 -> -35708978 | G65: =+F65+G64 -> -38356075 | H65: =+G65+H64 -> -41337043 | I65: =+H65+I64 -> -44702378 | J65: =+I65+J64 -> -48510152 | K65: =+J65+K64 -> -52827148 | L65: =+K65+L64 -> -57730165 | M65: =+L65+M64 -> -63307524
A67: 1-1-PLAN DE TRESORERIE MENSUEL
G68: PERIODE : | H68: =+BASE_INFORMATION!D14 -> 2029
B70: JANVIER | C70: FEVRIER | D70: MARS | E70: AVRIL | F70: MAI | G70: JUIN | H70: JUILLET | I70: AOUT | J70: SEPTEMBRE | K70: OCTOBRE | L70: NOVEMBRE | M70: DECEMBRE | N70: TOTAL
A71: SOLDE
A72: CHIFFRE D'AFFAIRE
A73: Chiffre d'affaire | B73: =+'Detail_Chiffr d''affair-Previsl'!B46 -> 383000000 | C73: =+'Detail_Chiffr d''affair-Previsl'!C46 -> 440450000 | D73: =+'Detail_Chiffr d''affair-Previsl'!D46 -> 5.065175e+08 | E73: =+'Detail_Chiffr d''affair-Previsl'!E46 -> 5.8249512e+08 | F73: =+'Detail_Chiffr d''affair-Previsl'!F46 -> 6.6986939e+08 | G73: =+'Detail_Chiffr d''affair-Previsl'!G46 -> 7.703498e+08 | H73: =+'Detail_Chiffr d''affair-Previsl'!H46 -> 8.8590227e+08 | I73: =+'Detail_Chiffr d''affair-Previsl'!I46 -> 1.0187876e+09 | ... M73: =+'Detail_Chiffr d''affair-Previsl'!M46 -> 1.7818659e+09 | N73: =SUM(B73:M73) -> 1.1107639e+10
A74: Emprunt
A75: TOTAL ENCAISSEMENT | B75: =+B73+B74 -> 383000000 | C75: =+C73 -> 440450000 | D75: =+D73 -> 5.065175e+08 | E75: =E73 -> 5.8249512e+08 | F75: =F73 -> 6.6986939e+08 | G75: =G73 -> 7.703498e+08 | H75: =H73 -> 8.8590227e+08 | I75: =I73 -> 1.0187876e+09 | J75: =J73 -> 1.1716058e+09 | K75: =K73 -> 1.3473466e+09 | L75: =L73 -> 1.5494486e+09 | M75: =M73 -> 1.7818659e+09 | N75: =SUM(B75:M75) -> 1.1107639e+10
A76: CHARGES D'EXPLOITATION
A77: Achat marchandise | B77: =+'Detail charge d''exploit_previsl'!B107 -> 54377907 | C77: =+'Detail charge d''exploit_previsl'!C107 -> 62534594 | D77: =+'Detail charge d''exploit_previsl'!D107 -> 71914783 | E77: =+'Detail charge d''exploit_previsl'!E107 -> 82702000 | F77: =+'Detail charge d''exploit_previsl'!F107 -> 95107300 | G77: =+'Detail charge d''exploit_previsl'!G107 -> 1.093734e+08 | H77: =+'Detail charge d''exploit_previsl'!H107 -> 1.257794e+08 | I77: =+'Detail charge d''exploit_previsl'!I107 -> 1.4464631e+08 | ... M77: =+'Detail charge d''exploit_previsl'!M107 -> 2.5298731e+08 | N77: =SUM(B77:M77) -> 1.57705e+09
A78: Charges externes | B78: =+'Detail charge d''exploit_previsl'!B113 -> 98585132 | C78: =+'Detail charge d''exploit_previsl'!C113 -> 1.133729e+08 | D78: =+'Detail charge d''exploit_previsl'!D113 -> 1.3037884e+08 | E78: =+'Detail charge d''exploit_previsl'!E113 -> 1.4993566e+08 | F78: =+'Detail charge d''exploit_previsl'!F113 -> 1.7242601e+08 | G78: =+'Detail charge d''exploit_previsl'!G113 -> 1.9828991e+08 | H78: =+'Detail charge d''exploit_previsl'!H113 -> 2.280334e+08 | I78: =+'Detail charge d''exploit_previsl'!I113 -> 2.6223841e+08 | ... M78: =+'Detail charge d''exploit_previsl'!M113 -> 4.5865662e+08 | N78: =SUM(B78:M78) -> 2.8591332e+09
A79: Salaires et charges | B79: =+'Detail charge d''exploit_previsl'!B118 -> 2.1720953e+08 | C79: =+'Detail charge d''exploit_previsl'!C118 -> 2.4979096e+08 | D79: =+'Detail charge d''exploit_previsl'!D118 -> 2.872596e+08 | E79: =+'Detail charge d''exploit_previsl'!E118 -> 3.3034854e+08 | F79: =+'Detail charge d''exploit_previsl'!F118 -> 3.7990083e+08 | G79: =+'Detail charge d''exploit_previsl'!G118 -> 4.3688595e+08 | H79: =+'Detail charge d''exploit_previsl'!H118 -> 5.0241884e+08 | I79: =+'Detail charge d''exploit_previsl'!I118 -> 5.7778167e+08 | ... M79: =+'Detail charge d''exploit_previsl'!M118 -> 1.0105438e+09 | N79: =SUM(B79:M79) -> 6.2994386e+09
A80: Impots et charges | B80: =+'Detail charge d''exploit_previsl'!B122 -> 16514772 | C80: =+'Detail charge d''exploit_previsl'!C122 -> 18991988 | D80: =+'Detail charge d''exploit_previsl'!D122 -> 21840786 | E80: =+'Detail charge d''exploit_previsl'!E122 -> 25116904 | F80: =+'Detail charge d''exploit_previsl'!F122 -> 28884439 | G80: =+'Detail charge d''exploit_previsl'!G122 -> 33217105 | H80: =+'Detail charge d''exploit_previsl'!H122 -> 38199671 | I80: =+'Detail charge d''exploit_previsl'!I122 -> 43929622 | ... M80: =+'Detail charge d''exploit_previsl'!M122 -> 76833183 | N80: =SUM(B80:M80) -> 4.7895592e+08
A81: Frais financiers (intérèt) | B81: =+'TABL-AMORT-EMPR_-5ans'!E44 -> -33333.333 | C81: =+'TABL-AMORT-EMPR_-5ans'!E45 -> -36111.111 | D81: =+'TABL-AMORT-EMPR_-5ans'!E46 -> -38888.889 | E81: =+'TABL-AMORT-EMPR_-5ans'!E47 -> -41666.667 | F81: =+'TABL-AMORT-EMPR_-5ans'!E48 -> -44444.444 | G81: =+'TABL-AMORT-EMPR_-5ans'!E49 -> -47222.222 | H81: =+'TABL-AMORT-EMPR_-5ans'!E50 -> -50000 | I81: =+'TABL-AMORT-EMPR_-5ans'!E51 -> -52777.778 | J81: =+'TABL-AMORT-EMPR_-5ans'!E52 -> -55555.556 | K81: =+'TABL-AMORT-EMPR_-5ans'!E53 -> -58333.333 | L81: =+'TABL-AMORT-EMPR_-5ans'!E54 -> -61111.111 | M81: =+'TABL-AMORT-EMPR_-5ans'!E55 -> -63888.889 | N81: =SUM(B81:M81) -> -583333.33
A82: HORS EXPLOITATION
A83: Rembourssement de l'emprunt | B83: =+'TABL-AMORT-EMPR_-5ans'!D44 -> 416666.67 | C83: =+'TABL-AMORT-EMPR_-5ans'!D45 -> 416666.67 | D83: =+'TABL-AMORT-EMPR_-5ans'!D46 -> 416666.67 | E83: =+'TABL-AMORT-EMPR_-5ans'!D47 -> 416666.67 | F83: =+'TABL-AMORT-EMPR_-5ans'!D48 -> 416666.67 | G83: =+'TABL-AMORT-EMPR_-5ans'!D49 -> 416666.67 | H83: =+'TABL-AMORT-EMPR_-5ans'!D50 -> 416666.67 | I83: =+'TABL-AMORT-EMPR_-5ans'!D51 -> 416666.67 | J83: =+'TABL-AMORT-EMPR_-5ans'!D52 -> 416666.67 | K83: =+'TABL-AMORT-EMPR_-5ans'!D53 -> 416666.67 | L83: =+'TABL-AMORT-EMPR_-5ans'!D54 -> 416666.67 | M83: =+'TABL-AMORT-EMPR_-5ans'!D55 -> 416666.67 | N83: =SUM(B83:M83) -> 5000000
A84: Investissement | N84: =SUM(B84:M84) -> 0
A85: TOTAL DECAISSEMENT | B85: =SUM(B77:B84) -> 3.8707068e+08 | C85: =SUM(C77:C84) -> 4.45071e+08 | D85: =SUM(D77:D84) -> 5.1177179e+08 | E85: =SUM(E77:E84) -> 5.8847811e+08 | F85: =SUM(F77:F84) -> 6.766908e+08 | G85: =SUM(G77:G84) -> 7.7813581e+08 | H85: =SUM(H77:H84) -> 8.9479799e+08 | I85: =SUM(I77:I84) -> 1.0289599e+09 | ... M85: =SUM(M77:M84) -> 1.7993736e+09 | N85: =SUM(B85:M85) -> 1.1218994e+10
A86: SOLDE | B86: =B75-B85 -> -4070675.4 | C86: =C75-C85 -> -4620999 | D86: =D75-D85 -> -5254287.7 | E86: =E75-E85 -> -5982986.4 | F86: =F75-F85 -> -6821406.6 | G86: =G75-G85 -> -7786006.5 | H86: =H75-H85 -> -8895713 | I86: =I75-I85 -> -10172292 | ... M86: =M75-M85 -> -17507736 | N86: =SUM(B86:M86) -> -1.1135574e+08
A87: SOLDE CUMULE | B87: =M65+B86 -> -67378199 | C87: =B87+C86 -> -71999198 | D87: =C87+D86 -> -77253486 | E87: =+D87+E86 -> -83236472 | F87: =+E87+F86 -> -90057879 | G87: =+F87+G86 -> -97843885 | H87: =+G87+H86 -> -1.067396e+08 | I87: =+H87+I86 -> -1.1691189e+08 | J87: =+I87+J86 -> -1.2855267e+08 | K87: =+J87+K86 -> -1.4188261e+08 | L87: =+K87+L86 -> -1.5715552e+08 | M87: =+L87+M86 -> -1.7466326e+08
A89: 1-1-PLAN DE TRESORERIE MENSUEL
G90: PERIODE : | H90: =+BASE_INFORMATION!E14 -> 2030
B92: JANVIER | C92: FEVRIER | D92: MARS | E92: AVRIL | F92: MAI | G92: JUIN | H92: JUILLET | I92: AOUT | J92: SEPTEMBRE | K92: OCTOBRE | L92: NOVEMBRE | M92: DECEMBRE | N92: TOTAL
A93: SOLDE
A94: CHIFFRE D'AFFAIRE
A95: Chiffre d'affaire | B95: =+'Detail_Chiffr d''affair-Previsl'!B58 -> 1784000000 | C95: =+'Detail_Chiffr d''affair-Previsl'!C58 -> 2051600000 | D95: =+'Detail_Chiffr d''affair-Previsl'!D58 -> 2359340000 | E95: =+'Detail_Chiffr d''affair-Previsl'!E58 -> 2713241000 | F95: =+'Detail_Chiffr d''affair-Previsl'!F58 -> 3.1202271e+09 | G95: =+'Detail_Chiffr d''affair-Previsl'!G58 -> 3.5882612e+09 | H95: =+'Detail_Chiffr d''affair-Previsl'!H58 -> 4.1265004e+09 | I95: =+'Detail_Chiffr d''affair-Previsl'!I58 -> 4.7454755e+09 | ... M95: =+'Detail_Chiffr d''affair-Previsl'!M58 -> 8.2998663e+09 | N95: =SUM(B95:M95) -> 5.1738975e+10
A96: Emprunt
A97: TOTAL ENCAISSEMENT | B97: =+B95+B96 -> 1784000000 | C97: =+C95 -> 2051600000 | D97: =+D95 -> 2359340000 | E97: =E95 -> 2713241000 | F97: =F95 -> 3.1202271e+09 | G97: =G95 -> 3.5882612e+09 | H97: =H95 -> 4.1265004e+09 | I97: =I95 -> 4.7454755e+09 | J97: =J95 -> 5.4572968e+09 | K97: =K95 -> 6.2758913e+09 | L97: =L95 -> 7.217275e+09 | M97: =M95 -> 8.2998663e+09 | N97: =SUM(B97:M97) -> 5.1738975e+10
A98: CHARGES D'EXPLOITATION
A99: Achat marchandise | B99: =+'Detail charge d''exploit_previsl'!B138 -> 2.5298731e+08 | C99: =+'Detail charge d''exploit_previsl'!C138 -> 2.9093541e+08 | D99: =+'Detail charge d''exploit_previsl'!D138 -> 3.3457572e+08 | E99: =+'Detail charge d''exploit_previsl'!E138 -> 3.8476207e+08 | F99: =+'Detail charge d''exploit_previsl'!F138 -> 4.4247638e+08 | G99: =+'Detail charge d''exploit_previsl'!G138 -> 5.0884784e+08 | H99: =+'Detail charge d''exploit_previsl'!H138 -> 5.8517502e+08 | I99: =+'Detail charge d''exploit_previsl'!I138 -> 6.7295127e+08 | ... M99: =+'Detail charge d''exploit_previsl'!M138 -> 1.176996e+09 | N99: =SUM(B99:M99) -> 7.3370538e+09
A100: Charges externes | B100: =+'Detail charge d''exploit_previsl'!B144 -> 4.5865662e+08 | C100: =+'Detail charge d''exploit_previsl'!C144 -> 5.2745511e+08 | D100: =+'Detail charge d''exploit_previsl'!D144 -> 6.0657338e+08 | E100: =+'Detail charge d''exploit_previsl'!E144 -> 6.9755939e+08 | F100: =+'Detail charge d''exploit_previsl'!F144 -> 8.021933e+08 | G100: =+'Detail charge d''exploit_previsl'!G144 -> 9.2252229e+08 | H100: =+'Detail charge d''exploit_previsl'!H144 -> 1.0609006e+09 | I100: =+'Detail charge d''exploit_previsl'!I144 -> 1.2200357e+09 | ... M100: =+'Detail charge d''exploit_previsl'!M144 -> 2.1338501e+09 | N100: =SUM(B100:M100) -> 1.3301807e+10
A101: Salaires et charges | B101: =+'Detail charge d''exploit_previsl'!B149 -> 1.0105438e+09 | C101: =+'Detail charge d''exploit_previsl'!C149 -> 1.1621253e+09 | D101: =+'Detail charge d''exploit_previsl'!D149 -> 1.3364441e+09 | E101: =+'Detail charge d''exploit_previsl'!E149 -> 1.5369107e+09 | F101: =+'Detail charge d''exploit_previsl'!F149 -> 1.7674473e+09 | G101: =+'Detail charge d''exploit_previsl'!G149 -> 2.0325644e+09 | H101: =+'Detail charge d''exploit_previsl'!H149 -> 2.3374491e+09 | I101: =+'Detail charge d''exploit_previsl'!I149 -> 2.6880665e+09 | ... M101: =+'Detail charge d''exploit_previsl'!M149 -> 4.7014451e+09 | N101: =SUM(B101:M101) -> 2.9307454e+10
A102: Impots et charges | B102: =+'Detail charge d''exploit_previsl'!B149 -> 1.0105438e+09 | C102: =+'Detail charge d''exploit_previsl'!C149 -> 1.1621253e+09 | D102: =+'Detail charge d''exploit_previsl'!D149 -> 1.3364441e+09 | E102: =+'Detail charge d''exploit_previsl'!E149 -> 1.5369107e+09 | F102: =+'Detail charge d''exploit_previsl'!F149 -> 1.7674473e+09 | G102: =+'Detail charge d''exploit_previsl'!G149 -> 2.0325644e+09 | H102: =+'Detail charge d''exploit_previsl'!H149 -> 2.3374491e+09 | I102: =+'Detail charge d''exploit_previsl'!I149 -> 2.6880665e+09 | ... M102: =+'Detail charge d''exploit_previsl'!M149 -> 4.7014451e+09 | N102: =SUM(B102:M102) -> 2.9307454e+10
A103: Frais financiers (intérèt) | B103: =+'TABL-AMORT-EMPR_-5ans'!E57 -> -66666.667 | C103: =+'TABL-AMORT-EMPR_-5ans'!E58 -> -69444.444 | D103: =+'TABL-AMORT-EMPR_-5ans'!E59 -> -72222.222 | E103: =+'TABL-AMORT-EMPR_-5ans'!E60 -> -75000 | F103: =+'TABL-AMORT-EMPR_-5ans'!E61 -> -77777.778 | G103: =+'TABL-AMORT-EMPR_-5ans'!E62 -> -80555.556 | H103: =+'TABL-AMORT-EMPR_-5ans'!E63 -> -83333.333 | I103: =+'TABL-AMORT-EMPR_-5ans'!E64 -> -86111.111 | J103: =+'TABL-AMORT-EMPR_-5ans'!E65 -> -88888.889 | K103: =+'TABL-AMORT-EMPR_-5ans'!E66 -> -91666.667 | L103: =+'TABL-AMORT-EMPR_-5ans'!E67 -> -94444.444 | M103: =+'TABL-AMORT-EMPR_-5ans'!E68 -> -97222.222 | N103: =SUM(B103:M103) -> -983333.33
A104: HORS EXPLOITATION
A105: Rembourssement de l'emprunt | B105: =+'TABL-AMORT-EMPR_-5ans'!D57 -> 416666.67 | C105: =+'TABL-AMORT-EMPR_-5ans'!D58 -> 416666.67 | D105: =+'TABL-AMORT-EMPR_-5ans'!D59 -> 416666.67 | E105: =+'TABL-AMORT-EMPR_-5ans'!D60 -> 416666.67 | F105: =+'TABL-AMORT-EMPR_-5ans'!D61 -> 416666.67 | G105: =+'TABL-AMORT-EMPR_-5ans'!D62 -> 416666.67 | H105: =+'TABL-AMORT-EMPR_-5ans'!D63 -> 416666.67 | I105: =+'TABL-AMORT-EMPR_-5ans'!D64 -> 416666.67 | J105: =+'TABL-AMORT-EMPR_-5ans'!D65 -> 416666.67 | K105: =+'TABL-AMORT-EMPR_-5ans'!D66 -> 416666.67 | L105: =+'TABL-AMORT-EMPR_-5ans'!D67 -> 416666.67 | M105: =+'TABL-AMORT-EMPR_-5ans'!D68 -> 416666.67 | N105: =SUM(B105:M105) -> 5000000
A106: Investissement | N106: =SUM(B106:M106) -> 0
A107: TOTAL DECAISSEMENT | B107: =SUM(B99:B106) -> 2.7330814e+09 | C107: =SUM(C99:C106) -> 3.1429884e+09 | D107: =SUM(D99:D106) -> 3.6143818e+09 | E107: =SUM(E99:E106) -> 4.1564846e+09 | F107: =SUM(F99:F106) -> 4.7799032e+09 | G107: =SUM(G99:G106) -> 5.4968351e+09 | H107: =SUM(H99:H106) -> 6.3213072e+09 | I107: =SUM(I99:I106) -> 7.2694505e+09 | ... M107: =SUM(M99:M106) -> 1.2714056e+10 | N107: =SUM(B107:M107) -> 7.9257785e+10
A108: SOLDE | B108: =B97-B107 -> -9.4908143e+08 | C108: =C97-C107 -> -1.0913884e+09 | D108: =D97-D107 -> -1.2550418e+09 | E108: =E97-E107 -> -1.4432436e+09 | F108: =F97-F107 -> -1.6596761e+09 | G108: =G97-G107 -> -1.9085739e+09 | H108: =H97-H107 -> -2.1948068e+09 | I108: =I97-I107 -> -2.523975e+09 | ... M108: =M97-M107 -> -4.4141894e+09 | N108: =SUM(B108:M108) -> -2.751881e+10
A109: SOLDE CUMULE | B109: =M87+B108 -> -1.1237447e+09 | C109: =B109+C108 -> -2.2151331e+09 | D109: =C109+D108 -> -3.4701748e+09 | E109: =+D109+E108 -> -4.9134184e+09 | F109: =+E109+F108 -> -6.5730945e+09 | G109: =+F109+G108 -> -8.4816684e+09 | H109: =+G109+H108 -> -1.0676475e+10 | I109: =+H109+I108 -> -1.320045e+10 | J109: =+I109+J108 -> -1.6102969e+10 | K109: =+J109+K108 -> -1.9440814e+10 | L109: =+K109+L108 -> -2.3279284e+10 | M109: =+L109+M108 -> -2.7693473e+10

Sheet Plan_de_TRESR-annuel-PREVS
A2: 2-PLAN DE TRESORERIE
A5: LIBELLE | B5: =+BASE_INFORMATION!A14 -> 2026 | C5: =+BASE_INFORMATION!B14 -> 2027 | D5: =+BASE_INFORMATION!C14 -> 2028 | E5: =+BASE_INFORMATION!D14 -> 2029 | F5: =+BASE_INFORMATION!E14 -> 2030 | G5: TOTAL
A6: SOLDE
A7: CHIFFRE D'AFFAIRE
A8: Chiffre d'affaire | B8: =+CA_annuel_PREVISL!B10 -> 1.060301e+08 | C8: =+CA_annuel_PREVISL!C10 -> 4.9302835e+08 | D8: =+CA_annuel_PREVISL!D10 -> 2.3781367e+09 | E8: =+CA_annuel_PREVISL!E10 -> 1.1107639e+10 | F8: =+CA_annuel_PREVISL!F10 -> 5.1738975e+10 | G8: =+CA_annuel_PREVISL!G10 -> 6.5823808e+10
A9: Emprunt | G9: =B9 -> 0
A10: TOTAL ENCAISSEMENT | B10: =+B8+B9 -> 1.060301e+08 | C10: =+C8 -> 4.9302835e+08 | D10: =+D8 -> 2.3781367e+09 | E10: =+E8 -> 1.1107639e+10 | F10: =+F8 -> 5.1738975e+10 | G10: =+G8+G9 -> 6.5823808e+10
A11: CHARGES D'EXPLOITATION
A12: Achat marchandise | B12: =+'Compte-annuel_EXPL-PREVSL'!B11 -> 15660900 | C12: =+'Compte-annuel_EXPL-PREVSL'!C11 -> 72860638 | D12: =+'Compte-annuel_EXPL-PREVSL'!D11 -> 3.3897621e+08 | E12: =+'Compte-annuel_EXPL-PREVSL'!E11 -> 1.57705e+09 | F12: =+'Compte-annuel_EXPL-PREVSL'!F11 -> 7.3370538e+09 | G12: =SUM(B12:F12) -> 9.3416015e+09
A13: Charges externes | B13: =+'Compte-annuel_EXPL-PREVSL'!B12 -> 28392632 | C13: =+'Compte-annuel_EXPL-PREVSL'!C12 -> 1.3209364e+08 | D13: =+'Compte-annuel_EXPL-PREVSL'!D12 -> 6.1455131e+08 | E13: =+'Compte-annuel_EXPL-PREVSL'!E12 -> 2.8591332e+09 | F13: =+'Compte-annuel_EXPL-PREVSL'!F12 -> 1.3301807e+10 | G13: =SUM(B13:F13) -> 1.6935978e+10
A14: Salaires et charges | B14: =+'Compte-annuel_EXPL-PREVSL'!B13 -> 62556597 | C14: =+'Compte-annuel_EXPL-PREVSL'!C13 -> 2.9103777e+08 | D14: =+'Compte-annuel_EXPL-PREVSL'!D13 -> 1.3540216e+09 | E14: =+'Compte-annuel_EXPL-PREVSL'!E13 -> 6.2994386e+09 | F14: =+'Compte-annuel_EXPL-PREVSL'!F13 -> 2.9307454e+10 | G14: =SUM(B14:F14) -> 3.7314508e+10
A15: Impots et charges | B15: =+'Compte-annuel_EXPL-PREVSL'!B14 -> 4756273.4 | C15: =+'Compte-annuel_EXPL-PREVSL'!C14 -> 22128046 | D15: =+'Compte-annuel_EXPL-PREVSL'!D14 -> 1.0294833e+08 | E15: =+'Compte-annuel_EXPL-PREVSL'!E14 -> 4.7895592e+08 | F15: =+'Compte-annuel_EXPL-PREVSL'!F14 -> 2.2282904e+09 | G15: =SUM(B15:F15) -> 2.837079e+09
A16: Frais financiers (intérèt) | B16: =+'TABl-Amort-Annuel-Emprt'!D6 -> 616666.67 | C16: =+'TABl-Amort-Annuel-Emprt'!D7 -> 216666.67 | D16: =+'TABl-Amort-Annuel-Emprt'!D8 -> -183333.33 | E16: =+'TABl-Amort-Annuel-Emprt'!D9 -> -583333.33 | F16: =+'TABl-Amort-Annuel-Emprt'!D10 -> -983333.33 | G16: =SUM(B16:F16) -> -916666.67
A17: HORS EXPLOITATION
A18: Rembourssement de l'emprunt | B18: =-'TABl-Amort-Annuel-Emprt'!C6 -> -5000000 | C18: =-'TABl-Amort-Annuel-Emprt'!C7 -> -5000000 | D18: =-'TABl-Amort-Annuel-Emprt'!C8 -> -5000000 | E18: =-'TABl-Amort-Annuel-Emprt'!C9 -> -5000000 | F18: =-'TABl-Amort-Annuel-Emprt'!C10 -> -5000000 | G18: =SUM(B18:F18) -> -25000000
A19: Investissement | B19: =+B9 -> 0 | G19: =B19 -> 0
A20: TOTAL DECAISSEMENT | B20: =B12+B13+B14+B15+B16+B18+B19 -> 1.0698307e+08 | C20: =C12+C13+C14+C15+C16+C18+C19 -> 5.1333676e+08 | D20: =D12+D13+D14+D15+D16+D18+D19 -> 2.4053141e+09 | E20: =E12+E13+E14+E15+E16+E18+E19 -> 1.1208994e+10 | F20: =F12+F13+F14+F15+F16+F18+F19 -> 5.2168621e+10 | G20: =G12+G13+G14+G15+G16+G18+G19 -> 6.640325e+10
A21: SOLDE | B21: =B10-B20 -> -952973.46 | C21: =C10-C20 -> -20308415 | D21: =D10-D20 -> -27177409 | E21: =E10-E20 -> -1.0135574e+08 | F21: =F10-F20 -> -4.2964675e+08 | G21: =G10-G20 -> -5.7944128e+08
A22: SOLDE CUMULE | B22: =B21 -> -952973.46 | C22: =B22+C21 -> -21261389 | D22: =C22+D21 -> -48438797 | E22: =D22+E21 -> -1.4979453e+08 | F22: =E22+F21 -> -5.7944128e+08

Sheet Tableau Flux Net de Tresorerie
A2: TABLEAU DES FLUX NET DE TRESORERIE
A4: Années | B4: 0 | C4: =+'C.A.F'!E10 -> 2026 | D4: =+'C.A.F'!G10 -> 2027 | E4: =+'C.A.F'!I10 -> 2028 | F4: =+'C.A.F'!K10 -> 2029 | G4: =+'C.A.F'!L10 -> 2030
A5: RESSOURCES
A6: Capacité d'autofinancement (CAF) | C6: =+'C.A.F'!E21 -> -3795980.1 | D6: =+'C.A.F'!F21 -> 0 | E6: =+'C.A.F'!G21 -> -18818811 | F6: =+'C.A.F'!H21 -> 0 | G6: =+'C.A.F'!I21 -> -24229306
A7: Emprunt | B7: =+BASE_INFORMATION!C7 -> 10000000
A8: B.F.R récupérable | G8: =+B.F.R!G7 -> 5.1738975e+09
A9: Valeur résiduelle
A10: TOTAL RESSOURCES | B10: =+SUM(B6:B9) -> 10000000 | C10: =+SUM(C6:C9) -> -3795980.1 | D10: =+SUM(D6:D9) -> 0 | E10: =+SUM(E6:E9) -> -18818811 | F10: =+SUM(F6:F9) -> 0 | G10: =+SUM(G6:G9) -> 5.1496682e+09
A11: EMPLOIES
A12: Investissement | B12: =+'Cout total Projet'!J38 -> 4500000
A13: Amortissement de l'emprunt | C13: =+'Plan_de_TRESR-annuel-PREVS'!B18 -> -5000000 | D13: =+'Plan_de_TRESR-annuel-PREVS'!C18 -> -5000000 | E13: =+'Plan_de_TRESR-annuel-PREVS'!D18 -> -5000000 | F13: =+'Plan_de_TRESR-annuel-PREVS'!E18 -> -5000000 | G13: =+'Plan_de_TRESR-annuel-PREVS'!F18 -> -5000000
A14: Variation du B.F.R | B14: =+B.F.R!B6 -> 10603010 | C14: =+B.F.R!C6 -> 38699825 | D14: =+B.F.R!D6 -> 1.8851084e+08 | E14: =+B.F.R!E6 -> 8.7295019e+08 | F14: =+B.F.R!F6 -> 4.0631336e+09
A15: TOTAL EMPLOIES | B15: =+SUM(B12:B14) -> 15103010 | C15: =+SUM(C12:C14) -> 33699825 | D15: =+SUM(D12:D14) -> 1.8351084e+08 | E15: =+SUM(E12:E14) -> 8.6795019e+08 | F15: =+SUM(F12:F14) -> 4.0581336e+09 | G15: =+SUM(G12:G14) -> -5000000
A16: FLUX NET DE TRESORERIE | B16: =+B10-B15 -> -5103009.6 | C16: =+C10-C15 -> -37495805 | D16: =+D10-D15 -> -1.8351084e+08 | E16: =+E10-E15 -> -8.86769e+08 | F16: =+F10-F15 -> -4.0581336e+09 | G16: =+G10-G15 -> 5.1546682e+09

Sheet C.A.F
B7: CAPACITE D'AUTOFINANCEMENT (C.A.F)
A10: Libellés | E10: =+'Seuil de rentabilité'!E4 -> 2026 | G10: =+'Seuil de rentabilité'!G4 -> 2027 | I10: =+'Seuil de rentabilité'!I4 -> 2028 | K10: =+'Seuil de rentabilité'!K4 -> 2029 | L10: =+'Seuil de rentabilité'!L4 -> 2030
A11: =+CA_annuel_PREVISL!A7 -> Activité principal du chiffre d'affaire | E11: =+CA_annuel_PREVISL!B7 -> 59250406 | G11: =+CA_annuel_PREVISL!C7 -> 2.7551584e+08 | I11: =+CA_annuel_PREVISL!D7 -> 1.305075e+09 | K11: =+CA_annuel_PREVISL!E7 -> 6.0903501e+09 | L11: =+CA_annuel_PREVISL!F7 -> 2.8363631e+10
A12: =+CA_annuel_PREVISL!A8 -> Activité secondaire du chiffre d'affaire | E12: =+CA_annuel_PREVISL!B8 -> 31176792 | G12: =+CA_annuel_PREVISL!C8 -> 1.4500834e+08 | I12: =+CA_annuel_PREVISL!D8 -> 7.2504168e+08 | K12: =+CA_annuel_PREVISL!E8 -> 3.3931951e+09 | L12: =+CA_annuel_PREVISL!F8 -> 1.5805909e+10
A13: =+CA_annuel_PREVISL!A9 -> Activité 3 du chiffre d'affaire | E13: =+CA_annuel_PREVISL!B9 -> 15602897 | G13: =+CA_annuel_PREVISL!C9 -> 72504168 | I13: =+CA_annuel_PREVISL!D9 -> 3.4802001e+08 | K13: =+CA_annuel_PREVISL!E9 -> 1.6240934e+09 | L13: =+CA_annuel_PREVISL!F9 -> 7.5694352e+09
A14: TOTAL PRODUITS (I) | E14: =SUM(E11:F13) -> 1.060301e+08 | G14: =SUM(G11:H13) -> 4.9302835e+08 | I14: =SUM(I11:J13) -> 2.3781367e+09 | K14: =+SUM(K11:K13) -> 1.1107639e+10 | L14: =SUM(L11:L13) -> 5.1738975e+10
A15: Charges | E15: =+'Charg-annuel_EXPL-PREVSL'!B27 -> 1.113664e+08 | G15: =+'Charg-annuel_EXPL-PREVSL'!C27 -> 5.1812009e+08 | I15: =+'Charg-annuel_EXPL-PREVSL'!D27 -> 2.4104975e+09 | K15: =+'Charg-annuel_EXPL-PREVSL'!E27 -> 1.1214578e+10 | L15: =+'Charg-annuel_EXPL-PREVSL'!F27 -> 5.2174605e+10
A16: TOTAL CHARGES (II) | E16: =SUM(E15:F15) -> 1.113664e+08 | G16: =SUM(G15:H15) -> 5.1812009e+08 | I16: =SUM(I15:J15) -> 2.4104975e+09 | K16: =+K15 -> 1.1214578e+10 | L16: =+L15 -> 5.2174605e+10
A17: Dotations aux amortissements (III) | E17: =+Amorts_5ans_immobilisations!F21 -> 825000 | G17: =+Amorts_5ans_immobilisations!G21 -> 0 | I17: =+Amorts_5ans_immobilisations!H21 -> 165000 | K17: =+Amorts_5ans_immobilisations!I21 -> 0 | L17: =+Amorts_5ans_immobilisations!J21 -> 33000
A18: Résultats d'exploitation (I-II-III) | E18: =E14-E16-E17 -> -6161306.8 | G18: =G14-G16-G17 -> -25091748 | I18: =I14-I16-I17 -> -32525742 | K18: =+K14-K16-K17 -> -1.0693907e+08 | L18: =+L14-L16-L17 -> -4.3566308e+08
A19: Impôts sur les bénéfices 25% (IV) | E19: =E18*0.25 -> -1540326.7 | G19: =G18*0.25 -> -6272937.1 | I19: =I18*0.25 -> -8131435.5 | K19: =K18*0.25 -> -26734767 | L19: =L18*0.25 -> -1.0891577e+08
A20: Résultats nets d'exploitation (V) | E20: =E18-E19 -> -4620980.1 | G20: =G18-G19 -> -18818811 | I20: =I18-I19 -> -24394306 | K20: =+K18-K19 -> -80204302 | L20: =+L18-L19 -> -3.2674731e+08
A21: Capacité d'autofinancement (III+V) | E21: =E17+E20 -> -3795980.1 | G21: =G17+G20 -> -18818811 | I21: =I17+I20 -> -24229306 | K21: =K17+K20 -> -80204302 | L21: =L17+L20 -> -3.2671431e+08

Sheet VAN-TIR-DRCI-TRC-IP
B1: RENTABILITE ECONOMIQUE DE L'INVESTISSEMENT
B3: Périodes | C3: 0 | D3: 1 | E3: 2 | F3: 3 | G3: 4 | H3: 5
B4: FLUX NETS DE TRESORERIE | C4: =-'Cout total Projet'!J38 -> -4500000 | D4: =+'Plan_de_TRESR-annuel-PREVS'!B21 -> -952973.46 | E4: =+'Plan_de_TRESR-annuel-PREVS'!C21 -> -20308415 | F4: =+'Plan_de_TRESR-annuel-PREVS'!D21 -> -27177409 | G4: =+'Plan_de_TRESR-annuel-PREVS'!E21 -> -1.0135574e+08 | H4: =+'Plan_de_TRESR-annuel-PREVS'!F21 -> -4.2964675e+08
B5: Cumul | D5: =IF(D4="","",D4) -> -952973.46 | E5: =IF(E4="","",D5+E4) -> -21261389 | F5: =IF(F4="","",E5+F4) -> -48438797 | G5: =IF(G4="","",F5+G4) -> -1.4979453e+08 | H5: =IF(H4="","",G5+H4) -> -5.7944128e+08
B7: Taux Interne de Rentabilité (TIR) | C7: => | D7: =IF(H4 ="","",IRR(C4:H4)) -> #NUM!
B9: Valeur Actuelle Nette au taux de : | C9: 0.15 | D9: =IF(H4="","",NPV(C9,D4,E4,F4,G4+H4)+C4) -> -3.4215673e+08
B11: Délai de Récupération du Capital Investi (DRCI) | C11: => | D11: =IF(G4="","",IF(-C4>F5,F3,"")) -> 3 | E11: ans
D12: =IF(D11="","",ROUNDDOWN((G5+C4)/(G5-F5)*12,0)) -> 18 | E12: mois
D13: =IF(D12="","",(((G5+C4)/(G5-F5)*12)-10)*30) -> 248.03047 | E13: jours
B15: Taux de Rendement Comptable (TRC) | C15: => | D15: =IF(H4="","",(SUM(D4:H4)/4)/-C4) -> -32.191182
B17: Indice de Profitabilité (IP) | C17: => | D17: =IF(H4="","",SUM(D4:H4)/-C4) -> -128.76473

Sheet B.F.R
A1: Besoin en fond de roulement récupérable
A4: ANNEES | B4: 0 | C4: =+'C.A.F'!E10 -> 2026 | D4: =+'C.A.F'!G10 -> 2027 | E4: =+'C.A.F'!I10 -> 2028 | F4: =+'C.A.F'!K10 -> 2029 | G4: =+'C.A.F'!L10 -> 2030
A5: CHIFFRE D'AFFAIRE | B5: - | C5: =+'C.A.F'!E14 -> 1.060301e+08 | D5: =+'C.A.F'!G14 -> 4.9302835e+08 | E5: =+'C.A.F'!I14 -> 2.3781367e+09 | F5: =+'C.A.F'!K14 -> 1.1107639e+10 | G5: =+'C.A.F'!L14 -> 5.1738975e+10
A6: VARIATION DU B.F.R | B6: =+C5*0.1 -> 10603010 | C6: =0.1*(D5-C5) -> 38699825 | D6: =0.1*(E5-D5) -> 1.8851084e+08 | E6: =0.1*(F5-E5) -> 8.7295019e+08 | F6: =0.1*(G5-F5) -> 4.0631336e+09
A7: B.F.R recupérable à 100% | G7: =+SUM(B6:F6) -> 5.1738975e+09
A10: Le BFR répresente 36 jours dans l'année,or l'année compte 360 jours
A11: Ainsi ,cela represente 10% du chiffre d'affaire.

Sheet Seuil de rentabilité
A1: SEUIL DE RENTABILITE ECONOMIQUE
E4: =+BASE_INFORMATION!A14 -> 2026 | G4: =+BASE_INFORMATION!B14 -> 2027 | I4: =+BASE_INFORMATION!C14 -> 2028 | K4: =+BASE_INFORMATION!D14 -> 2029 | L4: =+BASE_INFORMATION!E14 -> 2030
A5: CHIFFRE D'AFFAIRES HT | E5: =+'Plan_de_TRESR-annuel-PREVS'!B8 -> 1.060301e+08 | G5: =+'Plan_de_TRESR-annuel-PREVS'!C9 -> 0 | I5: =+'Plan_de_TRESR-annuel-PREVS'!D9 -> 0 | K5: =+'Plan_de_TRESR-annuel-PREVS'!E9 -> 0 | L5: =+'Plan_de_TRESR-annuel-PREVS'!F9 -> 0
A7: CHARGES VARIABLES | E7: 0 | G7: 0 | I7: 0 | K7: 0 | L7: 0
A9: CHARGES FIXES | E9: =+'Charg-annuel_EXPL-PREVSL'!B27 -> 1.113664e+08 | G9: =+'Charg-annuel_EXPL-PREVSL'!C27 -> 5.1812009e+08 | I9: =+'Charg-annuel_EXPL-PREVSL'!D27 -> 2.4104975e+09 | K9: =+'Charg-annuel_EXPL-PREVSL'!E27 -> 1.1214578e+10 | L9: =+'Charg-annuel_EXPL-PREVSL'!F27 -> 5.2174605e+10
A11: TOTAL DES CHARGES | E11: =SUM(E7:F10) -> 1.113664e+08 | G11: =SUM(G7:H10) -> 5.1812009e+08 | I11: =SUM(I7:J10) -> 2.4104975e+09 | K11: =+SUM(K7:K10) -> 1.1214578e+10 | L11: =+SUM(L7:L10) -> 5.2174605e+10
A13: MARGE SUR COÛTS VARIABLES | E13: =E5-E7 -> 1.060301e+08 | G13: =G5-G7 -> 0 | I13: =I5-I7 -> 0 | K13: =+K5-K7 -> 0 | L13: =+L5-L7 -> 0
A15: TAUX DE MARGE SUR COÛTS VARIABLES | E15: =E13/E5 -> 1 | G15: =G13/G5 -> #DIV/0! | I15: =I13/I5 -> #DIV/0! | K15: =+K5/K13 -> #DIV/0! | L15: =+L5/L13 -> #DIV/0!
A17: SEUIL DE RENTABILITE | E17: =E9/E15 -> 1.113664e+08 | G17: =G9/G15 -> #DIV/0! | I17: =I9/I15 -> #DIV/0! | K17: =K9/K15 -> #DIV/0! | L17: =L9/L15 -> #DIV/0!
A19: Excédent/insuffisance | E19: =E5-E17 -> -5336306.8 | G19: =G5-G17 -> #DIV/0! | I19: =I5-I17 -> #DIV/0! | K19: =+K5-K17 -> #DIV/0! | L19: =+L5-L17 -> #DIV/0!
A22: Point mort en CA par jour ouvré | E22: =E17/(E5/360) -> 378.11816 | G22: =G17/(G5/360) -> #DIV/0! | I22: =I17/(I5/360) -> #DIV/0! | K22: =K17/(K5/360) -> #DIV/0! | L22: =L17/(L5/360) -> #DIV/0!
A24: Mois d'atteinte du seuil de rentabilité | E24: =E22/30 -> 12.603939 | G24: =G22/30 -> #DIV/0! | I24: =I22/30 -> #DIV/0! | K24: =K22/30 -> #DIV/0! | L24: =L22/30 -> #DIV/0!
A27: Chiffre d'affaires critique (CAC) par an | E27: =E17 -> 1.113664e+08 | G27: =G17 -> #DIV/0! | I27: =I17 -> #DIV/0! | K27: =+K17 -> #DIV/0! | L27: =+L17 -> #DIV/0!
A29: CAC par mois | E29: =E27/12 -> 9280533.6 | G29: =G27/12 -> #DIV/0! | I29: =I27/12 -> #DIV/0! | K29: =K27/12 -> #DIV/0! | L29: =L27/12 -> #DIV/0!
A31: CAC par semaine | E31: =E29/4 -> 2320133.4 | G31: =G29/4 -> #DIV/0! | I31: =I29/4 -> #DIV/0! | K31: =K29/4 -> #DIV/0! | L31: =L29/4 -> #DIV/0!
A33: CAC par jour | E33: =E31/6 -> 386688.9 | G33: =G31/6 -> #DIV/0! | I33: =I31/6 -> #DIV/0! | K33: =K31/6 -> #DIV/0! | L33: =L31/6 -> #DIV/0!

Sheet ETATS_ANNEXES
A16: ETATS ANNEXES

Sheet PRO_FORMA
A15: 1-PRO FORMA

Sheet GARANTIE_apporté
B14: GARANTIE

Sheet NOS_REFERENCES
A17: 2-NOS REFERENCES

Sheet DOCUMENTS_ADMINISTRATIVES
A16: DOCUMENTS ADMINISTRATIVES

Sheet TABL-AMORT-EMPR_-1_an_
A1: TABLEAU D'AMORTISSEMENT DE L'EMPRUNT
C2: Periode en mois : | D2: 12 | E2: Taux d'intérèt : | F2: =+'TABL-AMORT-EMPR_-3ans_'!F2 -> 0.08
A3: Année | B3: Mois | C3: Emprunt en debut période | D3: Amortissement | E3: Intérèt | F3: Mensualité
A4: TOTAL | C4: =+'TABL-AMORT-EMPR_-3ans_'!C4 -> 10000000 | D4: - | E4: - | F4: -
A5: =+'TABl-Amort-Annuel-Emprt'!A6 -> 2026 | B5: Janvier | C5: =+C4 -> 10000000 | D5: =$C$4/$D$2 -> 833333.33 | E5: =+C5*$F$2/12 -> 66666.667 | F5: =+D5+E5 -> 900000
B6: Fevrier | C6: =C5-D5 -> 9166666.7 | D6: =$C$4/$D$2 -> 833333.33 | E6: =+C6*$F$2/12 -> 61111.111 | F6: =+D6+E6 -> 894444.44
B7: Mars | C7: =C6-D6 -> 8333333.3 | D7: =$C$4/$D$2 -> 833333.33 | E7: =+C7*$F$2/12 -> 55555.556 | F7: =+D7+E7 -> 888888.89
B8: Avril | C8: =C7-D7 -> 7500000 | D8: =$C$4/$D$2 -> 833333.33 | E8: =+C8*$F$2/12 -> 50000 | F8: =+D8+E8 -> 883333.33
B9: Mai | C9: =C8-D8 -> 6666666.7 | D9: =$C$4/$D$2 -> 833333.33 | E9: =+C9*$F$2/12 -> 44444.444 | F9: =+D9+E9 -> 877777.78
B10: Juin | C10: =C9-D9 -> 5833333.3 | D10: =$C$4/$D$2 -> 833333.33 | E10: =+C10*$F$2/12 -> 38888.889 | F10: =+D10+E10 -> 872222.22
B11: Juillet | C11: =C10-D10 -> 5000000 | D11: =$C$4/$D$2 -> 833333.33 | E11: =+C11*$F$2/12 -> 33333.333 | F11: =+D11+E11 -> 866666.67
B12: Aout | C12: =C11-D11 -> 4166666.7 | D12: =$C$4/$D$2 -> 833333.33 | E12: =+C12*$F$2/12 -> 27777.778 | F12: =+D12+E12 -> 861111.11
B13: Septembre | C13: =C12-D12 -> 3333333.3 | D13: =$C$4/$D$2 -> 833333.33 | E13: =+C13*$F$2/12 -> 22222.222 | F13: =+D13+E13 -> 855555.56
B14: Octobre | C14: =C13-D13 -> 2500000 | D14: =$C$4/$D$2 -> 833333.33 | E14: =+C14*$F$2/12 -> 16666.667 | F14: =+D14+E14 -> 850000
B15: Novembre | C15: =C14-D14 -> 1666666.7 | D15: =$C$4/$D$2 -> 833333.33 | E15: =+C15*$F$2/12 -> 11111.111 | F15: =+D15+E15 -> 844444.44
B16: Decembre | C16: =C15-D15 -> 833333.33 | D16: =$C$4/$D$2 -> 833333.33 | E16: =+C16*$F$2/12 -> 5555.5556 | F16: =+D16+E16 -> 838888.89
A17: TOTAL | C17: =+C16 -> 833333.33 | D17: =SUM(D5:D16) -> 10000000 | E17: =SUM(E5:E16) -> 433333.33 | F17: =SUM(F4:F16) -> 10433333
A18: TOTAUX | D18: =+D17 -> 10000000 | E18: =+E17 -> 433333.33 | F18: =+D18+E18 -> 10433333

Sheet TABL-AMORT-EMPR_-3ans_
A1: TABLEAU D'AMORTISSEMENT DE L'EMPRUNT
C2: Periode en mois : | D2: 36 | E2: Taux d'intérèt : | F2: =+'TABL-AMORT-EMPR_-5ans'!F2 -> 0.08
A3: Année | B3: Mois | C3: Emprunt en debut période | D3: Amortissement | E3: Intérèt | F3: Mensualité
A4: TOTAL | C4: =+'TABL-AMORT-EMPR_-5ans'!C4 -> 10000000 | D4: - | E4: - | F4: -
A5: =+'TABl-Amort-Annuel-Emprt'!A6 -> 2026 | B5: Janvier | C5: =+C4 -> 10000000 | D5: =$C$4/$D$2 -> 277777.78 | E5: =+C5*$F$2/12 -> 66666.667 | F5: =+D5+E5 -> 344444.44
B6: Fevrier | C6: =C5-D5 -> 9722222.2 | D6: =$C$4/$D$2 -> 277777.78 | E6: =+C6*$F$2/12 -> 64814.815 | F6: =+D6+E6 -> 342592.59
B7: Mars | C7: =C6-D6 -> 9444444.4 | D7: =$C$4/$D$2 -> 277777.78 | E7: =+C7*$F$2/12 -> 62962.963 | F7: =+D7+E7 -> 340740.74
B8: Avril | C8: =C7-D7 -> 9166666.7 | D8: =$C$4/$D$2 -> 277777.78 | E8: =+C8*$F$2/12 -> 61111.111 | F8: =+D8+E8 -> 338888.89
B9: Mai | C9: =C8-D8 -> 8888888.9 | D9: =$C$4/$D$2 -> 277777.78 | E9: =+C9*$F$2/12 -> 59259.259 | F9: =+D9+E9 -> 337037.04
B10: Juin | C10: =C9-D9 -> 8611111.1 | D10: =$C$4/$D$2 -> 277777.78 | E10: =+C10*$F$2/12 -> 57407.407 | F10: =+D10+E10 -> 335185.19
B11: Juillet | C11: =C10-D10 -> 8333333.3 | D11: =$C$4/$D$2 -> 277777.78 | E11: =+C11*$F$2/12 -> 55555.556 | F11: =+D11+E11 -> 333333.33
B12: Aout | C12: =C11-D11 -> 8055555.6 | D12: =$C$4/$D$2 -> 277777.78 | E12: =+C12*$F$2/12 -> 53703.704 | F12: =+D12+E12 -> 331481.48
B13: Septembre | C13: =C12-D12 -> 7777777.8 | D13: =$C$4/$D$2 -> 277777.78 | E13: =+C13*$F$2/12 -> 51851.852 | F13: =+D13+E13 -> 329629.63
B14: Octobre | C14: =C13-D13 -> 7500000 | D14: =$C$4/$D$2 -> 277777.78 | E14: =+C14*$F$2/12 -> 50000 | F14: =+D14+E14 -> 327777.78
B15: Novembre | C15: =C14-D14 -> 7222222.2 | D15: =$C$4/$D$2 -> 277777.78 | E15: =+C15*$F$2/12 -> 48148.148 | F15: =+D15+E15 -> 325925.93
B16: Decembre | C16: =C15-D15 -> 6944444.4 | D16: =$C$4/$D$2 -> 277777.78 | E16: =+C16*$F$2/12 -> 46296.296 | F16: =+D16+E16 -> 324074.07
A17: TOTAL | C17: =+C16 -> 6944444.4 | D17: =SUM(D5:D16) -> 3333333.3 | E17: =SUM(E5:E16) -> 677777.78 | F17: =SUM(F4:F16) -> 4011111.1
A18: =+'TABl-Amort-Annuel-Emprt'!A7 -> 2027 | B18: Janvier | C18: =C16-D16 -> 6666666.7 | D18: =$C$4/$D$2 -> 277777.78 | E18: =+C18*$F$2/12 -> 44444.444 | F18: =+D18+E18 -> 322222.22
B19: Fevrier | C19: =+C18-D18 -> 6388888.9 | D19: =$C$4/$D$2 -> 277777.78 | E19: =+C19*$F$2/12 -> 42592.593 | F19: =+D19+E19 -> 320370.37
B20: Mars | C20: =+C19-D19 -> 6111111.1 | D20: =$C$4/$D$2 -> 277777.78 | E20: =+C20*$F$2/12 -> 40740.741 | F20: =+D20+E20 -> 318518.52
B21: Avril | C21: =+C20-D20 -> 5833333.3 | D21: =$C$4/$D$2 -> 277777.78 | E21: =+C21*$F$2/12 -> 38888.889 | F21: =+D21+E21 -> 316666.67
B22: Mai | C22: =+C21-D21 -> 5555555.6 | D22: =$C$4/$D$2 -> 277777.78 | E22: =+C22*$F$2/12 -> 37037.037 | F22: =+D22+E22 -> 314814.81
B23: Juin | C23: =+C22-D22 -> 5277777.8 | D23: =$C$4/$D$2 -> 277777.78 | E23: =+C23*$F$2/12 -> 35185.185 | F23: =+D23+E23 -> 312962.96
B24: Juillet | C24: =+C23-D23 -> 5000000 | D24: =$C$4/$D$2 -> 277777.78 | E24: =+C24*$F$2/12 -> 33333.333 | F24: =+D24+E24 -> 311111.11
B25: Aout | C25: =+C24-D24 -> 4722222.2 | D25: =$C$4/$D$2 -> 277777.78 | E25: =+C25*$F$2/12 -> 31481.481 | F25: =+D25+E25 -> 309259.26
B26: Septembre | C26: =+C25-D25 -> 4444444.4 | D26: =$C$4/$D$2 -> 277777.78 | E26: =+C26*$F$2/12 -> 29629.63 | F26: =+D26+E26 -> 307407.41
B27: Octobre | C27: =+C26-D26 -> 4166666.7 | D27: =$C$4/$D$2 -> 277777.78 | E27: =+C27*$F$2/12 -> 27777.778 | F27: =+D27+E27 -> 305555.56
B28: Novembre | C28: =+C27-D27 -> 3888888.9 | D28: =$C$4/$D$2 -> 277777.78 | E28: =+C28*$F$2/12 -> 25925.926 | F28: =+D28+E28 -> 303703.7
B29: Decembre | C29: =+C28-D28 -> 3611111.1 | D29: =$C$4/$D$2 -> 277777.78 | E29: =+C29*$F$2/12 -> 24074.074 | F29: =+D29+E29 -> 301851.85
A30: TOTAL | C30: =+C29 -> 3611111.1 | D30: =SUM(D18:D29) -> 3333333.3 | E30: =SUM(E18:E29) -> 411111.11 | F30: =+D30+E30 -> 3744444.4
A31: =+'TABl-Amort-Annuel-Emprt'!A8 -> 2028 | B31: Janvier | C31: =C29-D29 -> 3333333.3 | D31: =$C$4/$D$2 -> 277777.78 | E31: =+C31*$F$2/12 -> 22222.222 | F31: =+D31+E31 -> 300000
B32: Fevrier | C32: =+C31-D31 -> 3055555.6 | D32: =$C$4/$D$2 -> 277777.78 | E32: =+C32*$F$2/12 -> 20370.37 | F32: =+D32+E32 -> 298148.15
B33: Mars | C33: =+C32-D32 -> 2777777.8 | D33: =$C$4/$D$2 -> 277777.78 | E33: =+C33*$F$2/12 -> 18518.519 | F33: =+D33+E33 -> 296296.3
B34: Avril | C34: =+C33-D33 -> 2500000 | D34: =$C$4/$D$2 -> 277777.78 | E34: =+C34*$F$2/12 -> 16666.667 | F34: =+D34+E34 -> 294444.44
B35: Mai | C35: =+C34-D34 -> 2222222.2 | D35: =$C$4/$D$2 -> 277777.78 | E35: =+C35*$F$2/12 -> 14814.815 | F35: =+D35+E35 -> 292592.59
B36: Juin | C36: =+C35-D35 -> 1944444.4 | D36: =$C$4/$D$2 -> 277777.78 | E36: =+C36*$F$2/12 -> 12962.963 | F36: =+D36+E36 -> 290740.74
B37: Juillet | C37: =+C36-D36 -> 1666666.7 | D37: =$C$4/$D$2 -> 277777.78 | E37: =+C37*$F$2/12 -> 11111.111 | F37: =+D37+E37 -> 288888.89
B38: Aout | C38: =+C37-D37 -> 1388888.9 | D38: =$C$4/$D$2 -> 277777.78 | E38: =+C38*$F$2/12 -> 9259.2593 | F38: =+D38+E38 -> 287037.04
B39: Septembre | C39: =+C38-D38 -> 1111111.1 | D39: =$C$4/$D$2 -> 277777.78 | E39: =+C39*$F$2/12 -> 7407.4074 | F39: =+D39+E39 -> 285185.19
B40: Octobre | C40: =+C39-D39 -> 833333.33 | D40: =$C$4/$D$2 -> 277777.78 | E40: =+C40*$F$2/12 -> 5555.5556 | F40: =+D40+E40 -> 283333.33
B41: Novembre | C41: =+C40-D40 -> 555555.56 | D41: =$C$4/$D$2 -> 277777.78 | E41: =+C41*$F$2/12 -> 3703.7037 | F41: =+D41+E41 -> 281481.48
B42: Decembre | C42: =+C41-D41 -> 277777.78 | D42: =$C$4/$D$2 -> 277777.78 | E42: =+C42*$F$2/12 -> 1851.8519 | F42: =+D42+E42 -> 279629.63
A43: TOTAL | C43: =+C42 -> 277777.78 | D43: =SUM(D31:D42) -> 3333333.3 | E43: =SUM(E31:E42) -> 144444.44 | F43: =+D43+E43 -> 3477777.8
A44: =+'TABl-Amort-Annuel-Emprt'!A9 -> 2029 | B44: Janvier | C44: =C42-D42 -> -5.5879354e-09 | D44: =$C$4/$D$2 -> 277777.78 | E44: =+C44*$F$2/12 -> -3.7252903e-11 | F44: =+D44+E44 -> 277777.78
B45: Fevrier | C45: =+C44-D44 -> -277777.78 | D45: =$C$4/$D$2 -> 277777.78 | E45: =+C45*$F$2/12 -> -1851.8519 | F45: =+D45+E45 -> 275925.93
B46: Mars | C46: =+C45-D45 -> -555555.56 | D46: =$C$4/$D$2 -> 277777.78 | E46: =+C46*$F$2/12 -> -3703.7037 | F46: =+D46+E46 -> 274074.07
B47: Avril | C47: =+C46-D46 -> -833333.33 | D47: =$C$4/$D$2 -> 277777.78 | E47: =+C47*$F$2/12 -> -5555.5556 | F47: =+D47+E47 -> 272222.22
B48: Mai | C48: =+C47-D47 -> -1111111.1 | D48: =$C$4/$D$2 -> 277777.78 | E48: =+C48*$F$2/12 -> -7407.4074 | F48: =+D48+E48 -> 270370.37
B49: Juin | C49: =+C48-D48 -> -1388888.9 | D49: =$C$4/$D$2 -> 277777.78 | E49: =+C49*$F$2/12 -> -9259.2593 | F49: =+D49+E49 -> 268518.52
B50: Juillet | C50: =+C49-D49 -> -1666666.7 | D50: =$C$4/$D$2 -> 277777.78 | E50: =+C50*$F$2/12 -> -11111.111 | F50: =+D50+E50 -> 266666.67
B51: Aout | C51: =+C50-D50 -> -1944444.4 | D51: =$C$4/$D$2 -> 277777.78 | E51: =+C51*$F$2/12 -> -12962.963 | F51: =+D51+E51 -> 264814.81
B52: Septembre | C52: =+C51-D51 -> -2222222.2 | D52: =$C$4/$D$2 -> 277777.78 | E52: =+C52*$F$2/12 -> -14814.815 | F52: =+D52+E52 -> 262962.96
B53: Octobre | C53: =+C52-D52 -> -2500000 | D53: =$C$4/$D$2 -> 277777.78 | E53: =+C53*$F$2/12 -> -16666.667 | F53: =+D53+E53 -> 261111.11
B54: Novembre | C54: =+C53-D53 -> -2777777.8 | D54: =$C$4/$D$2 -> 277777.78 | E54: =+C54*$F$2/12 -> -18518.519 | F54: =+D54+E54 -> 259259.26
B55: Decembre | C55: =+C54-D54 -> -3055555.6 | D55: =$C$4/$D$2 -> 277777.78 | E55: =+C55*$F$2/12 -> -20370.37 | F55: =+D55+E55 -> 257407.41
A56: TOTAL | C56: =+C55 -> -3055555.6 | D56: =SUM(D44:D55) -> 3333333.3 | E56: =SUM(E44:E55) -> -122222.22 | F56: =+D56+E56 -> 3211111.1
A57: =+'TABl-Amort-Annuel-Emprt'!A10 -> 2030 | B57: Janvier | C57: =C55-D55 -> -3333333.3 | D57: =$C$4/$D$2 -> 277777.78 | E57: =+C57*$F$2/12 -> -22222.222 | F57: =+D57+E57 -> 255555.56
B58: Fevrier | C58: =+C57-D57 -> -3611111.1 | D58: =$C$4/$D$2 -> 277777.78 | E58: =+C58*$F$2/12 -> -24074.074 | F58: =+D58+E58 -> 253703.7
B59: Mars | C59: =+C58-D58 -> -3888888.9 | D59: =$C$4/$D$2 -> 277777.78 | E59: =+C59*$F$2/12 -> -25925.926 | F59: =+D59+E59 -> 251851.85
B60: Avril | C60: =+C59-D59 -> -4166666.7 | D60: =$C$4/$D$2 -> 277777.78 | E60: =+C60*$F$2/12 -> -27777.778 | F60: =+D60+E60 -> 250000
B61: Mai | C61: =+C60-D60 -> -4444444.4 | D61: =$C$4/$D$2 -> 277777.78 | E61: =+C61*$F$2/12 -> -29629.63 | F61: =+D61+E61 -> 248148.15
B62: Juin | C62: =+C61-D61 -> -4722222.2 | D62: =$C$4/$D$2 -> 277777.78 | E62: =+C62*$F$2/12 -> -31481.481 | F62: =+D62+E62 -> 246296.3
B63: Juillet | C63: =+C62-D62 -> -5000000 | D63: =$C$4/$D$2 -> 277777.78 | E63: =+C63*$F$2/12 -> -33333.333 | F63: =+D63+E63 -> 244444.44
B64: Aout | C64: =+C63-D63 -> -5277777.8 | D64: =$C$4/$D$2 -> 277777.78 | E64: =+C64*$F$2/12 -> -35185.185 | F64: =+D64+E64 -> 242592.59
B65: Septembre | C65: =+C64-D64 -> -5555555.6 | D65: =$C$4/$D$2 -> 277777.78 | E65: =+C65*$F$2/12 -> -37037.037 | F65: =+D65+E65 -> 240740.74
B66: Octobre | C66: =+C65-D65 -> -5833333.3 | D66: =$C$4/$D$2 -> 277777.78 | E66: =+C66*$F$2/12 -> -38888.889 | F66: =+D66+E66 -> 238888.89
B67: Novembre | C67: =+C66-D66 -> -6111111.1 | D67: =$C$4/$D$2 -> 277777.78 | E67: =+C67*$F$2/12 -> -40740.741 | F67: =+D67+E67 -> 237037.04
B68: Decembre | C68: =+C67-D67 -> -6388888.9 | D68: =$C$4/$D$2 -> 277777.78 | E68: =+C68*$F$2/12 -> -42592.593 | F68: =+D68+E68 -> 235185.19
A69: TOTAL | C69: =+C68 -> -6388888.9 | D69: =SUM(D57:D68) -> 3333333.3 | E69: =SUM(E57:E68) -> -388888.89 | F69: =+D69+E69 -> 2944444.4
A70: TOTAUX | D70: =+D69+D56+D43+D30+D17 -> 16666667 | E70: =+E69+E56+E43+E30+E17 -> 722222.22 | F70: =+D70+E70 -> 17388889
